Workbook
Name \0: [1]稅捐!#REF!
Name \0: [1]稅捐!#REF!
Name \0: [1]稅捐!#REF!
Name \0: [1]稅捐!#REF!
Name \0: [1]稅捐!#REF!
Name \0: [1]稅捐!#REF!
Name \0: [1]稅捐!#REF!
Name \0: [1]稅捐!#REF!
Name \d: #REF!
Name \d: #REF!
Name \d: #REF!
Name \d: #REF!
Name \d: #REF!
Name _R: #REF!
Name _R: #REF!
Name _R: #REF!
Name _R: #REF!
Name _R: #REF!
Name _R: #REF!
Name _R: #REF!
Name _R: #REF!
Name _R: #REF!
Name _R: #REF!
Name _R: #REF!
Name _R: #REF!
Name _R: #REF!
Name _R: #REF!
Name a: #REF!
Name a: #REF!
Name a: #REF!
Name a: #REF!
Name a: #REF!
Name a: #REF!
Name a: #REF!
Name a: #REF!
Name a: #REF!
Name a: #REF!
Name a: #REF!
Name a: #REF!
Name a: #REF!
Name a: #REF!
Name a: #REF!
Name aa: #REF!
Name aa: #REF!
Name aa: #REF!
Name aa: #REF!
Name aa: #REF!
Name aa: #REF!
Name aa: #REF!
Name aa: #REF!
Name aa: #REF!
Name aa: #REF!
Name aa: #REF!
Name aa: #REF!
Name aa: #REF!
Name aa: #REF!
Name aa: #REF!
Name aaaa: #REF!
Name aaaa: #REF!
Name aaaa: #REF!

Sheet 業務計畫
A1: 業務計畫及預算說明

Sheet 工作表1 (2)

Sheet 圖1
A1: 圖1 | B1: 113年度收入、成本與費用及賸餘
D19: 單位：新臺幣千元
A20: 收 入 | B20: 113年度預算 | C20: 成本與費用及賸餘 | D20: 113年度預算
A21: 業務收入 | B21: =SUM(B22:B25) -> 698902259 | C21: 業務成本與費用 | D21: =SUM(D22:D25) -> 699228480
A22: 租金及權利金收入 | B22: ='收支餘絀預計表-總'!D9 -> 274530 | C22: 出租資產成本 | D22: ='收支餘絀預計表-總'!D53 -> 32423
A23: 投融資業務收入 | B23: ='收支餘絀預計表-總'!D12 -> 32289141 | C23: 投融資業務成本 | D23: ='收支餘絀預計表-總'!D56 -> 1013286
A24: 保險收入 | B24: ='收支餘絀預計表-總'!D31 -> 531071560 | C24: 保險成本 | D24: ='收支餘絀預計表-總'!D66 -> 692223625
A25: 其他業務收入 | B25: ='收支餘絀預計表-總'!D43 -> 135267028 | C25: 其他業務成本 | D25: ='收支餘絀預計表-總'!D83 -> 5959146
A26: 業務外收入 | B26: ='收支餘絀預計表-總'!D89 -> 328255 | C26: 業務外費用 | D26: ='收支餘絀預計表-總'!D114 -> 2034
C27: 本期賸餘 | D27: -
A28: 收入總額 | B28: =B21+B26 -> 699230514 | C28: 成本、費用及賸餘總額 | D28: =D21+D26 -> 699230514 | E28: =B28-D28 -> 0
A29: 公式 | B29: =B22/$B$28 -> 0.00039261731 | C29: =+B29*100 -> 0.039261731 | D29: =D22/$D$28 -> 4.6369544e-05 | E29: 0.26 | F29: =+D29*100 -> 0.0046369544
B30: =B23/$B$28 -> 0.046178106 | C30: =+B30*100 -> 4.6178106 | D30: =D23/$D$28 -> 0.0014491444 | E30: 0.26 | F30: =+D30*100 -> 0.14491444
B31: =B24/$B$28 -> 0.75950856 | C31: =+B31*100 -> 75.950856 | D31: =D24/$D$28 -> 0.98997914 | E31: 99.14 | F31: =+D31*100 -> 98.997914
B32: =B25/$B$28 -> 0.19345127 | C32: =+B32*100 -> 19.345127 | D32: =D25/$D$28 -> 0.0085224341 | E32: 0.6 | F32: =+D32*100 -> 0.85224341
B33: =B26/$B$28 -> 0.00046945177 | C33: =+B33*100 -> 0.046945177 | D33: =D26/$D$28 -> 2.908912e-06 | E33: 0 | F33: =+D33*100 -> 0.0002908912
B34: =SUM(B29:B33) -> 1 | C34: =SUM(C29:C33) -> 100 | D34: =SUM(D29:D33) -> 1 | E34: =SUM(E30:E33) -> 100 | F34: =SUM(F29:F33) -> 100
A36: 檢核 | B36: 租金及權利金收入 | C36: 0.04 | D36: 出租資產成本 | F36: 0
B37: 投融資業務收入 | C37: 4.62 | D37: 投融資業務成本 | F37: 0.15
B38: 保險收入 | C38: 75.95 | D38: 保險成本 | F38: 99
B39: 其他業務收入 | C39: 19.35 | D39: 其他業務成本 | F39: 0.85
B40: 業務外收入 | C40: 0.04 | D40: 業務外費用 | F40: 0
C41: =SUM(C36:C40) -> 100 | F41: =SUM(F36:F40) -> 100
C42: 記得要改圖表內數字

Sheet 圖2
A1: 圖2
F13: 單位：新臺幣千元
A14: 年度 項目 | B14: 109年度決算 | C14: 110年度決算 | D14: 111年度決算 | E14: 112年度預算 | F14: 113年度預算 | S14: 檢核 | T14: 年度 項目 | U14: 109 | V14: 110 | W14: 111 | X14: 112 | Y14: 113
A15: 收入 | T15: 收入
A16: 業務收入 | B16: 694431339 | C16: 684752004 | D16: 824288103 | E16: =593356838+1000000-2000 -> 594354838 | F16: =圖1!B21 -> 698902259 | T16: 業務收入 | U16: =+B16*1000 -> 694431339000 | V16: =+C16*1000 -> 684752004000 | W16: =+D16*1000 -> 824288103000 | X16: =+E16*1000 -> 594354838000 | Y16: =+F16*1000 -> 698902259000
A17: 業務外收入 | B17: 332594 | C17: 323124 | D17: 375845 | E17: 290887 | F17: =圖1!B26 -> 328255 | T17: 業務外收入 | U17: =+B17*1000 -> 332594000 | V17: =+C17*1000 -> 323124000 | W17: =+D17*1000 -> 375845000 | X17: =+E17*1000 -> 290887000 | Y17: =+F17*1000 -> 328255000
A18: 收入合計 | B18: =SUM(B16:B17) -> 694763933 | C18: =SUM(C16:C17) -> 685075128 | D18: =SUM(D16:D17) -> 824663948 | E18: =SUM(E16:E17) -> 594645725 | F18: =SUM(F16:F17) -> 699230514 | T18: 收入合計 | U18: =SUM(U16:U17) -> 694763933000 | V18: =SUM(V16:V17) -> 685075128000 | W18: =SUM(W16:W17) -> 824663948000 | X18: =SUM(X16:X17) -> 594645725000 | Y18: =SUM(Y16:Y17) -> 699230514000
A19: 費用 | T19: =A19 -> 費用
A20: 業務成本與費用 | B20: 694763793 | C20: 685074680 | D20: 824663226 | E20: =593647570+1000000-2000 -> 594645570 | F20: =圖1!D21 -> 699228480 | T20: 業務成本與費用 | U20: =+B20*1000 -> 694763793000 | V20: =+C20*1000 -> 685074680000 | W20: =+D20*1000 -> 824663226000 | X20: =+E20*1000 -> 594645570000 | Y20: =+F20*1000 -> 699228480000
A21: 業務外費用 | B21: 140 | C21: 449 | D21: 723 | E21: 155 | F21: =圖1!D26 -> 2034 | T21: 業務外費用 | U21: =+B21*1000 -> 140000 | V21: =+C21*1000 -> 449000 | W21: =+D21*1000 -> 723000 | X21: =+E21*1000 -> 155000 | Y21: =+F21*1000 -> 2034000
A22: 費用合計 | B22: =SUM(B20:B21) -> 694763933 | C22: =SUM(C20:C21)-1 -> 685075128 | D22: =SUM(D20:D21)-1 -> 824663948 | E22: =SUM(E20:E21) -> 594645725 | F22: =SUM(F20:F21) -> 699230514 | T22: =A22 -> 費用合計 | U22: =SUM(U20:U21) -> 694763933000 | V22: =+C22*1000 -> 685075128000 | W22: =SUM(W20:W21) -> 824663949000 | X22: =SUM(X20:X21) -> 594645725000 | Y22: =SUM(Y20:Y21) -> 699230514000
A23: 本期賸餘 | B23: =B18-B22 -> 0 | C23: =C18-C22 -> 0 | D23: =D18-D22 -> 0 | E23: =E18-E22 -> 0 | F23: =F18-F22 -> 0 | T23: 本期賸餘 | U23: =U18-U22 -> 0 | V23: =V18-V22 -> 0 | W23: =W18-W22 -> -1000 | X23: =X18-X22 -> 0 | Y23: =Y18-Y22 -> 0
A24: 註：1.109至111年度決算數為審定決算數；112年度為法定預算數。以下各表同。 2.決算數細數之和與總數或略有出入，係四捨五入關係。

Sheet 收支餘絀預計表-總
A1: 勞 動 部 勞 工 保 險 局
A2: 勞 工 保 險 局 作 業 基 金
A3: 收支餘絀預計表
A4: 中華民國113年度 單位：新臺幣千元
A5: 前年度決算數 | C5: 科 目 | D5: 本年度預算數 | F5: 上年度預算數 | H5: 比較增減(-)
A6: 金 額 | B6: ％ | D6: 金 額 | E6: ％ | F6: 金 額 | G6: ％ | H6: 金 額 | I6: ％
A8: 824288103 | B8: 100 | C8: 業務收入 | D8: =SUM(D9,D12,D31,D43) -> 698902259 | E8: 100 | F8: =SUM(F9,F12,F31,F43) -> 594354838 | G8: 100 | H8: =D8-F8 -> 104547421 | I8: =ROUND(H8/F8*100,2) -> 17.59 | K8: =ROUND(A8/$A$8*100,5) -> 100 | L8: =ROUND(D8/$D$8*100,5) -> 100 | M8: =ROUND(F8/$F$8*100,5) -> 100
A9: 274738 | B9: =ROUND(A9/$A$8*100,2) -> 0.03 | C9: 租金及權利金收入 | D9: =+D10 -> 274530 | E9: =ROUND(D9/$D$8*100,2) -> 0.04 | F9: =+F10 -> 281803 | G9: =ROUND(F9/$F$8*100,2) -> 0.05 | H9: =D9-F9 -> -7273 | I9: =ROUND(H9/F9*100,2) -> -2.58 | K9: =ROUND(A9/$A$8*100,5) -> 0.03333 | L9: =ROUND(D9/$D$8*100,5) -> 0.03928 | M9: =ROUND(F9/$F$8*100,5) -> 0.04741
A10: 274738 | B10: =ROUND(A10/$A$8*100,2) -> 0.03 | C10: 投資性不動產收入 | D10: =D11 -> 274530 | E10: =ROUND(D10/$D$8*100,2) -> 0.04 | F10: =F11 -> 281803 | G10: =ROUND(F10/$F$8*100,2) -> 0.05 | H10: =D10-F10 -> -7273 | I10: =ROUND(H10/F10*100,2) -> -2.58 | K10: =ROUND(A10/$A$8*100,5) -> 0.03333 | L10: =ROUND(D10/$D$8*100,5) -> 0.03928 | M10: =ROUND(F10/$F$8*100,5) -> 0.04741
A11: 274738 | B11: =ROUND(A11/$A$8*100,2) -> 0.03 | C11: 勞工保險 | D11: 274530 | E11: =ROUND(D11/$D$8*100,2) -> 0.04 | F11: 281803 | G11: =ROUND(F11/$F$8*100,2) -> 0.05 | H11: =D11-F11 -> -7273 | I11: =ROUND(H11/F11*100,2) -> -2.58 | K11: =ROUND(A11/$A$8*100,5) -> 0.03333 | L11: =ROUND(D11/$D$8*100,5) -> 0.03928 | M11: =ROUND(F11/$F$8*100,5) -> 0.04741
A12: 236073394 | B12: =ROUND(A12/$A$8*100,2) -> 28.64 | C12: 投融資業務收入 | D12: =D13+D17+D20+D23+D25 -> 32289141 | E12: =ROUND(D12/$D$8*100,2) -> 4.62 | F12: =F13+F17+F20+F23+F25 -> 33656887 | G12: =ROUND(F12/$F$8*100,2) -> 5.66 | H12: =D12-F12 -> -1367746 | I12: =ROUND(H12/F12*100,2) -> -4.06 | K12: =ROUND(A12/$A$8*100,5) -> 28.63967 | L12: =ROUND(D12/$D$8*100,5) -> 4.61998 | M12: =ROUND(F12/$F$8*100,5) -> 5.66276
A13: 156945286 | B13: =ROUND(A13/$A$8*100,2) -> 19.04 | C13: 投資業務收入 | D13: =SUM(D14:D16) -> 29893159 | E13: =ROUND(D13/$D$8*100,2) -> 4.28 | F13: =SUM(F14:F16) -> 32208366 | G13: =ROUND(F13/$F$8*100,2) -> 5.42 | H13: =D13-F13 -> -2315207 | I13: =ROUND(H13/F13*100,2) -> -7.19 | K13: =ROUND(A13/$A$8*100,5) -> 19.0401 | L13: =ROUND(D13/$D$8*100,5) -> 4.27716 | M13: =ROUND(F13/$F$8*100,5) -> 5.41905
A14: 154822344 | B14: =ROUND(A14/$A$8*100,2) -> 18.78 | C14: 勞工保險 | D14: =26118743+1764559 -> 27883302 | E14: =ROUND(D14/$D$8*100,2) -> 3.99 | F14: =29730742+1000000 -> 30730742 | G14: =ROUND(F14/$F$8*100,2) -> 5.17 | H14: =D14-F14 -> -2847440 | I14: =ROUND(H14/F14*100,2) -> -9.27 | K14: =ROUND(A14/$A$8*100,5) -> 18.78255 | L14: =ROUND(D14/$D$8*100,5) -> 3.98959 | M14: =ROUND(F14/$F$8*100,5) -> 5.17044
A15: 2039280 | B15: =ROUND(A15/$A$8*100,2) -> 0.25 | C15: 就業保險 | D15: =1885175-2427 -> 1882748 | E15: =ROUND(D15/$D$8*100,2) -> 0.27 | F15: 1373700 | G15: =ROUND(F15/$F$8*100,2) -> 0.23 | H15: =D15-F15 -> 509048 | I15: =ROUND(H15/F15*100,2) -> 37.06 | K15: =ROUND(A15/$A$8*100,5) -> 0.2474 | L15: =ROUND(D15/$D$8*100,5) -> 0.26939 | M15: =ROUND(F15/$F$8*100,5) -> 0.23112
A16: 83662 | B16: =ROUND(A16/$A$8*100,2) -> 0.01 | C16: 勞職保及保護 | D16: 127109 | E16: =ROUND(D16/$D$8*100,2) -> 0.02 | F16: 103924 | G16: =ROUND(F16/$F$8*100,2) -> 0.02 | H16: =D16-F16 -> 23185 | I16: =ROUND(H16/F16*100,2) -> 22.31 | K16: =ROUND(A16/$A$8*100,5) -> 0.01015 | L16: =ROUND(D16/$D$8*100,5) -> 0.01819 | M16: =ROUND(F16/$F$8*100,5) -> 0.01749
A17: 554942 | B17: =ROUND(A17/$A$8*100,2) -> 0.07 | C17: 融資業務收入 | D17: =D18 -> 622948 | E17: =ROUND(D17/$D$8*100,2) -> 0.09 | F17: =F18 -> 536665 | G17: =ROUND(F17/$F$8*100,2) -> 0.09 | H17: =D17-F17 -> 86283 | I17: =ROUND(H17/F17*100,2) -> 16.08 | K17: =ROUND(A17/$A$8*100,5) -> 0.06732 | L17: =ROUND(D17/$D$8*100,5) -> 0.08913 | M17: =ROUND(F17/$F$8*100,5) -> 0.09029
A18: 550586 | B18: =ROUND(A18/$A$8*100,2) -> 0.07 | C18: 勞工保險 | D18: =618695+4253 -> 622948 | E18: =ROUND(D18/$D$8*100,2) -> 0.09 | F18: =512400+23864+401 -> 536665 | G18: =ROUND(F18/$F$8*100,2) -> 0.09 | H18: =D18-F18 -> 86283 | I18: =ROUND(H18/F18*100,2) -> 16.08 | K18: =ROUND(A18/$A$8*100,5) -> 0.0668 | L18: =ROUND(D18/$D$8*100,5) -> 0.08913 | M18: =ROUND(F18/$F$8*100,5) -> 0.09029
A19: 4355 | B19: =ROUND(A19/$A$8*100,2) -> 0 | C19: 就業保險 | D19: 0 | E19: =ROUND(D19/$D$8*100,2) -> 0 | F19: 0 | G19: =ROUND(F19/$F$8*100,2) -> 0 | H19: 0 | I19: 0 | K19: =ROUND(A19/$A$8*100,5) -> 0.00053
A20: 76966191 | B20: =ROUND(A20/$A$8*100,2) -> 9.34 | C20: 兌換賸餘 | D20: =SUM(D21:D22) -> 0 | E20: =ROUND(D20/$D$8*100,2) -> 0 | F20: =SUM(F21:F22) -> 0 | G20: =ROUND(F20/$F$8*100,2) -> 0 | H20: =H21 -> 0 | I20: 0 | K20: =ROUND(A20/$A$8*100,5) -> 9.33729 | L20: =ROUND(D20/$D$8*100,5) -> 0 | M20: =ROUND(F20/$F$8*100,5) -> 0
A21: 72353932 | B21: =ROUND(A21/$A$8*100,2) -> 8.78 | C21: 勞工保險 | D21: =2911000-2911000 -> 0 | E21: =ROUND(D21/$D$8*100,2) -> 0 | F21: 0 | G21: =ROUND(F21/$F$8*100,2) -> 0 | H21: 0 | I21: 0 | K21: =ROUND(A21/$A$8*100,5) -> 8.77775 | L21: =ROUND(D21/$D$8*100,5) -> 0 | M21: =ROUND(F21/$F$8*100,5) -> 0
A22: 4612259 | B22: =ROUND(A22/$A$8*100,2) -> 0.56 | C22: 就業保險 | D22: =227000-227000 -> 0 | E22: =ROUND(D22/$D$8*100,2) -> 0 | F22: 0 | G22: =ROUND(F22/$F$8*100,2) -> 0 | H22: 0 | I22: 0 | K22: =ROUND(A22/$A$8*100,5) -> 0.55954 | L22: =ROUND(D22/$D$8*100,5) -> 0 | M22: =ROUND(F22/$F$8*100,5) -> 0
A23: 277284 | B23: =ROUND(A23/$A$8*100,2) -> 0.03 | C23: 手續費收入 | D23: =D24 -> 0 | E23: =ROUND(D23/$D$8*100,2) -> 0 | F23: =F24 -> 0 | G23: =ROUND(F23/$F$8*100,2) -> 0 | H23: =D23-F23 -> 0 | I23: 0 | K23: =ROUND(A23/$A$8*100,5) -> 0.03364 | L23: =ROUND(D23/$D$8*100,5) -> 0 | M23: =ROUND(F23/$F$8*100,5) -> 0
A24: 277284 | B24: =ROUND(A24/$A$8*100,2) -> 0.03 | C24: 勞工保險 | D24: 0 | E24: =ROUND(D24/$D$8*100,2) -> 0 | F24: 0 | G24: =ROUND(F24/$F$8*100,2) -> 0 | H24: =D24-F24 -> 0 | I24: 0 | K24: =ROUND(A24/$A$8*100,5) -> 0.03364 | L24: =ROUND(D24/$D$8*100,5) -> 0 | M24: =ROUND(F24/$F$8*100,5) -> 0
A25: 1329691 | B25: =ROUND(A25/$A$8*100,2) -> 0.16 | C25: 存款利息收入 | D25: =SUM(D26:D30) -> 1773034 | E25: =ROUND(D25/$D$8*100,2) -> 0.25 | F25: =SUM(F26:F30) -> 911856 | G25: =ROUND(F25/$F$8*100,2) -> 0.15 | H25: =D25-F25 -> 861178 | I25: =ROUND(H25/F25*100,2) -> 94.44 | K25: =ROUND(A25/$A$8*100,5) -> 0.16131 | L25: =ROUND(D25/$D$8*100,5) -> 0.25369 | M25: =ROUND(F25/$F$8*100,5) -> 0.15342
A26: 751188 | B26: =ROUND(A26/$A$8*100,2) -> 0.09 | C26: 勞工保險 | D26: =919847+81571 -> 1001418 | E26: =ROUND(D26/$D$8*100,2) -> 0.14 | F26: 576503 | G26: =ROUND(F26/$F$8*100,2) -> 0.1 | H26: =D26-F26 -> 424915 | I26: =ROUND(H26/F26*100,2) -> 73.71 | K26: =ROUND(A26/$A$8*100,5) -> 0.09113 | L26: =ROUND(D26/$D$8*100,5) -> 0.14328 | M26: =ROUND(F26/$F$8*100,5) -> 0.097
A27: 362641 | B27: =ROUND(A27/$A$8*100,2) -> 0.04 | C27: 就業保險 | D27: =483522-639 -> 482883 | E27: =ROUND(D27/$D$8*100,2) -> 0.07 | F27: 190342 | G27: =ROUND(F27/$F$8*100,2) -> 0.03 | H27: =D27-F27 -> 292541 | I27: =ROUND(H27/F27*100,2) -> 153.69 | K27: =ROUND(A27/$A$8*100,5) -> 0.04399 | L27: =ROUND(D27/$D$8*100,5) -> 0.06909 | M27: =ROUND(F27/$F$8*100,5) -> 0.03202
A28: 901 | B28: =ROUND(A28/$A$8*100,2) -> 0 | C28: 農保 | D28: 1380 | E28: =ROUND(D28/$D$8*100,2) -> 0 | F28: 92 | G28: =ROUND(F28/$F$8*100,2) -> 0 | H28: =D28-F28 -> 1288 | I28: =ROUND(H28/F28*100,2) -> 1400 | K28: =ROUND(A28/$A$8*100,5) -> 0.00011 | L28: =ROUND(D28/$D$8*100,5) -> 0.0002 | M28: =ROUND(F28/$F$8*100,5) -> 2e-05
A29: 450 | B29: =ROUND(A29/$A$8*100,2) -> 0 | C29: 農職保 | D29: 1380 | E29: =ROUND(D29/$D$8*100,2) -> 0 | F29: 92 | G29: =ROUND(F29/$F$8*100,2) -> 0 | H29: =D29-F29 -> 1288 | I29: =ROUND(H29/F29*100,2) -> 1400 | K29: =ROUND(A29/$A$8*100,5) -> 5e-05 | L29: =ROUND(D29/$D$8*100,5) -> 0.0002 | M29: =ROUND(F29/$F$8*100,5) -> 2e-05
A30: 214510 | B30: =ROUND(A30/$A$8*100,2) -> 0.03 | C30: 勞職保及保護 | D30: 285973 | E30: =ROUND(D30/$D$8*100,2) -> 0.04 | F30: 144827 | G30: =ROUND(F30/$F$8*100,2) -> 0.02 | H30: =D30-F30 -> 141146 | I30: =ROUND(H30/F30*100,2) -> 97.46 | K30: =ROUND(A30/$A$8*100,5) -> 0.02602 | L30: =ROUND(D30/$D$8*100,5) -> 0.04092 | M30: =ROUND(F30/$F$8*100,5) -> 0.02437
A31: 553862377 | B31: =ROUND(A31/$A$8*100,2) -> 67.19 | C31: 保險收入 | D31: =D32+D38 -> 531071560 | E31: =ROUND(D31/$D$8*100,2) -> 75.99 | F31: =F32+F38 -> 511560393 | G31: =ROUND(F31/$F$8*100,2) -> 86.07 | H31: =D31-F31 -> 19511167 | I31: =ROUND(H31/F31*100,2) -> 3.81 | K31: =ROUND(A31/$A$8*100,5) -> 67.19281 | L31: =ROUND(D31/$D$8*100,5) -> 75.98653 | M31: =ROUND(F31/$F$8*100,5) -> 86.06986
A32: 486200684 | B32: =ROUND(A32/$A$8*100,2) -> 58.98 | C32: 保費收入 | D32: =SUM(D33:D37) -> 530997778 | E32: =ROUND(D32/$D$8*100,2) -> 75.98 | F32: =SUM(F33:F37) -> 511462929 | G32: =ROUND(F32/$F$8*100,2) -> 86.05 | H32: =D32-F32 -> 19534849 | I32: =ROUND(H32/F32*100,2) -> 3.82 | K32: =ROUND(A32/$A$8*100,5) -> 58.98431 | L32: =ROUND(D32/$D$8*100,5) -> 75.97597 | M32: =ROUND(F32/$F$8*100,5) -> 86.05346
A33: 443257143 | B33: =ROUND(A33/$A$8*100,2) -> 53.77 | C33: 勞工保險 | D33: 482778342 | E33: =ROUND(D33/$D$8*100,2) -> 69.08 | F33: 466762743 | G33: =ROUND(F33/$F$8*100,2) -> 78.53 | H33: =D33-F33 -> 16015599 | I33: =ROUND(H33/F33*100,2) -> 3.43 | K33: =ROUND(A33/$A$8*100,5) -> 53.77454 | L33: =ROUND(D33/$D$8*100,5) -> 69.07666 | M33: =ROUND(F33/$F$8*100,5) -> 78.53267
A34: 30834136 | B34: =ROUND(A34/$A$8*100,2) -> 3.74 | C34: 就業保險 | D34: 32081213 | E34: =ROUND(D34/$D$8*100,2) -> 4.59 | F34: 30950020 | G34: =ROUND(F34/$F$8*100,2) -> 5.21 | H34: =D34-F34 -> 1131193 | I34: =ROUND(H34/F34*100,2) -> 3.65 | K34: =ROUND(A34/$A$8*100,5) -> 3.7407 | L34: =ROUND(D34/$D$8*100,5) -> 4.59023 | M34: =ROUND(F34/$F$8*100,5) -> 5.20733
A35: 3060059 | B35: =ROUND(A35/$A$8*100,2) -> 0.37 | C35: 農保 | D35: 5780525 | E35: =ROUND(D35/$D$8*100,2) -> 0.83 | F35: 3068797 | G35: =ROUND(F35/$F$8*100,2) -> 0.52 | H35: =D35-F35 -> 2711728 | I35: =ROUND(H35/F35*100,2) -> 88.36 | K35: =ROUND(A35/$A$8*100,5) -> 0.37124 | L35: =ROUND(D35/$D$8*100,5) -> 0.82709 | M35: =ROUND(F35/$F$8*100,5) -> 0.51632
A36: 96298 | B36: =ROUND(A36/$A$8*100,2) -> 0.01 | C36: 農職保 | D36: 163332 | E36: =ROUND(D36/$D$8*100,2) -> 0.02 | F36: 114770 | G36: =ROUND(F36/$F$8*100,2) -> 0.02 | H36: =D36-F36 -> 48562 | I36: =ROUND(H36/F36*100,2) -> 42.31 | K36: =ROUND(A36/$A$8*100,5) -> 0.01168 | L36: =ROUND(D36/$D$8*100,5) -> 0.02337 | M36: =ROUND(F36/$F$8*100,5) -> 0.01931
A37: 8953048 | B37: =ROUND(A37/$A$8*100,2) -> 1.09 | C37: 勞職保及保護 | D37: 10194366 | E37: =ROUND(D37/$D$8*100,2) -> 1.46 | F37: 10566599 | G37: =ROUND(F37/$F$8*100,2) -> 1.78 | H37: =D37-F37 -> -372233 | I37: =ROUND(H37/F37*100,2) -> -3.52 | L37: =ROUND(D37/$D$8*100,5) -> 1.45863
A38: 67661694 | B38: =ROUND(A38/$A$8*100,2) -> 8.21 | C38: 收回責任準備 | D38: =SUM(D39:D42) -> 73782 | E38: =ROUND(D38/$D$8*100,2) -> 0.01 | F38: =SUM(F39:F42) -> 97464 | G38: =ROUND(F38/$F$8*100,2) -> 0.02 | H38: =D38-F38 -> -23682 | I38: =ROUND(H38/F38*100,2) -> -24.3 | K38: =ROUND(A38/$A$8*100,5) -> 8.2085 | L38: =ROUND(D38/$D$8*100,5) -> 0.01056 | M38: =ROUND(F38/$F$8*100,5) -> 0.0164
A39: 67562662 | B39: =ROUND(A39/$A$8*100,2) -> 8.2 | C39: 勞工保險 | D39: =23860987-23860987 -> 0 | E39: =ROUND(D39/$D$8*100,2) -> 0 | F39: 0 | G39: =ROUND(F39/$F$8*100,2) -> 0 | H39: =D39-F39 -> 0 | I39: - | K39: =ROUND(A39/$A$8*100,5) -> 8.19649 | L39: =ROUND(D39/$D$8*100,5) -> 0 | M39: =ROUND(F39/$F$8*100,5) -> 0
A40: 0 | B40: =ROUND(A40/$A$8*100,2) -> 0 | C40: 就業保險 | D40: 0 | E40: =ROUND(D40/$D$8*100,2) -> 0 | F40: 0 | G40: =ROUND(F40/$F$8*100,2) -> 0 | H40: 0 | I40: =ROUND(H40/F40*100,2) -> #DIV/0! | K40: =ROUND(A40/$A$8*100,5) -> 0 | L40: =ROUND(D40/$D$8*100,5) -> 0 | M40: =ROUND(F40/$F$8*100,5) -> 0
A41: 0 | B41: =ROUND(A41/$A$8*100,2) -> 0 | C41: 農職保 | D41: 73782 | E41: =ROUND(D41/$D$8*100,2) -> 0.01 | F41: 57612 | G41: =ROUND(F41/$F$8*100,2) -> 0.01 | H41: =D41-F41 -> 16170 | I41: =ROUND(H41/F41*100,2) -> 28.07
A42: 99032 | B42: =ROUND(A42/$A$8*100,2) -> 0.01 | C42: 勞職保及保護 | D42: 0 | E42: =ROUND(D42/$D$8*100,2) -> 0 | F42: =41852-2000 -> 39852 | G42: =ROUND(F42/$F$8*100,2) -> 0.01 | H42: =D42-F42 -> -39852 | I42: =ROUND(H42/F42*100,2) -> -100 | L42: =ROUND(D42/$D$8*100,5) -> 0
A43: 34077594 | B43: =ROUND(A43/$A$8*100,2) -> 4.13 | C43: 其他業務收入 | D43: =D44+D49 -> 135267028 | E43: =ROUND(D43/$D$8*100,2) -> 19.35 | F43: =F44+F49 -> 48855755 | G43: =ROUND(F43/$F$8*100,2) -> 8.22 | H43: =D43-F43 -> 86411273 | I43: =ROUND(H43/F43*100,2) -> 176.87 | K43: =ROUND(A43/$A$8*100,5) -> 4.13418 | L43: =ROUND(D43/$D$8*100,5) -> 19.35421 | M43: =ROUND(F43/$F$8*100,5) -> 8.21996
A44: 33994438 | B44: =ROUND(A44/$A$8*100,2) -> 4.12 | C44: 其他補助收入 | D44: =SUM(D45:D48) -> 135209157 | E44: =ROUND(D44/$D$8*100,2) -> 19.35 | F44: =SUM(F45:F48) -> 48712087 | G44: =ROUND(F44/$F$8*100,2) -> 8.2 | H44: =D44-F44 -> 86497070 | I44: =ROUND(H44/F44*100,2) -> 177.57 | K44: =ROUND(A44/$A$8*100,5) -> 4.1241 | L44: =ROUND(D44/$D$8*100,5) -> 19.34593 | M44: =ROUND(F44/$F$8*100,5) -> 8.19579
A45: 30000000 | B45: =ROUND(A45/$A$8*100,2) -> 3.64 | C45: 勞工保險 | D45: =10000000+100000000+20000000 -> 130000000 | E45: =ROUND(D45/$D$8*100,2) -> 18.6 | F45: 45000000 | G45: =ROUND(F45/$F$8*100,2) -> 7.57 | H45: =D45-F45 -> 85000000 | I45: =ROUND(H45/F45*100,2) -> 188.89 | K45: =ROUND(A45/$A$8*100,5) -> 3.6395 | L45: =ROUND(D45/$D$8*100,5) -> 18.6006 | M45: =ROUND(F45/$F$8*100,5) -> 7.57123
A46: 3963438 | B46: =ROUND(A46/$A$8*100,2) -> 0.48 | C46: 農保 | D46: =5204904+4253 -> 5209157 | E46: =ROUND(D46/$D$8*100,2) -> 0.75 | F46: 3712087 | G46: =ROUND(F46/$F$8*100,2) -> 0.62 | H46: =D46-F46 -> 1497070 | I46: =ROUND(H46/F46*100,2) -> 40.33 | K46: =ROUND(A46/$A$8*100,5) -> 0.48083 | L46: =ROUND(D46/$D$8*100,5) -> 0.74533 | M46: =ROUND(F46/$F$8*100,5) -> 0.62456
A47: 0 | B47: =ROUND(A47/$A$8*100,2) -> 0 | C47: 農職保 | D47: 0 | E47: =ROUND(D47/$D$8*100,2) -> 0 | F47: 0 | G47: =ROUND(F47/$F$8*100,2) -> 0 | H47: =D47-F47 -> 0 | I47: =ROUND(H47/F47*100,2) -> #DIV/0! | K47: =ROUND(A47/$A$8*100,5) -> 0 | L47: =ROUND(D47/$D$8*100,5) -> 0 | M47: =ROUND(F47/$F$8*100,5) -> 0
A48: 31000 | B48: =ROUND(A48/$A$8*100,2) -> 0 | C48: 勞職保及保護 | D48: 0 | E48: =ROUND(D48/$D$8*100,2) -> 0 | F48: 0 | G48: =ROUND(F48/$F$8*100,2) -> 0 | H48: =D48-F48 -> 0 | I48: - | K48: =ROUND(A48/$A$8*100,5) -> 0.00376 | L48: =ROUND(D48/$D$8*100,5) -> 0 | M48: =ROUND(F48/$F$8*100,5) -> 0
A49: 83157 | B49: =ROUND(A49/$A$8*100,2) -> 0.01 | C49: 雜項業務收入 | D49: =SUM(D50:D51) -> 57871 | E49: =ROUND(D49/$D$8*100,2) -> 0.01 | F49: =SUM(F50:F51) -> 143668 | G49: =ROUND(F49/$F$8*100,2) -> 0.02 | H49: =D49-F49 -> -85797 | I49: =ROUND(H49/F49*100,2) -> -59.72 | K49: =ROUND(A49/$A$8*100,5) -> 0.01009 | L49: =ROUND(D49/$D$8*100,5) -> 0.00828 | M49: =ROUND(F49/$F$8*100,5) -> 0.02417
A50: 69329 | B50: =ROUND(A50/$A$8*100,2) -> 0.01 | C50: 勞工保險 | D50: 0 | E50: =ROUND(D50/$D$8*100,2) -> 0 | F50: 0 | G50: =ROUND(F50/$F$8*100,2) -> 0 | H50: =D50-F50 -> 0 | I50: - | K50: =ROUND(A50/$A$8*100,5) -> 0.00841 | L50: =ROUND(D50/$D$8*100,5) -> 0 | M50: =ROUND(F50/$F$8*100,5) -> 0
A51: 13828 | B51: =ROUND(A51/$A$8*100,2) -> 0 | C51: 勞職保及保護 | D51: 57871 | E51: =ROUND(D51/$D$8*100,2) -> 0.01 | F51: 143668 | G51: =ROUND(F51/$F$8*100,2) -> 0.02 | H51: =D51-F51 -> -85797 | I51: =ROUND(H51/F51*100,2) -> -59.72 | K51: =ROUND(A51/$A$8*100,5) -> 0.00168 | L51: =ROUND(D51/$D$8*100,5) -> 0.00828 | M51: =ROUND(F51/$F$8*100,5) -> 0.02417
A52: 824663226 | B52: =ROUND(A52/$A$8*100,2) -> 100.05 | C52: 業務成本與費用 | D52: =D53+D56+D66+D83 -> 699228480 | E52: =ROUND(D52/$D$8*100,2) -> 100.05 | F52: =F53+F56+F66+F83 -> 594645570 | G52: =ROUND(F52/$F$8*100,2) -> 100.05 | H52: =D52-F52 -> 104582910 | I52: =ROUND(H52/F52*100,2) -> 17.59 | K52: =ROUND(A52/$A$8*100,5) -> 100.04551 | L52: =ROUND(D52/$D$8*100,5) -> 100.04668 | M52: =ROUND(F52/$F$8*100,5) -> 100.04892
A53: 28956 | B53: =ROUND(A53/$A$8*100,2) -> 0 | C53: 出租資產成本 | D53: =+D54 -> 32423 | E53: =ROUND(D53/$D$8*100,2) -> 0 | F53: =+F54 -> 31573 | G53: =ROUND(F53/$F$8*100,2) -> 0.01 | H53: =D53-F53 -> 850 | I53: =ROUND(H53/F53*100,2) -> 2.69 | K53: =ROUND(A53/$A$8*100,5) -> 0.00351 | L53: =ROUND(D53/$D$8*100,5) -> 0.00464 | M53: =ROUND(F53/$F$8*100,5) -> 0.00531
A54: 28956 | B54: =ROUND(A54/$A$8*100,2) -> 0 | C54: 投資性不動產成本 | D54: =D55 -> 32423 | E54: =ROUND(D54/$D$8*100,2) -> 0 | F54: =F55 -> 31573 | G54: =ROUND(F54/$F$8*100,2) -> 0.01 | H54: =D54-F54 -> 850 | I54: =ROUND(H54/F54*100,2) -> 2.69 | K54: =ROUND(A54/$A$8*100,5) -> 0.00351 | L54: =ROUND(D54/$D$8*100,5) -> 0.00464 | M54: =ROUND(F54/$F$8*100,5) -> 0.00531
A55: 28956 | B55: =ROUND(A55/$A$8*100,2) -> 0 | C55: 勞工保險 | D55: 32423 | E55: =ROUND(D55/$D$8*100,2) -> 0 | F55: 31573 | G55: =ROUND(F55/$F$8*100,2) -> 0.01 | H55: =D55-F55 -> 850 | I55: =ROUND(H55/F55*100,2) -> 2.69 | K55: =ROUND(A55/$A$8*100,5) -> 0.00351 | L55: =ROUND(D55/$D$8*100,5) -> 0.00464 | M55: =ROUND(F55/$F$8*100,5) -> 0.00531
A56: 290105884 | B56: =ROUND(A56/$A$8*100,2) -> 35.19 | C56: 投融資業務成本 | D56: =D57+D61+D63 -> 1013286 | E56: =ROUND(D56/$D$8*100,2) -> 0.14 | F56: =F57+F61+F63 -> 1003763 | G56: =ROUND(F56/$F$8*100,2) -> 0.17 | H56: =D56-F56 -> 9523 | I56: =ROUND(H56/F56*100,2) -> 0.95 | K56: =ROUND(A56/$A$8*100,5) -> 35.19472 | L56: =ROUND(D56/$D$8*100,5) -> 0.14498 | M56: =ROUND(F56/$F$8*100,5) -> 0.16888
A57: 250069139 | B57: =ROUND(A57/$A$8*100,2) -> 30.34 | C57: 投資業務成本 | D57: =SUM(D58:D60) -> 945286 | E57: =ROUND(D57/$D$8*100,2) -> 0.14 | F57: =SUM(F58:F60) -> 935763 | G57: =ROUND(F57/$F$8*100,2) -> 0.16 | H57: =D57-F57 -> 9523 | I57: =ROUND(H57/F57*100,2) -> 1.02 | K57: =ROUND(A57/$A$8*100,5) -> 30.33759 | L57: =ROUND(D57/$D$8*100,5) -> 0.13525 | M57: =ROUND(F57/$F$8*100,5) -> 0.15744
A58: 250023188 | B58: =ROUND(A58/$A$8*100,2) -> 30.33 | C58: 勞工保險 | D58: =887197+57499 -> 944696 | E58: =ROUND(D58/$D$8*100,2) -> 0.14 | F58: 935200 | G58: =ROUND(F58/$F$8*100,2) -> 0.16 | H58: =D58-F58 -> 9496 | I58: =ROUND(H58/F58*100,2) -> 1.02 | K58: =ROUND(A58/$A$8*100,5) -> 30.33201 | L58: =ROUND(D58/$D$8*100,5) -> 0.13517 | M58: =ROUND(F58/$F$8*100,5) -> 0.15735
A59: 45893 | B59: =ROUND(A59/$A$8*100,2) -> 0.01 | C59: 就業保險 | D59: 581 | E59: =ROUND(D59/$D$8*100,2) -> 0 | F59: 556 | G59: =ROUND(F59/$F$8*100,2) -> 0 | H59: =D59-F59 -> 25 | I59: =ROUND(H59/F59*100,2) -> 4.5 | K59: =ROUND(A59/$A$8*100,5) -> 0.00557 | L59: =ROUND(D59/$D$8*100,5) -> 8e-05 | M59: =ROUND(F59/$F$8*100,5) -> 9e-05
A60: 58 | B60: =ROUND(A60/$A$8*100,2) -> 0 | C60: 勞職保及保護 | D60: 9 | E60: =ROUND(D60/$D$8*100,2) -> 0 | F60: 7 | G60: =ROUND(F60/$F$8*100,2) -> 0 | H60: =D60-F60 -> 2 | I60: =ROUND(H60/F60*100,2) -> 28.57 | L60: =ROUND(D60/$D$8*100,5) -> 0
A61: 64594 | B61: =ROUND(A61/$A$8*100,2) -> 0.01 | C61: 融資業務成本 | D61: =D62 -> 68000 | E61: =ROUND(D61/$D$8*100,2) -> 0.01 | F61: =F62 -> 68000 | G61: =ROUND(F61/$F$8*100,2) -> 0.01 | H61: =D61-F61 -> 0 | I61: =ROUND(H61/F61*100,2) -> 0 | K61: =ROUND(A61/$A$8*100,5) -> 0.00784 | L61: =ROUND(D61/$D$8*100,5) -> 0.00973 | M61: =ROUND(F61/$F$8*100,5) -> 0.01144
A62: 64594 | B62: =ROUND(A62/$A$8*100,2) -> 0.01 | C62: 勞工保險 | D62: 68000 | E62: =ROUND(D62/$D$8*100,2) -> 0.01 | F62: 68000 | G62: =ROUND(F62/$F$8*100,2) -> 0.01 | H62: =D62-F62 -> 0 | I62: =ROUND(H62/F62*100,2) -> 0 | K62: =ROUND(A62/$A$8*100,5) -> 0.00784 | L62: =ROUND(D62/$D$8*100,5) -> 0.00973 | M62: =ROUND(F62/$F$8*100,5) -> 0.01144
A63: 39972151 | B63: =ROUND(A63/$A$8*100,2) -> 4.85 | C63: 兌換短絀 | D63: =D64+D65 -> 0 | E63: =ROUND(D63/$D$8*100,2) -> 0 | F63: =F64+F65 -> 0 | G63: =ROUND(F63/$F$8*100,2) -> 0 | H63: =H64 -> 0 | I63: 0 | K63: =ROUND(A63/$A$8*100,5) -> 4.84929 | L63: =ROUND(D63/$D$8*100,5) -> 0 | M63: =ROUND(F63/$F$8*100,5) -> 0
A64: 37973414 | B64: =ROUND(A64/$A$8*100,2) -> 4.61 | C64: 勞工保險 | D64: =2911000-2911000 -> 0 | E64: =ROUND(D64/$D$8*100,2) -> 0 | F64: 0 | G64: =ROUND(F64/$F$8*100,2) -> 0 | H64: 0 | I64: 0 | K64: =ROUND(A64/$A$8*100,5) -> 4.60681 | L64: =ROUND(D64/$D$8*100,5) -> 0 | M64: =ROUND(F64/$F$8*100,5) -> 0
A65: 1998737 | B65: =ROUND(A65/$A$8*100,2) -> 0.24 | C65: 就業保險 | D65: =227000-227000 -> 0 | E65: =ROUND(D65/$D$8*100,2) -> 0 | F65: 0 | G65: =ROUND(F65/$F$8*100,2) -> 0 | H65: 0 | I65: 0 | K65: =ROUND(A65/$A$8*100,5) -> 0.24248 | L65: =ROUND(D65/$D$8*100,5) -> 0 | M65: =ROUND(F65/$F$8*100,5) -> 0
A66: 530555494 | B66: =ROUND(A66/$A$8*100,2) -> 64.37 | C66: 保險成本 | D66: =D67+D73+D78 -> 692223625 | E66: =ROUND(D66/$D$8*100,2) -> 99.04 | F66: =F67+F73+F78 -> 588382016 | G66: =ROUND(F66/$F$8*100,2) -> 99 | H66: =D66-F66 -> 103841609 | I66: =ROUND(H66/F66*100,2) -> 17.65 | K66: =ROUND(A66/$A$8*100,5) -> 64.3653 | L66: =ROUND(D66/$D$8*100,5) -> 99.04441 | M66: =ROUND(F66/$F$8*100,5) -> 98.99507
A67: 516438493 | B67: =ROUND(A67/$A$8*100,2) -> 62.65 | C67: 保險給付 | D67: =SUM(D68:D72) -> 586951800 | E67: =ROUND(D67/$D$8*100,2) -> 83.98 | F67: =SUM(F68:F72) -> 578746464 | G67: =ROUND(F67/$F$8*100,2) -> 97.37 | H67: =D67-F67 -> 8205336 | I67: =ROUND(H67/F67*100,2) -> 1.42 | K67: =ROUND(A67/$A$8*100,5) -> 62.65267 | L67: =ROUND(D67/$D$8*100,5) -> 83.98196 | M67: =ROUND(F67/$F$8*100,5) -> 97.3739
A68: 481427175 | B68: =ROUND(A68/$A$8*100,2) -> 58.41 | C68: 勞工保險 | D68: 543211117 | E68: =ROUND(D68/$D$8*100,2) -> 77.72 | F68: 536712433 | G68: =ROUND(F68/$F$8*100,2) -> 90.3 | H68: =D68-F68 -> 6498684 | I68: =ROUND(H68/F68*100,2) -> 1.21 | K68: =ROUND(A68/$A$8*100,5) -> 58.40521 | L68: =ROUND(D68/$D$8*100,5) -> 77.72347 | M68: =ROUND(F68/$F$8*100,5) -> 90.30168
A69: 20840606 | B69: =ROUND(A69/$A$8*100,2) -> 2.53 | C69: 就業保險 | D69: 24949551 | E69: =ROUND(D69/$D$8*100,2) -> 3.57 | F69: 25351364 | G69: =ROUND(F69/$F$8*100,2) -> 4.27 | H69: =D69-F69 -> -401813 | I69: =ROUND(H69/F69*100,2) -> -1.58 | K69: =ROUND(A69/$A$8*100,5) -> 2.52832 | L69: =ROUND(D69/$D$8*100,5) -> 3.56982 | M69: =ROUND(F69/$F$8*100,5) -> 4.26536
A70: 6997444 | B70: =ROUND(A70/$A$8*100,2) -> 0.85 | C70: 農保 | D70: 10888472 | E70: =ROUND(D70/$D$8*100,2) -> 1.56 | F70: 6755991 | G70: =ROUND(F70/$F$8*100,2) -> 1.14 | H70: =D70-F70 -> 4132481 | I70: =ROUND(H70/F70*100,2) -> 61.17 | K70: =ROUND(A70/$A$8*100,5) -> 0.84891 | L70: =ROUND(D70/$D$8*100,5) -> 1.55794 | M70: =ROUND(F70/$F$8*100,5) -> 1.13669
A71: 77889 | B71: =ROUND(A71/$A$8*100,2) -> 0.01 | C71: 農職保 | D71: 238494 | E71: =ROUND(D71/$D$8*100,2) -> 0.03 | F71: 172474 | G71: =ROUND(F71/$F$8*100,2) -> 0.03 | H71: =D71-F71 -> 66020 | I71: =ROUND(H71/F71*100,2) -> 38.28 | K71: =ROUND(A71/$A$8*100,5) -> 0.00945 | L71: =ROUND(D71/$D$8*100,5) -> 0.03412 | M71: =ROUND(F71/$F$8*100,5) -> 0.02902
A72: 7095379 | B72: =ROUND(A72/$A$8*100,2) -> 0.86 | C72: 勞職保及保護 | D72: 7664166 | E72: =ROUND(D72/$D$8*100,2) -> 1.1 | F72: =9502061+252141 -> 9754202 | G72: =ROUND(F72/$F$8*100,2) -> 1.64 | H72: =D72-F72 -> -2090036 | I72: =ROUND(H72/F72*100,2) -> -21.43 | L72: =ROUND(D72/$D$8*100,5) -> 1.0966
A73: 13311535 | B73: =ROUND(A73/$A$8*100,2) -> 1.61 | C73: 提存責任準備 | D73: =SUM(D74:D77) -> 104526278 | E73: =ROUND(D73/$D$8*100,2) -> 14.96 | F73: =SUM(F74:F77) -> 8724835 | G73: =ROUND(F73/$F$8*100,2) -> 1.47 | H73: =D73-F73 -> 95801443 | I73: =ROUND(H73/F73*100,2) -> 1098.03 | K73: =ROUND(A73/$A$8*100,5) -> 1.61491 | L73: =ROUND(D73/$D$8*100,5) -> 14.95578 | M73: =ROUND(F73/$F$8*100,5) -> 1.46795
A74: 0 | B74: =ROUND(A74/$A$8*100,2) -> 0 | C74: 勞工保險 | D74: =77931897+20000000 -> 97931897 | E74: =ROUND(D74/$D$8*100,2) -> 14.01 | F74: =4641046+1000000 -> 5641046 | G74: =ROUND(F74/$F$8*100,2) -> 0.95 | H74: =D74-F74 -> 92290851 | I74: =ROUND(H74/F74*100,2) -> 1636.06 | K74: =ROUND(A74/$A$8*100,5) -> 0 | L74: =ROUND(D74/$D$8*100,5) -> 14.01225 | M74: =ROUND(F74/$F$8*100,5) -> 0.9491
A75: 11838931 | B75: =ROUND(A75/$A$8*100,2) -> 1.44 | C75: 就業保險 | D75: =4998246+15000-3066 -> 5010180 | E75: =ROUND(D75/$D$8*100,2) -> 0.72 | F75: =3077004+6785 -> 3083789 | G75: =ROUND(F75/$F$8*100,2) -> 0.52 | H75: =D75-F75 -> 1926391 | I75: =ROUND(H75/F75*100,2) -> 62.47 | K75: =ROUND(A75/$A$8*100,5) -> 1.43626 | L75: =ROUND(D75/$D$8*100,5) -> 0.71686 | M75: =ROUND(F75/$F$8*100,5) -> 0.51885
A76: 18859 | B76: =ROUND(A76/$A$8*100,2) -> 0 | C76: 農職保 | D76: 0 | E76: =ROUND(D76/$D$8*100,2) -> 0 | F76: 0 | G76: =ROUND(F76/$F$8*100,2) -> 0 | H76: =D76-F76 -> 0 | I76: 0 | K76: =ROUND(A76/$A$8*100,5) -> 0.00229 | L76: =ROUND(D76/$D$8*100,5) -> 0 | M76: =ROUND(F76/$F$8*100,5) -> 0
A77: 1453745 | B77: =ROUND(A77/$A$8*100,2) -> 0.18 | C77: 勞職保及保護 | D77: =1578402+5799 -> 1584201 | E77: =ROUND(D77/$D$8*100,2) -> 0.23 | F77: 0 | G77: =ROUND(F77/$F$8*100,2) -> 0 | H77: =D77-F77 -> 1584201 | I77: - | L77: =ROUND(D77/$D$8*100,5) -> 0.22667
A78: 805467 | B78: =ROUND(A78/$A$8*100,2) -> 0.1 | C78: 呆帳 | D78: =SUM(D79:D82) -> 745547 | E78: =ROUND(D78/$D$8*100,2) -> 0.11 | F78: =SUM(F79:F82) -> 910717 | G78: =ROUND(F78/$F$8*100,2) -> 0.15 | H78: =D78-F78 -> -165170 | I78: =ROUND(H78/F78*100,2) -> -18.14 | K78: =ROUND(A78/$A$8*100,5) -> 0.09772 | L78: =ROUND(D78/$D$8*100,5) -> 0.10667 | M78: =ROUND(F78/$F$8*100,5) -> 0.15323
A79: 733741 | B79: =ROUND(A79/$A$8*100,2) -> 0.09 | C79: 勞工保險 | D79: 671794 | E79: =ROUND(D79/$D$8*100,2) -> 0.1 | F79: 764741 | G79: =ROUND(F79/$F$8*100,2) -> 0.13 | H79: =D79-F79 -> -92947 | I79: =ROUND(H79/F79*100,2) -> -12.15 | K79: =ROUND(A79/$A$8*100,5) -> 0.08902 | L79: =ROUND(D79/$D$8*100,5) -> 0.09612 | M79: =ROUND(F79/$F$8*100,5) -> 0.12867
A80: 42731 | B80: =ROUND(A80/$A$8*100,2) -> 0.01 | C80: 就業保險 | D80: 35853 | E80: =ROUND(D80/$D$8*100,2) -> 0.01 | F80: 45166 | G80: =ROUND(F80/$F$8*100,2) -> 0.01 | H80: =D80-F80 -> -9313 | I80: =ROUND(H80/F80*100,2) -> -20.62 | K80: =ROUND(A80/$A$8*100,5) -> 0.00518 | L80: =ROUND(D80/$D$8*100,5) -> 0.00513 | M80: =ROUND(F80/$F$8*100,5) -> 0.0076
A81: 4949 | B81: =ROUND(A81/$A$8*100,2) -> 0 | C81: 農保 | D81: 5280 | E81: =ROUND(D81/$D$8*100,2) -> 0 | F81: 6570 | G81: =ROUND(F81/$F$8*100,2) -> 0 | H81: =D81-F81 -> -1290 | I81: =ROUND(H81/F81*100,2) -> -19.63 | K81: =ROUND(A81/$A$8*100,5) -> 0.0006 | L81: =ROUND(D81/$D$8*100,5) -> 0.00076 | M81: =ROUND(F81/$F$8*100,5) -> 0.00111
A82: 24046 | B82: =ROUND(A82/$A$8*100,2) -> 0 | C82: 勞職保及保護 | D82: 32620 | E82: =ROUND(D82/$D$8*100,2) -> 0 | F82: 94240 | G82: =ROUND(F82/$F$8*100,2) -> 0.02 | H82: =D82-F82 -> -61620 | I82: =ROUND(H82/F82*100,2) -> -65.39 | L82: =ROUND(D82/$D$8*100,5) -> 0.00467
A83: 3972891 | B83: =ROUND(A83/$A$8*100,2) -> 0.48 | C83: 其他業務成本 | D83: =SUM(D84:D84) -> 5959146 | E83: =ROUND(D83/$D$8*100,2) -> 0.85 | F83: =SUM(F84:F84) -> 5228218 | G83: =ROUND(F83/$F$8*100,2) -> 0.88 | H83: =D83-F83 -> 730928 | I83: =ROUND(H83/F83*100,2) -> 13.98 | K83: =ROUND(A83/$A$8*100,5) -> 0.48198 | L83: =ROUND(D83/$D$8*100,5) -> 0.85264 | M83: =ROUND(F83/$F$8*100,5) -> 0.87965
A84: 3972891 | B84: =ROUND(A84/$A$8*100,2) -> 0.48 | C84: 雜項業務成本 | D84: =SUM(D85:D87) -> 5959146 | E84: =ROUND(D84/$D$8*100,2) -> 0.85 | F84: =SUM(F85:F87) -> 5228218 | G84: =ROUND(F84/$F$8*100,2) -> 0.88 | H84: =D84-F84 -> 730928 | I84: =ROUND(H84/F84*100,2) -> 13.98 | K84: =ROUND(A84/$A$8*100,5) -> 0.48198 | L84: =ROUND(D84/$D$8*100,5) -> 0.85264 | M84: =ROUND(F84/$F$8*100,5) -> 0.87965
A85: 3104765 | B85: =ROUND(A85/$A$8*100,2) -> 0.38 | C85: 就業保險 | D85: =4474467-15000 -> 4459467 | E85: =ROUND(D85/$D$8*100,2) -> 0.64 | F85: =4048216-6785 -> 4041431 | G85: =ROUND(F85/$F$8*100,2) -> 0.68 | H85: =D85-F85 -> 418036 | I85: =ROUND(H85/F85*100,2) -> 10.34 | K85: =ROUND(A85/$A$8*100,5) -> 0.37666 | L85: =ROUND(D85/$D$8*100,5) -> 0.63807 | M85: =ROUND(F85/$F$8*100,5) -> 0.67997
A86: 26213 | B86: =ROUND(A86/$A$8*100,2) -> 0 | C86: 農保 | D86: =97145+4253 -> 101398 | E86: =ROUND(D86/$D$8*100,2) -> 0.01 | F86: 24265 | G86: =ROUND(F86/$F$8*100,2) -> 0 | H86: =D86-F86 -> 77133 | I86: =ROUND(H86/F86*100,2) -> 317.88 | K86: =ROUND(A86/$A$8*100,5) -> 0.00318 | L86: =ROUND(D86/$D$8*100,5) -> 0.01451 | M86: =ROUND(F86/$F$8*100,5) -> 0.00408
A87: 841912 | B87: =ROUND(A87/$A$8*100,2) -> 0.1 | C87: 勞職保及保護 | D87: =1404080-5799 -> 1398281 | E87: =ROUND(D87/$D$8*100,2) -> 0.2 | F87: =1164522-2000 -> 1162522 | G87: =ROUND(F87/$F$8*100,2) -> 0.2 | H87: =D87-F87 -> 235759 | I87: =ROUND(H87/F87*100,2) -> 20.28 | L87: =ROUND(D87/$D$8*100,5) -> 0.20007
A88: -375122 | B88: =ROUND(A88/$A$8*100,2) -> -0.05 | C88: 業務賸餘（短絀） | D88: =+D8-D52 -> -326221 | E88: =ROUND(D88/$D$8*100,2) -> -0.05 | F88: =+F8-F52 -> -290732 | G88: =ROUND(F88/$F$8*100,2) -> -0.05 | H88: =D88-F88 -> -35489 | I88: =ROUND(H88/F88*100,2) -> 12.21 | K88: =ROUND(A88/$A$8*100,5) -> -0.04551 | L88: =ROUND(D88/$D$8*100,5) -> -0.04668 | M88: =ROUND(F88/$F$8*100,5) -> -0.04892
A89: 375845 | B89: =ROUND(A89/$A$8*100,2) -> 0.05 | C89: 業務外收入 | D89: =D90+D96 -> 328255 | E89: =ROUND(D89/$D$8*100,2) -> 0.05 | F89: =F90+F96 -> 290887 | G89: =ROUND(F89/$F$8*100,2) -> 0.05 | H89: =D89-F89 -> 37368 | I89: =ROUND(H89/F89*100,2) -> 12.85 | K89: =ROUND(A89/$A$8*100,5) -> 0.0456 | L89: =ROUND(D89/$D$8*100,5) -> 0.04697 | M89: =ROUND(F89/$F$8*100,5) -> 0.04894
A90: 524 | B90: =ROUND(A90/$A$8*100,2) -> 0 | C90: 財務收入 | D90: =D91 -> 394 | E90: =ROUND(D90/$D$8*100,2) -> 0 | F90: =F91 -> 382 | G90: =ROUND(F90/$F$8*100,2) -> 0 | H90: =D90-F90 -> 12 | I90: =ROUND(H90/F90*100,2) -> 3.14 | K90: =ROUND(A90/$A$8*100,5) -> 6e-05 | L90: =ROUND(D90/$D$8*100,5) -> 6e-05 | M90: =ROUND(F90/$F$8*100,5) -> 6e-05
A91: 524 | B91: =ROUND(A91/$A$8*100,2) -> 0 | C91: 利息收入 | D91: =SUM(D92:D95) -> 394 | E91: =ROUND(D91/$D$8*100,2) -> 0 | F91: =SUM(F92:F95) -> 382 | G91: =ROUND(F91/$F$8*100,2) -> 0 | H91: =D91-F91 -> 12 | I91: =ROUND(H91/F91*100,2) -> 3.14 | K91: =ROUND(A91/$A$8*100,5) -> 6e-05 | L91: =ROUND(D91/$D$8*100,5) -> 6e-05 | M91: =ROUND(F91/$F$8*100,5) -> 6e-05
A92: 416 | B92: =ROUND(A92/$A$8*100,2) -> 0 | C92: 勞工保險 | D92: 320 | E92: =ROUND(D92/$D$8*100,2) -> 0 | F92: 313 | G92: =ROUND(F92/$F$8*100,2) -> 0 | H92: =D92-F92 -> 7 | I92: =ROUND(H92/F92*100,2) -> 2.24 | K92: =ROUND(A92/$A$8*100,5) -> 5e-05 | L92: =ROUND(D92/$D$8*100,5) -> 5e-05 | M92: =ROUND(F92/$F$8*100,5) -> 5e-05
A93: 72 | B93: =ROUND(A93/$A$8*100,2) -> 0 | C93: 就業保險 | D93: 43 | E93: =ROUND(D93/$D$8*100,2) -> 0 | F93: 41 | G93: =ROUND(F93/$F$8*100,2) -> 0 | H93: =D93-F93 -> 2 | I93: =ROUND(H93/F93*100,2) -> 4.88 | K93: =ROUND(A93/$A$8*100,5) -> 1e-05 | L93: =ROUND(D93/$D$8*100,5) -> 1e-05 | M93: =ROUND(F93/$F$8*100,5) -> 1e-05
A94: 16 | B94: =ROUND(A94/$A$8*100,2) -> 0 | C94: 農保 | D94: 7 | E94: =ROUND(D94/$D$8*100,2) -> 0 | F94: 4 | G94: =ROUND(F94/$F$8*100,2) -> 0 | H94: =D94-F94 -> 3 | I94: =ROUND(H94/F94*100,2) -> 75 | K94: =ROUND(A94/$A$8*100,5) -> 0 | L94: =ROUND(D94/$D$8*100,5) -> 0 | M94: =ROUND(F94/$F$8*100,5) -> 0
A95: 20 | B95: =ROUND(A95/$A$8*100,2) -> 0 | C95: 勞職保及保護 | D95: 24 | E95: =ROUND(D95/$D$8*100,2) -> 0 | F95: 24 | G95: =ROUND(F95/$F$8*100,2) -> 0 | H95: =D95-F95 -> 0 | I95: - | L95: =ROUND(D95/$D$8*100,5) -> 0
A96: 375321 | B96: =ROUND(A96/$A$8*100,2) -> 0.05 | C96: 其他業務外收入 | D96: =D97+D104+D109 -> 327861 | E96: =ROUND(D96/$D$8*100,2) -> 0.05 | F96: =F97+F104+F109 -> 290505 | G96: =ROUND(F96/$F$8*100,2) -> 0.05 | H96: =D96-F96 -> 37356 | I96: =ROUND(H96/F96*100,2) -> 12.86 | K96: =ROUND(A96/$A$8*100,5) -> 0.04553 | L96: =ROUND(D96/$D$8*100,5) -> 0.04691 | M96: =ROUND(F96/$F$8*100,5) -> 0.04888
A97: 41992 | B97: =ROUND(A97/$A$8*100,2) -> 0.01 | C97: 違規罰款收入 | D97: =SUM(D98:D100) -> 2470 | E97: =ROUND(D97/$D$8*100,2) -> 0 | F97: =SUM(F98:F100) -> 2470 | G97: =ROUND(F97/$F$8*100,2) -> 0 | H97: =D97-F97 -> 0 | I97: - | K97: =ROUND(A97/$A$8*100,5) -> 0.00509 | L97: =ROUND(D97/$D$8*100,5) -> 0.00035 | M97: =ROUND(F97/$F$8*100,5) -> 0.00042
A98: 32314 | B98: =ROUND(A98/$A$8*100,2) -> 0 | C98: 勞工保險 | D98: 700 | E98: =ROUND(D98/$D$8*100,2) -> 0 | F98: 700 | G98: =ROUND(F98/$F$8*100,2) -> 0 | H98: =D98-F98 -> 0 | I98: =ROUND(H98/F98*100,2) -> 0 | K98: =ROUND(A98/$A$8*100,5) -> 0.00392 | L98: =ROUND(D98/$D$8*100,5) -> 0.0001 | M98: =ROUND(F98/$F$8*100,5) -> 0.00012
A99: 7767 | B99: =ROUND(A99/$A$8*100,2) -> 0 | C99: 就業保險 | D99: 0 | E99: =ROUND(D99/$D$8*100,2) -> 0 | F99: 0 | G99: =ROUND(F99/$F$8*100,2) -> 0 | H99: =D99-F99 -> 0 | I99: 0 | K99: =ROUND(A99/$A$8*100,5) -> 0.00094 | L99: =ROUND(D99/$D$8*100,5) -> 0 | M99: =ROUND(F99/$F$8*100,5) -> 0
A100: 1911 | B100: =ROUND(A100/$A$8*100,2) -> 0 | C100: 勞職保及保護 | D100: 1770 | E100: =ROUND(D100/$D$8*100,2) -> 0 | F100: 1770 | G100: =ROUND(F100/$F$8*100,2) -> 0 | H100: =D100-F100 -> 0 | I100: 0 | L100: =ROUND(D100/$D$8*100,5) -> 0.00025
B101: =ROUND(A101/$A$8*100,2) -> 0 | C101: 賠償收入 | D101: =SUM(D102:D103) -> 0 | E101: =ROUND(D101/$D$8*100,2) -> 0 | F101: =SUM(F102:F103) -> 0 | G101: =ROUND(F101/$F$8*100,2) -> 0 | H101: =D101-F101 -> 0 | I101: 0 | K101: =ROUND(A101/$A$8*100,5) -> 0 | L101: =ROUND(D101/$D$8*100,5) -> 0 | M101: =ROUND(F101/$F$8*100,5) -> 0
...

Sheet 收支餘絀預計表說明
A1: 勞 動 部 勞 工 保 險 局
A2: 勞 工 保 險 局 作 業 基 金
A3: 收支餘絀預計表說明
A4: 中華民國113年度
A6: 一、本年度業務收入698,902,259千元：
A7: （一）租金及權利金收入274,530千元，係基金投資性不動產所獲得之租金收入等。
A8: （二）投融資業務收入32,289,141千元，係本基金投資運用收益、存款利息收入及融資業 務收入。
A9: （三）保險收入531,071,560千元，包含保費收入530,997,778千元及收回責任準備73,782 千元。
A10: （四）其他業務收入135,267,028千元，係政府撥補勞工保險基金及農保虧損由政府補助 等。
A11: 二、本年度業務成本與費用699,228,480千元：
A12: （一）出租資產成本32,423千元，係提列基金投資不動產之折舊、地價稅及房屋修護費用 等。
A13: （二）投融資業務成本1,013,286千元，係本基金投資運用之委託經營經理費、國外投資 保管費及被保險人貸款手續費等。
... A15: （四）其他業務成本5,959,146千元，係依就業保險法第12條第3項規定辦理促進就業等業 務、農保虧損借款之利息支出及依勞工職業災害保險及保護法第62條規定辦理職 業災害預防及重建等業務。
A16: 三、 | B16: 本年度業務外收入328,255千元：
A17: （一）財務收入394千元，係利息收入。
A18: （二）其他業務外收入327,861千元，係違規罰款收入、收回呆帳及雜項收入等。
A19: 四、本年度業務外費用2,034千元，係應付保管款滿4年轉雜項收入後再提出申請等。
A20: 五、本年度收支相抵後，賸餘無列數。

Sheet 餘絀撥補預計表
A1: 勞 動 部 勞 工 保 險 局
A2: 勞 工 保 險 局 作 業 基 金
A3: 餘絀撥補預計表
A4: 中華民國113年度 單位：新臺幣千元
A5: 上年度預算數 | C5: 項目 | D5: 本年度預算數 | F5: 說 明
A6: 金 額 | B6: ％ | D6: 金 額 | E6: ％
A8: - | B8: - | C8: 賸餘之部 | D8: - | E8: -
A9: - | B9: - | C9: 本期賸餘 | D9: - | E9: -
A10: - | B10: - | C10: 未分配賸餘 | D10: - | E10: -

Sheet 現金流量預計表-總
A1: 勞 動 部 勞 工 保 險 局
A2: 勞 工 保 險 局 作 業 基 金
A3: 現金流量預計表
A4: 中華民國113年度 單位：新臺幣千元
A5: 項目 | B5: 預算數 | C5: 說明
A9: 業務活動之現金流量
A10: 本期賸餘（短絀） | B10: 0
A11: 利息股利之調整 | B11: =-D11+D12 -> -8390526 | C11: 1.利息收入 | D11: 8491924 | E11: 千元
C12: 2.利息費用 | D12: 101398 | E12: 千元
A13: 未計利息股利之本期賸餘（短絀） | B13: =+B10+B11 -> -8390526
A14: 調整項目 | B14: =D14+D15+D16+D17+D18+D19+D20 -> 43062362 | C14: 1.提存呆帳 | D14: 745547 | E14: 千元
C15: 2.淨提存責任準備 | D15: =84452496+20000000 -> 104452496 | E15: 千元
C16: 3.折舊 | D16: 16151 | E16: 千元
C17: 4.攤銷 | D17: 5467 | E17: 千元
C18: 5.流動資產淨增 | D18: -62101391 | E18: 千元
C19: 6.流動負債淨增 | D19: 5007 | E19: 千元
C20: 7.其他 | D20: -60915 | E20: 千元
A21: 未計利息股利之現金流入（流出） | B21: =+B13+B14 -> 34671836
A22: 收取利息 | B22: 394 | C22: 收取利息394千元。
A23: 業務活動之淨現金流入（流出） | B23: =+B21+B22 -> 34672230
A24: 投資活動之現金流量
A25: 減少流動金融資產及短期貸墊款 | B25: 2709009 | C25: 係勞工保險業務減少流動金融資產2,709,009千元。
A26: 減少投資、長期應收款、貸墊款及準備金 | B26: 10100000 | C26: 係勞工保險業務減少長期貸款10,100,000千元。
A27: 減少無形資產及其他資產 | B27: 0 | C27: 係勞工保險業務減少其他資產千元。
A28: 收取利息 | B28: 8375073 | C28: 收取利息8,375,073千元。
A29: 增加流動金融資產及短期貸墊款 | B29: -4891781 | C29: 係勞工保險業務增加短期貸款1,607,000千元、就業保險業務增加流動金融資產2,236,101千元、勞職保及保護業務增加流動金融資產1,048,680千元。
A30: 增加投資、長期應收款、貸墊款及準備金 | B30: -26744512 | C30: 係勞工保險業務增加投資-非流動金融資產13,930,289千元及長期貸款9,785,591千元、就業保險業務增加投資-非流動金融資產2,588,633千元、勞職保及保護業務增加投資-非流動金融資產439,999千元。
A31: 增加無形資產及其他資產 | B31: -12000 | C31: 係勞職保及保護業務增加無形資產12,000千元。
A32: 投資活動之淨現金流入（流出） | B32: =SUM(B25:B31) -> -10464211
A33: 籌資活動之現金流量
A34: 增加短期債務、流動金融負債及其他負債 | B34: 1607000 | C34: 係農保及農職保業務增加短期債務1,607,000千元。
A35: 減少短期債務、流動金融負債及其他負債 | B35: -900 | C35: 係勞職保及保護業務減少其他負債900千元。
A36: 支付利息 | B36: -101398 | C36: 支付利息101,398千元。
A37: 籌資活動之淨現金流入（流出） | B37: =SUM(B34:B36) -> 1504702
A38: 現金及約當現金之淨增（淨減） | B38: =B23+B32+B37 -> 25712721
A39: 期初現金及約當現金 | B39: =77279160+1002000 -> 78281160
A40: 期末現金及約當現金 | B40: =B38+B39 -> 103993881

Sheet 租金及權利金收入明細表
A1: 勞 動 部 勞 工 保 險 局
A2: 勞 工 保 險 局 作 業 基 金
A3: 租金及權利金收入明細表
A4: 中華民國113年度 單位：新臺幣千元
A5: 科目及業務項目 | C5: 預 算 數 | E5: 說 明
A9: 租金及權利金收入 | C9: =+C10 -> 274530 | E9: 本科目全數由勞動部勞動基金運用局辦理。
A10: 勞工保險 | C10: =+C11 -> 274530
A11: 投資性不動產收入 | B11: 年 | C11: 274530 | E11: 係基金投資性不動產平均營運量1,599,107千元所獲得之租金收入等，詳第63頁投資性不動產收入分析表。

Sheet 投融資業務收入明細表 
A1: 勞 動 部 勞 工 保 險 局
A2: 勞 工 保 險 局 作 業 基 金
A3: 投融資業務收入明細表
A4: 中華民國113年度 單位：新臺幣千元
A5: 科目及業務項目 | B5: 單位 | C5: 預 算 數 | F5: 說明
C6: 數 量 (業務量) | D6: 利(費)率 | E6: 金 額
A9: 投融資業務收入 | B9: 年 | C9: =C10+C25+C34+C39 -> 985345893 | E9: =E10+E25+E34+E39 -> 32289141 | F9: 本科目勞動部勞工保險局辦理524,310千元；勞動部勞動基金運用局辦理31,764,831千元。 | G9: =+I9-H9 -> 31773981 | H9: =+E34+I21 -> 515160 | I9: =+E9 -> 32289141 | L9: 1631412 | M9: =C9+L9 -> 986977305 | N9: =M9-C34 -> 986517305
A10: 勞工保險 | C10: =+C11+C20+C22 -> 788493893 | E10: =+E11+E20+E22 -> 29507668
A11: 投資業務收入 | B11: 年 | C11: =C12+C16+C17 -> 662966000 | E11: =E12+E16+E17 -> 27883302
A12: 權益證券 | B12: 年 | C12: =+C13 -> 474056000 | E12: =+E13 -> 23797611 | F12: 投資股票、受益憑證等。
A13: 權益證券 | B13: 年 | C13: =+C14+C15 -> 474056000 | E13: =+E14+E15 -> 23797611
A14: 國內投資 | B14: 年 | C14: 189623000 | D14: 0.0502 | E14: 9519075 | H14: 10115703 | I14: =E14-H14 -> -596628 | K14: =E14/C14 -> 0.050200002
A15: 國外投資 | B15: 年 | C15: 284433000 | D15: 0.0502 | E15: 14278536 | H15: 15525083 | I15: =E15-H15 -> -1246547 | K15: =E15/C15 -> 0.050199998
A16: 票券 | B16: 年 | C16: 12641000 | D16: 0.0099 | E16: 125146 | F16: 投資短期票券等。 | K16: =E16/C16 -> 0.0099000079
A17: 債務證券 | B17: 年 | C17: =C18+C19 -> 176269000 | E17: =E18+E19 -> 3960545 | F17: 投資公司債及金融債券等。
A18: 國內投資 | B18: 年 | C18: 42665000 | D18: 0.0183 | E18: 780770
A19: 國外投資 | B19: 年 | C19: 133604000 | D19: 0.0238 | E19: 3179775
A20: 融資業務收入 | B20: 年 | C20: =3402627+30500000 -> 33902627 | D20: =+E20/C20 -> 0.018374623 | E20: =521550+(97145+4253) -> 622948 | F20: 貸款予被保險人之利息收入編列521,550千元，由勞動部勞工保險局辦理；貸款予農民健康保險辦理短期週轉之利息收入編列101,398千元，由勞動部勞動基金運用局辦理。 | G20: 營運量 | H20: 利率 | I20: 收入 | J20: 營運量 | K20: 利率 | L20: 收入 | M20: 營運量 | N20: 利率 | O20: 收入
G21: 30500000 | H21: 1.68 | I21: 512400 | J21: =1000587+32 -> 1000619 | K21: =2.385+0.04 -> 2.425 | L21: =23864+401 -> 24265 | M21: =+G21+J21 -> 31500619 | N21: =+O21/M21 -> 0.017036649 | O21: =+I21+L21 -> 536665
A22: 存款利息收入 | B22: 年 | C22: =SUM(C23:C24) -> 91625266 | E22: =+E23+E24 -> 1001418 | F22: 台幣存款及外幣存款。
A23: 國內 | B23: 年 | C23: 75112266 | D23: 0.0081 | E23: 608409 | K23: =E23/C23 -> 0.0080999953
A24: 國外 | B24: 年 | C24: 16513000 | D24: 0.0238 | E24: 393009 | K24: =E24/C24 -> 0.023799976
A25: 就業保險 | C25: =C31+C26 -> 161086000 | E25: =E31+E26 -> 2365631
A26: 投資業務收入 | B26: 年 | C26: =SUM(C27:C28) -> 113888000 | E26: =SUM(E27:E28) -> 1882748
A27: 票券 | B27: 年 | C27: 12081000 | D27: 0.0099 | E27: 119602 | F27: 投資短期票券等。
A28: 債務證券 | B28: 年 | C28: =C29+C30 -> 101807000 | E28: =E29+E30 -> 1763146 | F28: 投資公司債及金融債券等。
A29: 國內投資 | B29: 年 | C29: 68462000 | D29: 0.0146 | E29: 999545
A30: 國外投資 | B30: 年 | C30: 33345000 | D30: 0.0229 | E30: 763601
A31: 存款利息收入 | B31: 年 | C31: =SUM(C32:C33) -> 47198000 | E31: =SUM(E32:E33) -> 482883 | F31: 台幣存款及外幣存款。
A32: 國內 | B32: 年 | C32: 46715000 | D32: 0.0101 | E32: 471822
A33: 國外 | B33: 年 | C33: 483000 | D33: 0.0229 | E33: 11061
A34: 農保及農職保 | C34: =+C35 -> 460000 | E34: =+E35 -> 2760
A35: 存款利息收入 | B35: 年 | C35: =+C36+C37 -> 460000 | D35: 0.006 | E35: =+E36+E37 -> 2760 | F35: 國庫帳戶台幣存款，由勞動部勞工保險局辦理。
A36: 農保 | B36: 年 | C36: 230000 | D36: 0.006 | E36: 1380
A37: 農職保 | B37: 年 | C37: 230000 | D37: 0.006 | E37: 1380
A39: 勞職保及保護 | C39: =C43+C40 -> 35306000 | E39: =E43+E40 -> 413082
A40: 投資業務收入 | B40: 年 | C40: =SUM(C41:C41) -> 8827000 | E40: =SUM(E41:E41) -> 127109
A41: 債務證券 | B41: 年 | C41: 8827000 | E41: 127109 | F41: 投資公司債及金融債券等。
A42: 國內投資 | B42: 年 | C42: 8827000 | D42: 0.0144 | E42: 127109
A43: 存款利息收入 | B43: 年 | C43: =SUM(C44:C44) -> 26479000 | E43: =SUM(E44:E44) -> 285973 | F43: 台幣存款。
A44: 國內 | B44: 年 | C44: 26479000 | D44: 0.0108 | E44: 285973

Sheet 保險收入明細表
A1: 勞 動 部 勞 工 保 險 局
A2: 勞 工 保 險 局 作 業 基 金
A3: 保險收入明細表
A4: 中華民國113年度 單位：新臺幣千元
A5: 科目及業務項目 | B5: 預算數 | C5: 說明
A9: 保險收入 | B9: =B10+B16+B21+B32 -> 531071560 | C9: 本科目全數由勞動部勞工保險局辦理。 | D9: =+B10+B16+B21+B32 -> 531071560 | F9: =+D9+E9 -> 531071560
A10: 勞工保險 | B10: =+B11+B14 -> 482778342
A11: 保費收入 | B11: =B12+B13 -> 482778342 | C11: 詳第64、68~70頁保費收入分析表及附表。
A12: 保費收入 | B12: 482321513 | C12: 係依投保人數1,053萬人、平均月投保薪資34,700元及保險費率11%估算。
A13: 滯納金收入 | B13: 456829
A14: 收回責任準備 | C14: 係本年度勞工保險收支短絀為358,954千元，悉數由以前年度累積之提存責任準備彌平。
A16: 就業保險 | B16: =B17 -> 32081213
A17: 保費收入 | B17: =SUM(B18:B19) -> 32081213 | C17: 詳第65、70~71頁保費收入分析表及附表。
A18: 保費收入 | B18: 32056864 | C18: 係依投保人數740萬人、平均月投保薪資36,100元及保險費率1%估算。
A19: 滯納金收入 | B19: 24349
A21: 農保及農職保 | B21: =B22+B29 -> 6017639
A22: 保費收入 | B22: =+B23+B26 -> 5943857 | C22: 詳第65~66、72頁保費收入分析表及附表。
A23: 保費收入 | B23: =+B24+B25 -> 5937552
A24: 農保 | B24: 5774220 | C24: 係依投保人數92萬5千人、月投保金額20,400元及保險費率2.55%估算。
A25: 農職保 | B25: 163332 | C25: 係依投保人數34萬9千人、月投保金額20,400元及保險費率0.19%估算。
A26: 滯納金收入 | B26: =+B27 -> 6305
A27: 農保 | B27: 6305
A29: 收回責任準備 | B29: =+B30 -> 73782 | C29: 係本年度農職保，收支短絀為73,782千元，悉數由以前年度累積之提存責任準備彌平。
A30: 農職保 | B30: 73782
A32: 勞職保及保護 | B32: =B36+B33 -> 10194366
A33: 保費收入 | B33: =SUM(B34:B35) -> 10194366 | C33: 詳第66~67、72~74頁保費收入分析表及附表。
A34: 保費收入 | B34: 10179850 | C34: 係依投保人數1,129萬人、平均月投保薪資39,200元及平均費率0.19%估算。
A35: 滯納金收入 | B35: 14516
A36: 收回責任準備 | B36: 0 | C36: 係本年度收支短絀為41,852千元，悉數由以前年度累積之提存責任準備彌平。

Sheet 其他業務收入明細表
A1: 勞 動 部 勞 工 保 險 局
A2: 勞 工 保 險 局 作 業 基 金
A3: 其他業務收入明細表
A4: 中華民國113年度 單位：新臺幣千元
A5: 科目及業務項目 | B5: 預算數 | C5: 說明
A9: 其他業務收入 | B9: =+B10+B13+B18 -> 135267028 | C9: 本科目全數由勞動部勞工保險局辦理。 | D9: =+B10+B13+B18 -> 135267028 | E9: =+B21 -> 0 | F9: =+D9+E9 -> 135267028
A10: 勞工保險 | B10: =+B11 -> 130000000
A11: 其他補助收入 | B11: =10000000+100000000+20000000 -> 130000000 | C11: 係政府撥補勞工保險基金。(含中央政府疫後強化經濟與社會韌性及全民共享經濟成果特別預算於112至114年度共挹注勞工保險基金30,000,000千元，本年度編列10,000,000千元)
A13: 農保及農職保 | B13: =B14 -> 5209157
A14: 其他補助收入 | B14: =+B15+B16 -> 5209157
A15: 農保 | B15: =5204904+4253 -> 5209157 | C15: 係農保收入減支出後之虧損數5,209,157千元，依農民健康保險條例第44條規定，由主管機關撥補。
A16: 農職保 | C16: 係農職保收入減支出後之虧損數13,829千元，依農民健康保險條例第44條之3規定，由主管機關撥補。
A18: 勞職保及保護 | B18: =+B19 -> 57871
A19: 雜項業務收入 | B19: 57871 | C19: 係依據勞工職業災害保險及保護法第36條規定，投保單位未依規定辦理投保、退保手續，保險人發給保險給付後，以書面行政處分，令其限期繳納之收入。

Sheet 業務外收入明細表
A1: 勞 動 部 勞 工 保 險 局
A2: 勞 工 保 險 局 作 業 基 金
A3: 業務外收入明細表
A4: 中華民國113年度 單位：新臺幣千元
A5: 科目及業務項目 | B5: 預算數 | C5: 說明
A9: 業務外收入 | B9: =+B10+B18+B24+B32 -> 328255 | C9: 本科目勞動部勞工保險局辦理326,485千元；勞動部職業安全衛生署辦理1,770千元。 | E9: 289117 | F9: 1770 | G9: =SUM(E9:F9) -> 290887
A10: 勞工保險 | B10: =B11+B13 -> 301410
A11: 財務收入 | B11: =B12 -> 320
A12: 利息收入 | B12: 320 | C12: 係申請人溢領保險給付，經函請退還溢領款項，逾期未繳還經移送行政執行署依法執行後，依當年度1月1日郵政儲金1年期定期存款固定利率加計利息所產生之遲延利息。
A13: 其他業務外收入 | B13: =B15+B16+B14 -> 301090
A14: 違規罰款收入 | B14: 700 | C14: 係被保險人貸款違約金收入。
A15: 收回呆帳 | B15: 280451 | C15: 係預估呆帳收回。
A16: 雜項收入 | B16: 19939 | C16: 主要係應付保管款逾4年轉入等收入。
A18: 就業保險 | B18: =B19+B21 -> 8799
A19: 財務收入 | B19: =B20 -> 43
A20: 利息收入 | B20: 43 | C20: 係申請人溢領保險給付，經函請退還溢領款項，逾期未繳還經移送行政執行署依法執行後，依當年度1月1日郵政儲金1年期定期存款固定利率加計利息所產生之遲延利息。
A21: 其他業務外收入 | B21: =SUM(B22:B23) -> 8756
A22: 收回呆帳 | B22: 8527 | C22: 係預估呆帳收回。
A23: 雜項收入 | B23: 229 | C23: 主要係預收保費屆滿4年轉入等收入。
A24: 農保及農職保 | B24: =B25+B28 -> 4088
A25: 財務收入 | B25: =B26 -> 7
A26: 利息收入 | B26: =+B27 -> 7 | C26: 係申請人溢領保險給付，經函請退還溢領款項，逾期未繳還經移送行政執行署依法執行後，依當年度1月1日郵政儲金1年期定期存款固定利率加計利息所產生之遲延利息。
A27: 農保 | B27: 7
A28: 其他業務外收入 | B28: =+B29 -> 4081
A29: 收回呆帳 | B29: =+B30 -> 4081 | C29: 係預估呆帳收回。
A30: 農保 | B30: 4081
A32: 勞職保及保護 | B32: =B35+B33 -> 13958
A33: 財務收入 | B33: =B34 -> 24
A34: 利息收入 | B34: 24 | C34: 係申請人溢領保險給付，經函請退還溢領款項，逾期未繳還經移送行政執行署依法執行後，依當年度1月1日郵政儲金1年期定期存款固定利率加計利息所產生之遲延利息。
A35: 其他業務外收入 | B35: =SUM(B36:B38) -> 13934
A36: 違規罰款收入 | B36: 1770 | C36: 係依勞工職業災害保險及保護法第101條規定所處罰鍰，由勞動部職業安全衛生署辦理。
A37: 收回呆帳 | B37: 12104 | C37: 係預估呆帳收回。
A38: 雜項收入 | B38: 60 | C38: 主要係應付保管款逾4年轉入等收入。
C47: 係退保已久投保單位溢繳之保險費。

Sheet 出租資產成本明細表
A1: 勞 動 部 勞 工 保 險 局
A2: 勞 工 保 險 局 作 業 基 金
A3: 出租資產成本明細表
A4: 中華民國113年度 單位：新臺幣千元
A5: 前年度決算數 | B5: 上年度預算數 | C5: 科目及業務計畫項目 | D5: 本年度預算數
A7: 28956 | B7: =+B8 -> 31573 | C7: 出租資產成本 | D7: =+D8 -> 32423
A8: 28956 | B8: =+B9 -> 31573 | C8: 勞工保險 | D8: =+D9 -> 32423
A9: 28956 | B9: =B10+B20+B17+B24 -> 31573 | C9: 投資性不動產成本 | D9: =D10+D20+D17+D24 -> 32423
A10: 1522 | B10: =SUM(B11:B16) -> 2641 | C10: 服務費用 | D10: =SUM(D11:D16) -> 3491
A11: 2 | B11: 7 | C11: 水電費 | D11: 7
A12: 1 | B12: 1 | C12: 印刷裝訂及公告費 | D12: 1
A13: 1123 | B13: 2089 | C13: 修理保養及保固費 | D13: 2550
A14: 0 | B14: 0 | C14: 保險費 | D14: 0
A15: 305 | B15: 394 | C15: 一般服務費 | D15: 783
A16: 92 | B16: 150 | C16: 專業服務費 | D16: 150
A17: 16760 | B17: =B18+B19 -> 16760 | C17: 折舊、折耗及攤銷 | D17: =D18+D19 -> 16760
A18: 16151 | B18: 16151 | C18: 投資性不動產折舊 | D18: 16151
A19: 609 | B19: 609 | C19: 攤銷 | D19: 609
A20: 10639 | B20: =SUM(B21:B23) -> 12010 | C20: 稅捐與規費（強制費） | D20: =SUM(D21:D23) -> 12011
A21: 10634 | B21: 12000 | C21: 土地稅 | D21: 12000
A22: 1 | B22: 1 | C22: 房屋稅 | D22: 2
A23: 4 | B23: 9 | C23: 規費 | D23: 9
A24: 35 | B24: =B25 -> 162 | C24: 其他 | D24: =D25 -> 161
A25: 35 | B25: 162 | C25: 其他費用 | D25: 161

Sheet 出租資產成本說明
A1: 勞 動 部 勞 工 保 險 局
A2: 勞 工 保 險 局 作 業 基 金
A3: 出租資產成本說明
A4: 中華民國113年度
A5: 科 目 | B5: 說 明
A7: 出租資產成本 | B7: 本科目全數由勞動部勞動基金運用局辦理。
A8: 勞工保險
A9: 投資性不動產成本
A10: 服務費用
A11: 水電費 | B11: 編列7千元，係基金投資之不動產，招租期間之基本水電費等。
A12: 旅運費 | B12: 編列千元，係基金投資之不動產，辦理相關業務所需旅運費等。
A13: 印刷裝訂及公告費 | B13: 編列1千元，係基金投資之不動產，刊登房屋出租公告等。
A14: 修理保養及保固費 | B14: 編列2,550千元，係基金投資不動產之房屋修護費用等。
A15: 保險費 | B15: 編列121千元，係基金投資不動產之保險費用。
A16: 一般服務費 | B16: 編列783千元，係基金投資不動產保全費用、租賃契約公證費、國產署代標租之作業費用等；其中勞務承攬人力預計進用1人，編列389千元。
A17: 專業服務費 | B17: 編列150千元，為委託調查研究費，係基金投資不動產之鑑價費。
A18: 折舊、折耗及攤銷
A19: 投資性不動產折舊 | B19: 編列16,151千元，係提列基金投資不動產之折舊。
A20: 攤銷 | B20: 編列609千元，係攤銷基金投資不動產之遞延費用。
A21: 稅捐與規費（強制費）
A22: 土地稅 | B22: 編列12,000千元，係基金投資不動產之地價稅。
A23: 房屋稅 | B23: 編列2千元，係基金投資不動產之房屋稅。
A24: 規費 | B24: 編列9千元，係基金投資不動產之行政規費。
A25: 其他
A26: 其他費用 | B26: 編列161千元，係基金投資不動產之其他費用。

Sheet 投融資業務成本明細表
A1: 勞 動 部 勞 工 保 險 局
A2: 勞 工 保 險 局 作 業 基 金
A3: 投融資業務成本明細表
A4: 中華民國113年度 單位：新臺幣千元
A5: 前年度決算數 | B5: 上年度預算數 | C5: 科目及業務計畫項目 | D5: 本年度預算數
A7: =A8+A32+A44-1 -> 290105884 | B7: =B8+B32+B44 -> 1003763 | C7: 投融資業務成本 | D7: =D8+D32+D44 -> 1013286 | E7: =+A8+A32+A44 -> 290105885 | F7: =+A7-E7 -> -1
A8: =+A9+A26+A29 -> 288061196 | B8: =+B9+B26+B29 -> 1003200 | C8: 勞工保險 | D8: =+D9+D26+D29 -> 1012696 | E8: =+A9+A26+A29 -> 288061196 | F8: =+A8-E8 -> 0
A9: =A10+A24+A22+A19 -> 250023188 | B9: =B10+B24+B22+B19 -> 935200 | C9: 投資業務成本 | D9: =D10+D24+D22+D19 -> 944696
A10: =+A11+A13+A15+A17+A18-1 -> 979495 | B10: =+B11+B13+B15+B17+B18 -> 935200 | C10: 服務費用 | D10: =+D11+D13+D15+D17+D18 -> 944696
A11: 0 | B11: =+B12 -> 0 | C11: 郵電費 | D11: =+D12 -> 0
A12: 0 | B12: 0 | C12: 普通事故 | D12: 0
A13: 0 | B13: =+B14 -> 0 | C13: 旅運費 | D13: =+D14 -> 0
A14: 0 | B14: 0 | C14: 普通事故 | D14: 0
A15: 0 | B15: =+B16 -> 0 | C15: 印刷裝訂與廣告費 | D15: =+D16 -> 0
A16: 0 | B16: 0 | C16: 普通事故 | D16: 0
A17: 961502 | B17: =885497+17253 -> 902750 | C17: 一般服務費 | D17: 914499
A18: 17994 | B18: 32450 | C18: 專業服務費 | D18: 30197
A19: 0 | B19: =B20 -> 0 | C19: 材料及用品費 | D19: =D20 -> 0
A20: 0 | B20: =+B21 -> 0 | C20: 用品消耗 | D20: =+D21 -> 0
A21: 0 | B21: 0 | C21: 普通事故 | D21: 0
A22: =A23 -> 153293 | B22: =B23 -> 0 | C22: 租金與利息 | D22: =D23 -> 0
A23: 153293 | B23: 0 | C23: 利息 | D23: 0
A24: =A25 -> 248890400 | B24: =B25 -> 0 | C24: 短絀、賠償與保險給付 | D24: =D25 -> 0
A25: 248890400 | B25: 0 | C25: 各項短絀 | D25: 0
A26: =A27 -> 64594 | B26: =B27 -> 68000 | C26: 融資業務成本 | D26: =D27 -> 68000
A27: =A28 -> 64594 | B27: =B28 -> 68000 | C27: 服務費用 | D27: =D28 -> 68000
A28: 64594 | B28: 68000 | C28: 一般服務費 | D28: 68000
A29: =A30 -> 37973414 | B29: =B30 -> 0 | C29: 兌換短絀 | D29: =D30 -> 0
A30: =A31 -> 37973414 | B30: =B31 -> 0 | C30: 短絀、賠償與保險給付 | D30: =D31 -> 0
A31: 37973414 | B31: 0 | C31: 各項短絀 | D31: 0
A32: =A33+A40+1 -> 2044631 | B32: =B33+B40 -> 556 | C32: 就業保險 | D32: =D33+D40 -> 581 | E32: =+E33+E40 -> 2044631
A33: =A34+A36+A38-1 -> 45893 | B33: =B34+B36+B38 -> 556 | C33: 投資業務成本 | D33: =D34+D36+D38 -> 581 | E33: =+A34+A36+A38 -> 45894
A34: =SUM(A35) -> 332 | B34: =SUM(B35) -> 556 | C34: 服務費用 | D34: =SUM(D35) -> 581
A35: 332 | B35: 556 | C35: 一般服務費 | D35: 581
A36: =SUM(A37) -> 0 | B36: =SUM(B37) -> 0 | C36: 折舊、折耗及攤銷 | D36: =SUM(D37) -> 0
A37: 0 | B37: 0 | C37: 攤銷 | D37: 0
A38: =A39 -> 45562 | B38: =B39 -> 0 | C38: 短絀、賠償與保險給付 | D38: =D39 -> 0
A39: 45562 | B39: 0 | C39: 各項短絀 | D39: 0
A40: =A41 -> 1998737 | B40: =B41 -> 0 | C40: 兌換短絀 | D40: =D41 -> 0 | E40: =+A40 -> 1998737
A41: =A42 -> 1998737 | B41: =B42 -> 0 | C41: 短絀、賠償與保險給付 | D41: =D42 -> 0
A42: 1998737 | B42: 0 | C42: 各項短絀 | D42: 0
A44: =A45 -> 58 | B44: =B45 -> 7 | C44: 勞職保及保護 | D44: =D45 -> 9
A45: =A46+A48 -> 58 | B45: =B46+B48 -> 7 | C45: 投資業務成本 | D45: =D46+D48 -> 9
A46: =SUM(A47) -> 5 | B46: =SUM(B47) -> 7 | C46: 服務費用 | D46: =SUM(D47) -> 9
A47: 5 | B47: 7 | C47: 一般服務費 | D47: 9
A48: =A49 -> 53 | B48: =B49 -> 0 | C48: 短絀、賠償與保險給付 | D48: =D49 -> 0
A49: 53 | B49: 0 | C49: 各項短絀 | D49: 0

Sheet 投融資業務成本說明
A1: 勞 動 部 勞 工 保 險 局
A2: 勞 工 保 險 局 作 業 基 金
A3: 投融資業務成本說明
A4: 中華民國113年度
A5: 科 目 | B5: 說 明
A7: 投融資業務成本 | B7: 本科目勞動部勞工保險局辦理68,000千元；勞動部勞動基金運用局辦理945,286千元。
A8: 勞工保險
A9: 投資業務成本
A10: 服務費用
A11: 郵電費 | B11: 編列千元，係基金委託評選案審查文件郵費等。
A12: 旅運費 | B12: 編列千元，係基金委託經營外聘委員之旅運費等。
A13: 印刷裝訂與廣告費 | B13: 編列千元，係基金國外委託經營之評選文件印刷費等。
A14: 一般服務費 | B14: 編列914,499千元，係基金委託經營之經理費及國外投資保管費等。
A15: 專業服務費 | B15: 編列30,197千元，係國外投資委任律師處理訴訟費及委託經營聘請顧問費等。其中委託調查研究費編列1,365千元，係依據勞動基金委託經營要點第5點規定，委託專業投資顧問公司協助辦理國外委託經營受託機構之遴選、績效評定及考核管理之國外委託監管顧問案。
A16: 材料及用品費
A17: 用品消耗 | B17: 編列千元，係基金委託經營評選會議便當等。
A18: 融資業務成本
A19: 服務費用
A20: 一般服務費 | B20: 編列68,000千元，由勞動部勞工保險局辦理，係辦理被保險人貸款之手續費。
A21: 就業保險
A22: 投資業務成本
A23: 服務費用
A24: 一般服務費 | B24: 編列581千元，係短期票券帳戶維護費等。
A25: 折舊、折耗及攤銷
A26: 攤銷 | B26: 編列506千元，係建置就業保險基金投資整合資訊系統，依使用年限編列攤銷費用。
A28: 勞職保及保護
A29: 投資業務成本
A30: 服務費用
A31: 一般服務費 | B31: 編列9千元，係定存利息匯款手續費等。

Sheet 保險成本明細表
A1: 勞 動 部 勞 工 保 險 局
A2: 勞 工 保 險 局 作 業 基 金
A3: 保險成本明細表
A4: 中華民國113年度 單位：新臺幣千元
A5: 前年度決算數 | B5: 上年度預算數 | C5: 科目及業務計畫項目 | D5: 本年度預算數
A7: =A8+A19+A30+A43 -> 530555494 | B7: =B8+B19+B30+B43 -> 588382016 | C7: 保險成本 | D7: =D8+D19+D30+D43 -> 692223625 | E7: =+A8+A19+A30+A43 -> 530555494 | F7: =+A7-E7 -> 0
A8: =A9+A12+A15 -> 482160916 | B8: =B9+B12+B15 -> 543118220 | C8: 勞工保險 | D8: =D9+D12+D15 -> 641814808 | E8: =+A9+A12+A15 -> 482160916 | F8: =+A8-E8 -> 0
A9: =A10 -> 481427175 | B9: =B10 -> 536712433 | C9: 保險給付 | D9: =D10 -> 543211117
A10: =A11 -> 481427175 | B10: =B11 -> 536712433 | C10: 短絀、賠償與保險給付 | D10: =D11 -> 543211117
A11: 481427175 | B11: 536712433 | C11: 保險給付 | D11: 543211117
A12: =A13 -> 0 | B12: =B13 -> 5641046 | C12: 提存責任準備 | D12: =D13 -> 97931897
A13: =A14 -> 0 | B13: =B14 -> 5641046 | C13: 短絀、賠償與保險給付 | D13: =D14 -> 97931897
A14: 0 | B14: =4641046+1000000 -> 5641046 | C14: 提存 | D14: =77931897+20000000 -> 97931897
A15: =A16 -> 733741 | B15: =B16 -> 764741 | C15: 呆帳 | D15: =D16 -> 671794
A16: =A17 -> 733741 | B16: =B17 -> 764741 | C16: 短絀、賠償與保險給付 | D16: =D17 -> 671794
A17: 733741 | B17: 764741 | C17: 各項短絀 | D17: 671794
A19: =A20+A23+A26 -> 32722268 | B19: =B20+B23+B26 -> 28480319 | C19: 就業保險 | D19: =D20+D23+D26 -> 29995584 | E19: =+A20+A23+A26 -> 32722268 | F19: =+A19-E19 -> 0
A20: =A21 -> 20840606 | B20: =B21 -> 25351364 | C20: 保險給付 | D20: =D21 -> 24949551
A21: =A22 -> 20840606 | B21: =B22 -> 25351364 | C21: 短絀、賠償與保險給付 | D21: =D22 -> 24949551
A22: 20840606 | B22: 25351364 | C22: 保險給付 | D22: 24949551
A23: =A24 -> 11838931 | B23: =B24 -> 3083789 | C23: 提存責任準備 | D23: =D24 -> 5010180
A24: =A25 -> 11838931 | B24: =B25 -> 3083789 | C24: 短絀、賠償與保險給付 | D24: =D25 -> 5010180
A25: 11838931 | B25: =3077004+6785 -> 3083789 | C25: 提存 | D25: 5010180
A26: =A27 -> 42731 | B26: =B27 -> 45166 | C26: 呆帳 | D26: =D27 -> 35853
A27: =A28 -> 42731 | B27: =B28 -> 45166 | C27: 短絀、賠償與保險給付 | D27: =D28 -> 35853
A28: 42731 | B28: 45166 | C28: 各項短絀 | D28: 35853
A30: =A31+A39+A36 -> 7099141 | B30: =B31+B39+B36 -> 6935035 | C30: 農保及農職保 | D30: =D31+D39+D36 -> 11132246 | E30: =+A31+A39+A36 -> 7099141 | F30: =+A30-E30 -> 0
A31: =A32 -> 7075333 | B31: =B32 -> 6928465 | C31: 保險給付 | D31: =D32 -> 11126966
A32: =A33 -> 7075333 | B32: =B33 -> 6928465 | C32: 短絀、賠償與保險給付 | D32: =D33 -> 11126966
A33: =+A34+A35 -> 7075333 | B33: =+B34+B35 -> 6928465 | C33: 保險給付 | D33: =+D34+D35 -> 11126966
A34: 6997444 | B34: 6755991 | C34: 農保 | D34: 10888472
A35: 77889 | B35: 172474 | C35: 農職保 | D35: 238494
A36: =A37 -> 18859 | B36: =B37 -> 0 | C36: 提存責任準備(農職保) | D36: =D37 -> 0
A37: =A38 -> 18859 | B37: =B38 -> 0 | C37: 短絀、賠償與保險給付 | D37: =D38 -> 0
A38: 18859 | B38: 0 | C38: 提存 | D38: 0
A39: =A40 -> 4949 | B39: =B40 -> 6570 | C39: 呆帳(農保) | D39: =D40 -> 5280
A40: =A41 -> 4949 | B40: =B41 -> 6570 | C40: 短絀、賠償與保險給付 | D40: =D41 -> 5280
A41: 4949 | B41: 6570 | C41: 各項短絀 | D41: 5280
A43: =A44++A47+A50-1 -> 8573169 | B43: =B44++B47+B50 -> 9848442 | C43: 勞職保及保護 | D43: =D44++D47+D50 -> 9280987 | E43: =A44+A47+A50 -> 8573170 | F43: =A43-E43 -> -1
A44: =A45 -> 7095379 | B44: =B45 -> 9754202 | C44: 保險給付 | D44: =D45 -> 7664166
A45: =A46 -> 7095379 | B45: =B46 -> 9754202 | C45: 短絀、賠償與保險給付 | D45: =D46 -> 7664166
A46: 7095379 | B46: 9754202 | C46: 保險給付 | D46: 7664166
A47: =A48 -> 1453745 | B47: =B48 -> 0 | C47: 提存責任準備 | D47: =D48 -> 1584201
A48: =A49 -> 1453745 | B48: =B49 -> 0 | C48: 短絀、賠償與保險給付 | D48: =D49 -> 1584201
A49: 1453745 | B49: 0 | C49: 提存 | D49: =1578402+5799 -> 1584201
A50: =A51 -> 24046 | B50: =B51 -> 94240 | C50: 呆帳 | D50: =D51 -> 32620
A51: =A52 -> 24046 | B51: =B52 -> 94240 | C51: 短絀、賠償與保險給付 | D51: =D52 -> 32620
A52: 24046 | B52: 94240 | C52: 各項短絀 | D52: 32620

Sheet 保險成本說明
A1: 勞 動 部 勞 工 保 險 局
A2: 勞 工 保 險 局 作 業 基 金
A3: 保險成本說明
A4: 中華民國113年度
A5: 科 目 | B5: 說 明
A7: 保險成本 | B7: 本科目勞動部勞工保險局辦理692,012,438千元；勞動部職業安全衛生署辦理211,187千元。 | E7: 252141 | F7: =582482044+6785 -> 582488829 | G7: =+E7+F7 -> 582740970
A8: 勞工保險
A9: 保險給付
A10: 短絀、賠償與保險給付
A11: 保險給付 | B11: 編列543,211,117千元，係參考以前年度統計資料預估各項給付事故、發生率及單價等因素，主要包含生育、傷病、失能、老年及死亡五項給付，詳第75頁保險給付分析表。
A12: 提存責任準備
A13: 短絀、賠償與保險給付
A14: 提存 | B14: 編列97,931,897千元，係勞工保險收入減支出後之餘額，悉數轉列提存責任準備。
A15: 呆帳
A16: 短絀、賠償與保險給付
A17: 各項短絀 | B17: 編列671,794千元，係按其他應收款及催收款項餘額依回收情況提列呆帳。
A19: 就業保險
A20: 保險給付
A21: 短絀、賠償與保險給付
A22: 保險給付 | B22: 編列24,949,551千元，係參考以前年度相關給付、津貼執行情形，包含失業給付、提早就業獎助津貼、職業訓練生活津貼、育嬰留職停薪津貼及補助全民健保費，詳第76頁保險給付分析表。
A23: 提存責任準備
A24: 短絀、賠償與保險給付
A25: 提存 | B25: 編列5,010,180千元，係就業保險收入減支出後之餘額，悉數轉列提存責任準備。
A26: 呆帳
A27: 短絀、賠償與保險給付
A28: 各項短絀 | B28: 編列35,853千元，係按其他應收款及催收款項餘額依回收情況提列呆帳。
A30: 農保及農職保
A31: 保險給付
A32: 短絀、賠償與保險給付
A33: 保險給付 | B33: 編列11,126,966千元，係參考以前年度統計資料預估各項給付發生率及單價等因素，詳第76~77頁保險給付分析表，其中：
B34: 1. | C34: 農保：編列10,888,472千元，主要包含生育給付、身心障礙給付及喪葬津貼。
B35: 2. | C35: 農職保：編列238,494千元，主要包含傷病給付、身心障礙給付、就醫津貼及喪葬津貼。
A36: 呆帳
A37: 短絀、賠償與保險給付
A38: 各項短絀 | B38: 編列5,280千元，係農保按催收款項餘額依回收情況提列呆帳。
A41: 勞職保及保護 | B41: 本科目勞動部勞工保險局辦理9,069,800千元；勞動部職業安全衛生署辦理211,187千元。
A42: 保險給付
A43: 短絀、賠償與保險給付
A44: 保險給付 | B44: 編列7,664,166千元，詳第77~80頁保險給付分析表，其中：
B45: 1. | C45: 編列7,452,979千元，係參考以前年度統計資料預估各項給付發生率及單價等因素，主要包含醫療、傷病、失能及死亡之各項給付等。
B46: 2. | C46: 編列211,187千元，由勞動部職業安全衛生署辦理，係參考職業災害勞工保護法以前年度執行情形，依勞工職業災害保險及保護法第79、104及105條規定之各項補助。
A47: 提存責任準備
A48: 短絀、賠償與保險給付
A49: 提存 | B49: 編列1,584,201千元，係勞職保及保護收入減支出後之餘額，悉數轉列提存責任準備。
A50: 呆帳
A51: 短絀、賠償與保險給付
A52: 各項短絀 | B52: 編列32,620千元，係按其他應收款及催收款項餘額依回收情況提列呆帳。

Sheet 其他業務成本明細表
A1: 勞 動 部 勞 工 保 險 局
A2: 勞 工 保 險 局 作 業 基 金
A3: 其他業務成本明細表
A4: 中華民國113年度 單位：新臺幣千元
A5: 前年度決算數 | B5: 上年度預算數 | C5: 科目及業務計畫項目 | D5: 本年度預算數
A7: =A8+A13+A18+1 -> 3972891 | B7: =B8+B13+B18 -> 5228218 | C7: 其他業務成本 | D7: =D8+D13+D18 -> 5959146 | E7: =+A8+A13+A18 -> 3972890
A8: =A9 -> 3104765 | B8: =B9 -> 4041431 | C8: 就業保險 | D8: =D9 -> 4459467
A9: =A10 -> 3104765 | B9: =B10 -> 4041431 | C9: 雜項業務成本 | D9: =D10 -> 4459467
A10: =A11 -> 3104765 | B10: =B11 -> 4041431 | C10: 其他 | D10: =D11 -> 4459467
A11: 3104765 | B11: =4048216-6785 -> 4041431 | C11: 其他費用 | D11: 4459467
A13: =A14 -> 26213 | B13: =B14 -> 24265 | C13: 農保及農職保 | D13: =D14 -> 101398
A14: =A15 -> 26213 | B14: =B15 -> 24265 | C14: 雜項業務成本(農保) | D14: =D15 -> 101398
A15: =A16 -> 26213 | B15: =B16 -> 24265 | C15: 租金與利息 | D15: =D16 -> 101398
A16: 26213 | B16: =23864+401 -> 24265 | C16: 利息 | D16: =97145+4253 -> 101398
A18: =A19 -> 841912 | B18: =B19 -> 1162522 | C18: 勞職保及保護 | D18: =D19 -> 1398281
A19: =SUM(A20,A31,A35,A41,A43,A45) -> 841912 | B19: =SUM(B20,B31,B35,B41,B43,B45) -> 1162522 | C19: 雜項業務成本 | D19: =SUM(D20,D31,D35,D41,D43,D45) -> 1398281
A20: =SUM(A21:A30)+1 -> 563481 | B20: =SUM(B21:B30) -> 486470 | C20: 服務費用 | D20: =SUM(D21:D30) -> 530253
A21: 305 | B21: 763 | C21: 水電費 | D21: 0
A22: 349 | B22: 409 | C22: 郵電費 | D22: 389
A23: 7082 | B23: 8465 | C23: 旅運費 | D23: 11523
A24: 809 | B24: 3393 | C24: 印刷裝訂及公告費 | D24: =5299-299 -> 5000
A25: 415 | B25: 0 | C25: 修理保養及保固費 | D25: 0
A26: 45 | B26: 194 | C26: 保險費 | D26: 200
A27: 193294 | B27: 135671 | C27: 一般服務費 | D27: =140706 -> 140706
A28: =11476+247530+93500 -> 352506 | B28: 323045 | C28: 專業服務費 | D28: =41495+313500 -> 354995
A29: 113 | B29: 5300 | C29: 媒體政策及業務宣導費 | D29: =8240-500 -> 7740
A30: 8562 | B30: 9230 | C30: 推展費 | D30: 9700
A31: 4244 | B31: =SUM(B32:B33) -> 4643 | C31: 材料及用品費 | D31: =SUM(D32:D33) -> 3309
A32: 445 | B32: 1734 | C32: 使用材料費 | D32: 450
A33: 3784 | B33: 2909 | C33: 用品消耗 | D33: 2859
A34: 16 | B34: 0 | C34: 商品及醫療用品 | D34: 0
A35: 2773 | B35: =SUM(B36:B40) -> 3949 | C35: 租金與利息 | D35: =SUM(D36:D40) -> 7902
A36: 23 | B36: 977 | C36: 地租及水租 | D36: 300
A37: 966 | B37: 742 | C37: 房租 | D37: 1952
A38: 199 | B38: 150 | C38: 機器租金 | D38: 950
A39: 1257 | B39: 1644 | C39: 交通及運輸設備租金 | D39: 4100
A40: 328 | B40: 436 | C40: 什項設備租金 | D40: 600
A41: 0 | B41: 0 | C41: 折舊、折耗及攤銷 | D41: =D42 -> 4858
A42: 0 | B42: 0 | C42: 攤銷 | D42: 4858
A43: 73 | B43: 0 | C43: 稅捐與規費(強制費) | D43: =D44 -> 0
A44: 73 | B44: 0 | C44: 規費 | D44: 0
A45: 271341 | B45: =SUM(B46:B48) -> 667460 | C45: 會費、捐助、補助、分攤 、救助(濟)與交流活動費 | D45: =SUM(D46:D48) -> 851959
A46: 249644 | B46: =644460-5000-2000 -> 637460 | C46: 捐助、補助與獎助 | D46: =826959-5000 -> 821959
A47: 1948 | B47: 0 | C47: 分擔 | D47: 0
A48: 19750 | B48: 30000 | C48: 補貼(償)、獎勵、慰問 與救助(濟) | D48: 30000

Sheet 其他業務成本說明
A1: 勞 動 部 勞 工 保 險 局
A2: 勞 工 保 險 局 作 業 基 金
A3: 其他業務成本說明
A4: 中華民國113年度
A5: 科 目 | B5: 說 明
A7: 其他業務成本 | B7: 本科目勞動部及所屬機關辦理4,459,467千元；勞動部勞工保險局辦理414,898千元；勞動部職業安全衛生署辦理1,084,781千元。 | D7: =4048216-6785 -> 4041431 | E7: =23864+304500+401 -> 328765 | F7: 860022 | G7: =SUM(D7:F7) -> 5230218
A8: 就業保險
A9: 雜項業務成本
A10: 其他
A11: 其他費用 | B11: 編列4,459,467千元，由勞動部及所屬機關辦理，係依就業保險法第12條第3項規定，辦理被保險人之在職訓練、被保險人失業後之職業訓練、創業協助及其他促進就業措施、被保險人之僱用安定措施、雇主僱用失業勞工之獎助等業務。
A13: 農保及農職保
A14: 雜項業務成本
A15: 租金與利息
A16: 利息 | B16: 編列101,398千元，由勞動部勞工保險局辦理，係農保虧損向勞工保險基金借款之利息支出，預估113年度平均借款金額為3,402,627千元，平均借款利率2.98%。貸款機關為勞動部勞動基金運用局，貸款用途為補足農保當年度收支不足數。
A18: 職業災害勞工保護
A19: 雜項業務成本
A20: 短絀、賠償與保險給付
A21: 保險給付 | B21: 編列15,886千元，由勞動部職業安全衛生署辦理，係政府對未加保勞工而遭遇職業災害者之各項補助，並參考以前年度執行情形核實編列，詳第88頁雜項業務成本分析表─職業災害勞工保護。
A23: 勞職保及保護
A24: 雜項業務成本 | B24: 編列1,398,281千元，由勞動部勞工保險局辦理313,500千元及勞動部職業安全衛生署辦理1,084,781千元，係依勞工職業災害保險及保護法第62條規定辦理職業災害預防及重建等業務，詳第81~82頁雜項業務成本分析表─勞職保及保護。 | D24: 304500 | E24: 865022 | F24: =SUM(D24:E24) -> 1169522
A25: 服務費用
A26: 水電費 | B26: 編列763千元，係業務實際需要並遵行節能減碳政策之水電費。
A27: 郵電費 | B27: 編列389千元，係郵費、電話費及數據通信費等。
A28: 旅運費 | B28: 編列11,523千元，係按國內出差旅費報支要點規定之國內旅費等。
A29: 印刷裝訂及公告費 | B29: 編列5,000千元，係各種文件、表單、報表、書函等之印刷及裝訂費。
A30: 保險費 | B30: 編列200千元，係責任保險費等。
A31: 一般服務費 | B31: 編列140,706千元，係委託廠商之服務費等；其中勞務承攬人力預計進用5人，編列3,960千元；契僱人力預計進用9人，編列5,260千元。
A32: 專業服務費 | B32: 編列354,995千元，係辦理各項講習之講課鐘點費與邀請專家學者及採購評選委員之出席費、電腦軟體服務費等41,495千元，以及預防職業病健康檢查313,500千元。
A33: 媒體政策及業務宣導費 | B33: 編列7,740千元，係辦理職業安全衛生、職業健康與安全衛生永續發展政策、職災勞工重返職場業務、職業傷病診治業務、職業災害預防及重建業務推廣、勞動與安全健康工作環境觀念認知等職業災害預防業務，相關媒體通路宣導製作、託播及刊登等。
A34: 推展費 | B34: 編列9,700千元，係運用研究成果與配合產業特性或展示主題，製作勞動及安全衛生展品，進行多元化展示與推廣營造業防災及安全衛生意識等。
A35: 材料及用品費
A36: 使用材料費 | B36: 編列450千元，係租賃車輛之燃料等。
A37: 用品消耗 | B37: 編列2,859千元，係各種辦公用品及其他雜支等。
A38: 租金與利息
A39: 地租及水租 | B39: 編列300千元，係租賃室外場地等租金。
A40: 房租 | B40: 編列1,952千元，係租賃室內活動場地等租金。
A41: 機器租金 | B41: 編列950千元，係租賃機械及設備等租金。
A42: 交通及運輸設備租金 | B42: 編列4,100千元，係租賃檢查車輛租金。
A43: 什項設備租金 | B43: 編列600千元，係租賃防護及機具等什項設備租金。
A44: 折舊、折耗及攤銷
A45: 攤銷 | B45: 編列4,858千元，係無形資產之攤銷費用。
A46: 會費、捐助、補助、分攤 、救助(濟)與交流活動費
A47: 捐助、補助與獎助 | B47: 編列821,959千元，係補助職業及機械設備輔導、認可醫療機構辦理傷病診治服務、通報及轉介、認可職能復健機構辦理職能復健服務、補助地方主管機關辦理職業災害勞工協助事項、捐(補)助財團法人職業災害預防及重建中心等。
A48: 補貼(償)、獎勵、慰問 與救助(濟) | B48: 編列30,000千元，係職災勞工保護主動服務慰問金之經費。

Sheet 業務外費用明細表
A1: 勞 動 部 勞 工 保 險 局
A2: 勞 工 保 險 局 作 業 基 金
A3: 業務外費用明細表
A4: 中華民國113年度 單位：新臺幣千元
A5: 前年度決算數 | B5: 上年度預算數 | C5: 科目及業務計畫項目 | D5: 本年度預算數
A7: 723 | B7: =B8+B14+B20 -> 155 | C7: 業務外費用 | D7: =D8+D14+D20 -> 2034
A8: 645 | B8: =B9 -> 144 | C8: 勞工保險 | D8: =D9 -> 2023
A9: 645 | B9: =B10 -> 144 | C9: 其他業務外費用 | D9: =D10 -> 2023
A10: 645 | B10: =B11 -> 144 | C10: 雜項費用 | D10: =D11 -> 2023
A11: 645 | B11: =B12 -> 144 | C11: 其他 | D11: =D12 -> 2023
A12: 645 | B12: 144 | C12: 其他費用 | D12: 2023
A14: 58 | B14: =B15 -> 11 | C14: 就業保險 | D14: =D15 -> 11
A15: 58 | B15: =B16 -> 11 | C15: 其他業務外費用 | D15: =D16 -> 11
A16: 58 | B16: =B17 -> 11 | C16: 雜項費用 | D16: =D17 -> 11
A17: 58 | B17: =B18 -> 11 | C17: 其他 | D17: =D18 -> 11
A18: 58 | B18: 11 | C18: 其他費用 | D18: 11
A20: 19 | B20: =B21 -> 0 | C20: 勞職保及保護 | D20: =D21 -> 0
A21: 19 | B21: =B22 -> 0 | C21: 其他業務外費用 | D21: =D22 -> 0
A22: 19 | B22: =B23 -> 0 | C22: 雜項費用 | D22: =D23 -> 0
A23: 19 | B23: =B24 -> 0 | C23: 其他 | D23: =D24 -> 0
A24: 19 | B24: 0 | C24: 其他費用 | D24: 0

Sheet 業務外費用說明
A1: 勞 動 部 勞 工 保 險 局
A2: 勞 工 保 險 局 作 業 基 金
A3: 業務外費用說明
A4: 中華民國113年度
A5: 科 目 | B5: 說 明
A7: 業務外費用 | B7: 本科目全數由勞動部勞工保險局辦理。
A8: 勞工保險
A9: 其他業務外費用
A10: 雜項費用
A11: 其他
A12: 其他費用 | B12: 係應付保管款滿4年轉雜項收入後再提出申請編列2,011千元及依據勞動部改制前之行政院勞工委員會93年10月26日勞保1字第0930051342號函示，同意投保單位繳納保險費之金額差異在新臺幣10元以下者，轉列雜項費用編列12千元。 | G12: 普通組50千元 保費組12千元
A13: 就業保險
A14: 其他業務外費用
A15: 雜項費用
A16: 其他
A17: 其他費用 | B17: 係依據勞動部改制前之行政院勞工委員會93年10月26日勞保1字第0930051342號函示，同意投保單位繳納保險費之金額差異在新臺幣10元以下者，轉列雜項費用編列11千元。
A19: 就業保險
A20: 其他業務外費用
A21: 雜項費用
A22: 其他
A23: 其他費用 | B23: 編列0千元，係應付保管款滿4年轉雜項收入後再提出申請。

Sheet 資產折舊明細表
A1: 勞 動 部 勞 工 保 險 局
A2: 勞 工 保 險 局 作 業 基 金
A3: 資產折舊明細表
A4: 中華民國113年度 單位：新臺幣千元
A5: 項目 | B5: 不動產、廠房及設備 | J5: 投資性 不動產 | K5: 其他 | L5: 合 計
B6: 土地 改 良物 | C6: 房屋及 建築 | D6: 機械及 設備 | E6: 交通 及運 輸設備 | F6: 什 項 設 備 | G6: 租賃 權益 | H6: 租賃權 益改良 | I6: 生產 性 植物
A7: 前年度決算資產原值 | B7: 0 | C7: 0 | D7: 0 | E7: 0 | F7: 0 | G7: 0 | H7: 0 | I7: 0 | J7: 1931021 | K7: 0 | L7: =SUM(B7:K7) -> 1931021
A8: 上年度預計增減資產原值 | B8: 0 | C8: 0 | D8: 0 | E8: 0 | F8: 0 | G8: 0 | H8: 0 | I8: 0 | J8: 0 | K8: 0 | L8: =SUM(B8:K8) -> 0
A9: 本年度預計增減資產原值 | B9: =B7-B8 -> 0 | C9: =C7-C8 -> 0 | D9: =D7-D8 -> 0 | E9: =E7-E8 -> 0 | F9: =F7-F8 -> 0 | G9: =G7-G8 -> 0 | H9: =H7-H8 -> 0 | I9: 0 | J9: 0 | K9: =K7-K8 -> 0 | L9: =SUM(B9:K9) -> 0
A10: 資產重估增值額 | B10: 0 | C10: 0 | D10: 0 | E10: 0 | F10: 0 | G10: 0 | H10: 0 | I10: 0 | J10: 0 | K10: 0 | L10: =SUM(B10:K10) -> 0
A11: 本年度(12月底)止資產總額 | B11: 0 | C11: 0 | D11: 0 | E11: 0 | F11: 0 | G11: 0 | H11: 0 | I11: 0 | J11: 1931021 | K11: 0 | L11: =SUM(B11:K11) -> 1931021
A12: 本年度應提折舊額 | B12: 0 | C12: 0 | D12: 0 | E12: 0 | F12: 0 | G12: 0 | H12: 0 | I12: 0 | J12: =J13 -> 16151 | K12: 0 | L12: =SUM(B12:K12) -> 16151
A13: 出租資產 成本 | B13: 0 | C13: 0 | D13: 0 | E13: 0 | F13: 0 | G13: 0 | H13: 0 | I13: 0 | J13: =J14 -> 16151 | K13: 0 | L13: =SUM(B13:K13) -> 16151
A14: 投資性 不動產 折舊 | B14: 0 | C14: 0 | D14: 0 | E14: 0 | F14: 0 | G14: 0 | H14: 0 | I14: 0 | J14: 16151 | K14: 0 | L14: =SUM(B14:K14) -> 16151

Sheet 基金數額增減明細表
A1: 勞 動 部 勞 工 保 險 局
A2: 勞 工 保 險 局 作 業 基 金
A3: 基金數額增減明細表
A4: 中華民國113年度 單位：新臺幣千元
A5: 項目 | B5: 金額 | C5: 說明
A7: 期初基金數額 | B7: 625
A8: 加：
A9: 以前年度公積撥充 | B9: -
A10: 賸餘撥充 | B10: -
A11: 以國有財產撥充 | B11: -
A12: 國庫增撥數 | B12: -
A13: 其他 | B13: -
A14: 減：
A15: 填補短絀 | B15: -
A16: 折減基金繳庫 | B16: -
A17: 其他 | B17: -
A18: 期末基金數額 | B18: =B7+B8 -> 625

Sheet 無形資產明細表
A1: 勞 動 部 勞 工 保 險 局
A2: 勞 工 保 險 局 作 業 基 金
A3: 無形資產明細表
A4: 中華民國113年度 單位：新臺幣千元
A5: 前年度決算數 | B5: 上年度預算數 | C5: 科目及業務項目 | D5: 本年度預算數 | E5: 說 明
A7: =A9 -> 13749 | B7: =B9 -> 10400 | C7: 電腦軟體 | D7: =D9 -> 12000 | E7: 本科目全數由勞動部職業安全衛生署辦理。
A9: 13749 | B9: 10400 | C9: 委外開發設計應用軟體 | D9: 12000 | E9: 1. | F9: 辦理職業災害勞工服務資訊整合管理系統及行動版相關功能之擴充5,000千元。
E10: 2. | F10: 辦理化學品相關資訊系統網站、建置作業環境監測及暴露評估相關系統之擴充2,050千元。
E11: 3. | F11: 辦理全國勞工特殊健康檢查資料庫系統功能之擴充2,950千元。
E12: 4. | F12: 辦理全國職業安全衛生智能雲系統功能之擴充2,000千元。
A13: 1689 | B13: 0 | C13: 發展中之無形資產 | D13: 0
A14: 1689 | B14: 0 | C14: 委外開發設計應用軟體 | D14: 0
A21: =A7+A13 -> 15438 | B21: =B7 -> 10400 | C21: 總 計 | D21: =D7+D13 -> 12000

Sheet 貸出款明細表 
A1: 勞 動 部 勞 工 保 險 局
A2: 勞 工 保 險 局 作 業 基 金
A3: 貸出款明細表
A4: 中華民國113年度 單位：新臺幣千元
A5: 計畫名稱 | B5: 貸款 年度 | C5: 期初貸出 餘額 | D5: 本年度貸出 金額 | E5: 本年度收回 金額 | F5: 截至本年度 累計 貸出餘額 | G5: 備註
A6: 短期貸款 | B6: 113 | C6: 5049000 | D6: 1607000 | E6: 0 | F6: =+C6+D6-E6 -> 6656000 | G6: 係依據行政院89年5月18日台89忠一字第09118號函辦理農保短期週轉。 | I6: 農保組及基金運用局
A7: 應收到期長期貸款 | B7: 113 | C7: 285000 | D7: 1500000 | E7: 1500000 | F7: =+C7+D7-E7 -> 285000 | I7: 保費組
A8: 小計 | C8: =SUM(C6:C7) -> 5334000 | D8: =SUM(D6:D7) -> 3107000 | E8: =SUM(E6:E7) -> 1500000 | F8: =SUM(F6:F7) -> 6941000
A9: 長期貸款 | B9: 113 | C9: 10371000 | D9: 10600000 | E9: 8600000 | F9: =+C9+D9-E9 -> 12371000 | G9: 1. 2. | H9: 係依據92年1月20日總統華總一義字第09200012650號令修正公布勞工保險條例第67條，被保險人向勞保基金貸款。 | I9: 保費組
A11: 減:轉列應收到期長期貸款 | B11: 113 | C11: 0 | D11: 0 | E11: 1500000 | F11: =+C11+D11-E11 -> -1500000 | G11: 2. | H11: 截至本年度累計貸出餘額未包含長期貸款轉列催收款項計19,617,413千元，又本年度被保險人貸款轉催收款項減少數814,409千元。
A12: 小計 | C12: =SUM(C9:C11) -> 10371000 | D12: =SUM(D9:D11) -> 10600000 | E12: =SUM(E9:E11) -> 10100000 | F12: =SUM(F9:F11) -> 10871000
A21: 合計 | C21: =+C8+C12 -> 15705000 | D21: =+D8+D12 -> 13707000 | E21: =+E8+E12 -> 11600000 | F21: =+F8+F12 -> 17812000

Sheet 平衡表-總
A1: 勞 動 部 勞 工 保 險 局
A2: 勞 工 保 險 局 作 業 基 金
A3: 預計平衡表
A4: 中華民國113年12月31日 單位：新臺幣千元
A5: 111年12月31日 實際數 | B5: 科目 | C5: 113年12月31日 預計數 | D5: 112年12月31日 預計數 | E5: 比較增減
A9: =+A10+A16+A19+A21+A23+1 -> 1066378904 | B9: 資產 | C9: =+C10+C16+C19+C21+C23 -> 1192869105 | D9: =+D10+D16+D19+D21+D23 -> 1086866417 | E9: =+E10+E16+E19+E21+E23 -> 106002688
A10: =SUM(A11:A15)-1 -> 798377438 | B10: 流動資產 | C10: =SUM(C11:C15) -> 931459503 | D10: =SUM(D11:D15) -> 842169176 | E10: =SUM(E11:E15) -> 89290327
A11: 63375917 | B11: 現金 | C11: =82991881+1000000+2000+20000000 -> 103993881 | D11: =77279160+1000000+2000 -> 78281160 | E11: =C11-D11 -> 25712721
A12: 628645613 | B12: 流動金融資產 | C12: 715647935 | D12: 655319812 | E12: =C12-D12 -> 60328123
A13: 103127013 | B13: 應收款項 | C13: 104870687 | D13: 103232204 | E13: =C13-D13 -> 1638483
A14: 6962 | B14: 預付款項 | C14: 6000 | D14: 2000 | E14: =C14-D14 -> 4000
A15: 3221934 | B15: 短期貸墊款 | C15: 6941000 | D15: 5334000 | E15: =C15-D15 -> 1607000
A16: =SUM(A17:A18) -> 239515595 | B16: 投資、長期應收款、貸墊款及準備金 | C16: =SUM(C17:C18) -> 235458903 | D16: =SUM(D17:D18) -> 217999982 | E16: =SUM(E17:E18) -> 17458921
A17: 231543196 | B17: 非流動金融資產 | C17: 224587903 | D17: 207628982 | E17: =C17-D17 -> 16958921
A18: 7972399 | B18: 長期貸款 | C18: 10871000 | D18: 10371000 | E18: =C18-D18 -> 500000
A19: =+A20 -> 1385694 | B19: 投資性不動產 | C19: =+C20 -> 1353392 | D19: =+D20 -> 1369543 | E19: =+E20 -> -16151
A20: 1385694 | B20: 投資性不動產 | C20: 1353392 | D20: 1369543 | E20: =C20-D20 -> -16151
A21: =A22 -> 15463 | B21: 無形資產 | C21: =C22 -> 30173 | D21: =D22 -> 23031 | E21: =+E22 -> 7142
A22: 15463 | B22: 無形資產 | C22: =30148+25 -> 30173 | D22: =23006+25 -> 23031 | E22: =C22-D22 -> 7142
A23: =+A24+A25+A26 -> 27084713 | B23: 其他資產 | C23: =+C24+C25+C26 -> 24567134 | D23: =+D24+D25+D26 -> 25304685 | E23: =+E24+E25+E26 -> -737551
A24: 38533 | B24: 遞延資產 | C24: =37340-25 -> 37315 | D24: =37949-25 -> 37924 | E24: =C24-D24 -> -609
A25: 26807868 | B25: 什項資產 | C25: 24291507 | D25: 25028449 | E25: =C25-D25 -> -736942
A26: 238312 | B26: 待處理資產 | C26: 238312 | D26: 238312 | E26: =C26-D26 -> 0
A29: =A9 -> 1066378904 | B29: 合計 | C29: =C9 -> 1192869105 | D29: =D9 -> 1086866417 | E29: =E9 -> 106002688
A30: =A31+A36 -> 1066373695 | B30: 負債 | C30: =C31+C36 -> 1192863896 | D30: =D31+D36 -> 1086861208 | E30: =E31+E36 -> 106002688
A31: =SUM(A32:A35) -> 23697230 | B31: 流動負債 | C31: =SUM(C32:C35) -> 27229224 | D31: =SUM(D32:D35) -> 25617217 | E31: =SUM(E32:E35) -> 1612007
A32: 3120000 | B32: 短期債務 | C32: 6656000 | D32: 5049000 | E32: =C32-D32 -> 1607000
A33: 19999303 | B33: 應付款項 | C33: 19998072 | D33: 19995841 | E33: =C33-D33 -> 2231
A34: 302135 | B34: 預收款項 | C34: 299360 | D34: 296584 | E34: =C34-D34 -> 2776
A35: 275792 | B35: 流動金融負債 | C35: 275792 | D35: 275792 | E35: =C35-D35 -> 0
A36: =SUM(A37:A39)+1 -> 1042676465 | B36: 其他負債 | C36: =SUM(C37:C39) -> 1165634672 | D36: =SUM(D37:D39) -> 1061243991 | E36: =SUM(E37:E39) -> 104390681
A37: 3853346 | B37: 遞延負債 | C37: 3731516 | D37: 3792431 | E37: =C37-D37 -> -60915
A38: 1038660157 | B38: 負債準備 | C38: =1140738024+1002000+20000000 -> 1161740024 | D38: =1056285528+1002000 -> 1057287528 | E38: =C38-D38 -> 104452496
A39: 162961 | B39: 什項負債 | C39: 163132 | D39: 164032 | E39: =C39-D39 -> -900
A40: =A41+A43+A45 -> 5209 | B40: 淨值 | C40: =C41+C43+C45 -> 5209 | D40: =D41+D43+D45 -> 5209 | E40: =E41+E43+E45 -> 0
A41: =A42 -> 625 | B41: 基金 | C41: =C42 -> 625 | D41: =D42 -> 625 | E41: =E42 -> 0
A42: 625 | B42: 基金 | C42: 625 | D42: 625 | E42: =C42-D42 -> 0
A43: =A44 -> 4584 | B43: 公積 | C43: =C44 -> 4584 | D43: =D44 -> 4584 | E43: =E44 -> 0
A44: 4584 | B44: 資本公積 | C44: 4584 | D44: 4584 | E44: =C44-D44 -> 0
A45: =A46 -> 0 | B45: 累積餘絀 | C45: =C46 -> 0 | D45: =D46 -> 0 | E45: =E46 -> 0
A46: 0 | B46: 累積賸餘 | C46: 0 | D46: 0 | E46: 0
A48: =A30+A40 -> 1066378904 | B48: 合計 | C48: =C30+C40 -> 1192869105 | D48: =D30+D40 -> 1086866417 | E48: =E30+E40 -> 106002688
A49: 註：本年度信託代理與保證資產（負債）預計為195,673千元，係包括（應付）保證品69,784千元及應收（受託）代收款 125,889千元。

Sheet 5年來主要營運項目分析表
A1: 勞 動 部 勞 工 保 險 局
A2: 勞 工 保 險 局 作 業 基 金
A3: 5年來主要營運項目分析表
A4: 中華民國113年度 單位：新臺幣千元
A5: 年 度 及 項 目 | B5: 單位 | C5: 數量 | D5: 單位成本 （元）或平 均利(費)率 | E5: 預(決)算數 | F5: 說明
A7: 本年度預算數 | E7: =E8 -> 586951800
A8: 保險給付 | E8: =SUM(E9:E12) -> 586951800
A9: 勞工保險 | E9: 543211117
A10: 就業保險 | E10: 24949551
A11: 農保及農職保 | E11: ='收支餘絀預計表-總'!D70+'收支餘絀預計表-總'!D71 -> 11126966
A12: 勞職保及保護 | E12: ='收支餘絀預計表-總'!D72 -> 7664166
A14: 上年度預算數 | E14: =E15 -> 578746464
A15: 保險給付 | E15: =SUM(E16:E19) -> 578746464
A16: 勞工保險 | E16: 536712433
A17: 就業保險 | E17: 25351364
A18: 農保及農職保 | E18: 6928465
A19: 勞職保及保護 | E19: 9754202
A21: 前年度決算數 | E21: =E22 -> 516438493
A22: 保險給付 | E22: =SUM(E23:E26) -> 516438493
A23: 勞工保險 | E23: 481427175
A24: 就業保險 | E24: 20840606
A25: 農保及農職保 | E25: =6997444+77889 -> 7075333
A26: 勞職保及保護 | E26: 7095379
A28: 110年度決算數 | E28: =E29 -> 491238317
A29: 保險給付 | E29: =SUM(E30:E33) -> 491238317
A30: 勞工保險 | E30: 456360965
A31: 就業保險 | E31: 20801976
A32: 農保及農職保 | E32: 6749730
A33: 勞職保及保護 | E33: 7325646
A35: 109年度決算數 | E35: =E36 -> 486281174
A36: 保險給付 | E36: =SUM(E37:E40) -> 486281174
A37: 勞工保險 | E37: 448797088
A38: 就業保險 | E38: 23106476
A39: 農保及農職保 | E39: 6940840
A40: 勞職保及保護 | E40: 7436770

Sheet 員工人數彙計表
A1: 勞 動 部 勞 工 保 險 局
A2: 勞 工 保 險 局 作 業 基 金
A3: 員工人數彙計表
A4: 中華民國113年度 單位：人
A5: 科 目 | B5: 上年度最高 | C5: 本年度增減(-)數 | D5: 本年度最高 | E5: 說 明
B6: 可進用員額數 | D6: 可進用員額數
E7: 本年度無預算員額。
A22: 總 計
A23: 註：係勞動部職業安全衛生署、勞動部勞動基金運用局非以用人費用科目辦理項目，包括： 1.勞務承攬人力主要係辦理協助發放職災勞工死亡慰問金、基金投資不動產保全管理等相關業務，預計6人。 2.契僱人力主要係辦理各地方政府職災勞工服務紀錄填報確認、電話服務、郵件收受、公文繕校、資料建檔 繕校等業務，預計9人。

Sheet 用人費用彙計表
A1: 勞 動 部 勞 工 保 險 局
A2: 勞 工 保 險 局 作 業 基 金
A3: 用人費用彙計表
A4: 中華民國113年度 單位：新臺幣千元
A5: 科 目 | B5: 正式員 額薪資 | C5: 聘僱人員薪資 | D5: 加(夜) 班費 | E5: 津貼 | F5: 獎金 | G5: 退休及卹償金 | H5: 福利費 | I5: 提繳費 | J5: 總計
A19: 合 計
A20: 註：係勞動部職業安全衛生署、勞動部勞動基金運用局非以用人費用科目辦理項目，包括： 1.勞務承攬人力主要係辦理協助發放職災勞工死亡慰問金、基金投資不動產保全管理等相關業務，預計6人， 編列一般服務費4,349千元(勞動部職業安全衛生署3,960千元，勞動部勞動基金運用局389千元)。 2.契僱人力主要係辦理各地方政府職災勞工服務紀錄填報確認、電話服務、郵件收受、公文繕校、資料建檔 繕校等業務，預計9人，勞動部職業安全衛生署編列一般服務費5,260千元。

Sheet 媒體政策及業務宣導費彙計表
A1: 勞 動 部 勞 工 保 險 局
A2: 勞 工 保 險 局 作 業 基 金
A3: 媒體政策及業務宣導費彙計表
A4: 中華民國113年度 單位：新臺幣千元
A5: 前年度決算數 | B5: 上年度預算數 | C5: 科目 | D5: 預算數 | E5: 預計執行內容
A7: 0 | B7: 0 | C7: 業務支出部分 | D7: =D8+D12 -> 7740 | E7: 本科目全數由勞動部職業安全衛生署辦理。
A8: 0 | B8: 0 | C8: 其他業務成本 | D8: =D9+D10 -> 7740
A9: 0 | B9: 0 | C9: 勞職保及保護 | D9: =8240-500 -> 7740 | E9: 辦理職業安全衛生、職業健康與安全衛生永續發展政策、職災勞工重返職場業務、職業傷病診治業務、職業災害預防及重建業務推廣、勞動與安全健康工作環境觀念認知等職業災害預防業務，相關媒體通路宣導製作、託播及刊登等經費7,740千元。
A20: =A7+A15 -> 0 | B20: =B7 -> 0 | C20: 總 計 | D20: =D7 -> 7740

Sheet 各項費用彙計表
A1: 勞 動 部 勞 工 保 險 局
A2: 勞 工 保險局 作 業 基 金
A3: 各 項 費 用 彙 計 表
D4: 中華民國 113年度 | G4: 單位：新臺幣千元
A5: 前 年 度 | B5: 上 年 度 | C5: 科 目 | D5: 本年度預算數
A6: 決 算 數 | B6: 預 算 數 | D6: 合計 | E6: 出租資 產成本 | F6: 投融資業 務成本 | G6: 保險成本 | H6: 其他業 務成本 | I6: 其他業務 外費用
A8: =1609430 -> 1609430 | B8: =SUM(B9:B18) -> 1492874 | C8: 服務費用 | D8: =SUM(D9:D18) -> 1547030 | E8: =SUM(E9:E18) -> 3491 | F8: =SUM(F9:F18) -> 1013286 | G8: =SUM(G9:G18) -> 0 | H8: =SUM(H9:H18) -> 530253 | I8: =SUM(I9:I18) -> 0
A9: 307 | B9: 770 | C9: 水電費 | D9: =SUM(E9:I9) -> 7 | E9: 7 | F9: 0 | G9: 0 | H9: 0 | I9: 0
A10: 349 | B10: 409 | C10: 郵電費 | D10: =SUM(E10:I10) -> 389 | E10: 0 | F10: 0 | G10: 0 | H10: 389 | I10: 0
A11: 7082 | B11: 8465 | C11: 旅運費 | D11: =SUM(E11:I11) -> 11523 | E11: 0 | F11: 0 | G11: 0 | H11: 11523 | I11: 0
A12: 810 | B12: 3394 | C12: 印刷裝訂及公告費 | D12: =SUM(E12:I12) -> 5001 | E12: 1 | F12: 0 | G12: 0 | H12: =5299-299 -> 5000 | I12: 0
A13: 1538 | B13: 2089 | C13: 修理保養及保固費 | D13: =SUM(E13:I13) -> 2550 | E13: 2550 | F13: 0 | G13: 0 | H13: 0 | I13: 0
A14: 45 | B14: 194 | C14: 保險費 | D14: =SUM(E14:I14) -> 200 | E14: 0 | F14: 0 | G14: 0 | H14: 200 | I14: 0
A15: 1220031 | B15: 1107378 | C15: 一般服務費 | D15: =SUM(E15:I15) -> 1124578 | E15: 783 | F15: 983089 | G15: 0 | H15: 140706 | I15: 0
A16: 370592 | B16: 355645 | C16: 專業服務費 | D16: =SUM(E16:I16) -> 385342 | E16: 150 | F16: 30197 | G16: 0 | H16: 354995 | I16: 0
A17: 113 | B17: 5300 | C17: 媒體政策及業務宣導費 | D17: =SUM(E17:I17) -> 7740 | E17: 0 | F17: 0 | G17: 0 | H17: =8240-500 -> 7740 | I17: 0
A18: 8562 | B18: 9230 | C18: 推展費 | D18: =SUM(E18:I18) -> 9700 | E18: 0 | F18: 0 | G18: 0 | H18: 9700 | I18: 0
A19: 4244 | B19: =SUM(B20:B21) -> 4643 | C19: 材料及用品費 | D19: =SUM(D20:D22) -> 3309 | E19: =E21 -> 0 | F19: =F21 -> 0 | G19: =G21 -> 0 | H19: =SUM(H20:H22) -> 3309 | I19: =I21 -> 0
A20: 445 | B20: 1734 | C20: 使用材料費 | D20: =SUM(E20:I20) -> 450 | E20: 0 | F20: 0 | G20: 0 | H20: 450 | I20: 0
A21: 3784 | B21: 2909 | C21: 用品消耗 | D21: =SUM(E21:I21) -> 2859 | E21: 0 | F21: 0 | G21: 0 | H21: 2859 | I21: 0
A22: 16 | B22: 0 | C22: 商品及醫療用品 | D22: =SUM(E22:I22) -> 0 | E22: 0 | F22: 0 | G22: 0 | H22: 0 | I22: 0
A23: 182279 | B23: =SUM(B24:B29) -> 28214 | C23: 租金與利息 | D23: =SUM(D24:D29) -> 109300 | E23: =SUM(E24:E29) -> 0 | F23: =SUM(F24:F29) -> 0 | G23: =SUM(G24:G29) -> 0 | H23: =SUM(H24:H29) -> 109300 | I23: =SUM(I24:I29) -> 0
A24: 23 | B24: 977 | C24: 地租及水租 | D24: =SUM(E24:I24) -> 300 | E24: 0 | F24: 0 | G24: 0 | H24: 300 | I24: 0
A25: 966 | B25: 742 | C25: 房租 | D25: =SUM(E25:I25) -> 1952 | E25: 0 | F25: 0 | G25: 0 | H25: 1952 | I25: 0
A26: 199 | B26: 150 | C26: 機器租金 | D26: =SUM(E26:I26) -> 950 | E26: 0 | F26: 0 | G26: 0 | H26: 950 | I26: 0
A27: 1257 | B27: 1644 | C27: 交通及運輸設備租金 | D27: =SUM(E27:I27) -> 4100 | E27: 0 | F27: 0 | G27: 0 | H27: 4100 | I27: 0
A28: 328 | B28: 436 | C28: 什項設備租金 | D28: =SUM(E28:I28) -> 600 | E28: 0 | F28: 0 | G28: 0 | H28: 600 | I28: 0
A29: 179506 | B29: 24265 | C29: 利息 | D29: =SUM(E29:I29) -> 101398 | E29: 0 | F29: 0 | G29: 0 | H29: 101398 | I29: 0
A30: 16760 | B30: =B31+B32 -> 16760 | C30: 折舊、折耗及攤銷 | D30: =D31+D32 -> 21618 | E30: =E31+E32 -> 16760 | F30: =F31+F32 -> 0 | G30: =G31+G32 -> 0 | H30: =H31+H32 -> 4858 | I30: =I31+I32 -> 0
A31: 16151 | B31: 16151 | C31: 投資性不動產折舊 | D31: =SUM(E31:I31) -> 16151 | E31: 16151 | F31: 0 | G31: 0 | H31: 0 | I31: 0
A32: 609 | B32: 609 | C32: 攤銷 | D32: =SUM(E32:I32) -> 5467 | E32: 609 | F32: 0 | G32: 0 | H32: 4858 | I32: 0
A33: 10712 | B33: =SUM(B34:B37) -> 12010 | C33: 稅捐與規費(強制費) | D33: =D34+D35+D36+D37 -> 12011 | E33: =E34+E35+E36+E37 -> 12011 | F33: =F34+F35+F36+F37 -> 0 | G33: =G34+G35+G36+G37 -> 0 | H33: =H34+H35+H36+H37 -> 0 | I33: =I34+I35+I36+I37 -> 0
A34: 10634 | B34: 12000 | C34: 土地稅 | D34: =SUM(E34:I34) -> 12000 | E34: 12000 | F34: 0 | G34: 0 | H34: 0 | I34: 0
A35: 1 | B35: 1 | C35: 房屋稅 | D35: =SUM(E35:I35) -> 2 | E35: 2 | F35: 0 | G35: 0 | H35: 0 | I35: 0
A36: 0 | C36: 消費與行為稅 | F36: 0 | G36: 0 | H36: 0 | I36: 0
A37: 77 | B37: 9 | C37: 規費 | D37: =SUM(E37:I37) -> 9 | E37: 9 | F37: 0 | G37: 0 | H37: 0 | I37: 0
A38: 271341 | B38: =SUM(B39:B42) -> 667460 | C38: 會費、捐助、補助、分攤、救助（濟）與交流活動費 | D38: =D39+D40+D41+D42 -> 851959 | E38: =E39+E40+E41+E42 -> 0 | F38: =F39+F40+F41+F42 -> 0 | G38: =G39+G40+G41+G42 -> 0 | H38: =H39+H40+H41+H42 -> 851959 | I38: =I39+I40+I41+I42 -> 0
A39: 0 | B39: 0 | C39: 會費 | D39: =SUM(E39:I39) -> 0 | E39: 0 | F39: 0 | G39: 0 | H39: 0 | I39: 0
A40: 249644 | B40: =639460-2000 -> 637460 | C40: 捐助、補助與獎助 | D40: =SUM(E40:I40) -> 821959 | E40: 0 | F40: 0 | G40: 0 | H40: =826959-5000 -> 821959 | I40: 0
A41: 1948 | B41: 0 | C41: 分擔 | D41: =SUM(E41:I41) -> 0 | E41: 0 | F41: 0 | G41: 0 | H41: 0 | I41: 0
A42: 19750 | B42: 30000 | C42: 補貼（償）、獎勵、慰問與救助（ 濟） | D42: =SUM(E42:I42) -> 30000 | E42: 0 | F42: 0 | G42: 0 | H42: 30000 | I42: 0
A43: 819463660 | B43: =SUM(B44:B46) -> 588382016 | C43: 短絀、賠償與保險給付 | D43: =D44+D45+D46 -> 692223625 | E43: =E44+E45+E46 -> 0 | F43: =F44+F45+F46 -> 0 | G43: =G45+G46+G44 -> 692223625 | H43: =H45+H46+H44 -> 0 | I43: 0
A44: 289713632 | B44: 910717 | C44: 各項短絀 | D44: =SUM(E44:I44) -> 745547 | E44: 0 | F44: =3138000-3138000 -> 0 | G44: 745547 | H44: 0 | I44: 0
A45: 516438493 | B45: 578746464 | C45: 保險給付 | D45: =SUM(E45:I45) -> 586951800 | E45: 0 | F45: 0 | G45: 586951800 | H45: 0 | I45: 0
A46: 13311535 | B46: =7724835+1000000 -> 8724835 | C46: 提存 | D46: =SUM(E46:I46) -> 104526278 | E46: 0 | F46: 0 | G46: =84526278+20000000 -> 104526278 | H46: 0 | I46: 0
A47: 3105523 | B47: =SUM(B48:B48) -> 4041748 | C47: 其他 | D47: =D48 -> 4461662 | E47: =E48 -> 161 | F47: =F48 -> 0 | G47: =G48 -> 0 | H47: =H48 -> 4459467 | I47: =I48 -> 2034
A48: 3105523 | B48: 4041748 | C48: 其他費用 | D48: =SUM(E48:I48) -> 4461662 | E48: 161 | F48: 0 | G48: 0 | H48: 4459467 | I48: 2034
A49: 824663948 | B49: =+B8+B19+B23+B30+B33+B43+B47+B38 -> 594645725 | C49: 總 計 | D49: =+D8+D19+D23+D30+D33+D43+D47+D38 -> 699230514 | E49: =+E8+E19+E23+E30+E33+E43+E47+E38 -> 32423 | F49: =+F8+F19+F23+F30+F33+F43+F47+F38 -> 1013286 | G49: =+G8+G19+G23+G30+G33+G43+G47+G38 -> 692223625 | H49: =+H8+H19+H23+H30+H33+H43+H47+H38 -> 5959146 | I49: =+I8+I19+I23+I30+I33+I43+I47+I38 -> 2034

Sheet 各項費用彙計表 (單位)
A1: 勞 動 部 勞 工 保 險 局
A2: 勞 工 保險局 作 業 基 金
F3: 各項費用 彙計表
F4: 中華民國 113年度 | M4: 單位：新臺幣千元
A5: 科 目 | B5: 合計 | C5: 勞動部勞工保險局 | H5: 勞動部勞動基金運用局 | K5: 勞動部職業安全衛生署 | N5: 勞動部及所屬機關
C6: 小計 | D6: 投融資業 務成本 | E6: 保險成本 | F6: 其他業 務成本 | G6: 其他業務 外費用 | H6: 小計 | I6: 出租資 產成本 | J6: 投融資業 務成本 | K6: 小計 | L6: 保險成本 | M6: 其他業 務成本 | N6: 其他業 務成本
A8: 服務費用 | B8: =SUM(B9:B18) -> 1547030 | C8: =SUM(D8:G8) -> 381500 | D8: =SUM(D9:D18) -> 68000 | E8: =SUM(E9:E18) -> 0 | F8: =SUM(F9:F18) -> 313500 | G8: =SUM(G9:G18) -> 0 | H8: =SUM(I8:J8) -> 948777 | I8: =SUM(I9:I18) -> 3491 | J8: =SUM(J9:J18) -> 945286 | K8: =SUM(L8:M8) -> 216753 | L8: =SUM(L9:L18) -> 0 | M8: =SUM(M9:M18) -> 216753 | N8: =SUM(N9:N18) -> 0
A9: 水電費 | B9: =+C9+H9+K9+N9 -> 7 | C9: =SUM(D9:G9) -> 0 | D9: 0 | E9: 0 | F9: 0 | G9: 0 | H9: =SUM(I9:J9) -> 7 | I9: 7 | J9: 0 | K9: =SUM(L9:M9) -> 0 | L9: 0 | M9: 0 | N9: 0
A10: 郵電費 | B10: =+C10+H10+K10+N10 -> 389 | C10: =SUM(D10:G10) -> 0 | D10: 0 | E10: 0 | F10: 0 | G10: 0 | H10: =SUM(I10:J10) -> 0 | I10: 0 | J10: 0 | K10: =SUM(L10:M10) -> 389 | L10: 0 | M10: 389 | N10: 0
A11: 旅運費 | B11: =+C11+H11+K11+N11 -> 11523 | C11: =SUM(D11:G11) -> 0 | D11: 0 | E11: 0 | F11: 0 | G11: 0 | H11: =SUM(I11:J11) -> 0 | I11: 0 | J11: 0 | K11: =SUM(L11:M11) -> 11523 | L11: 0 | M11: 11523 | N11: 0
A12: 印刷裝訂及公告費 | B12: =+C12+H12+K12+N12 -> 5001 | C12: =SUM(D12:G12) -> 0 | D12: 0 | E12: 0 | F12: 0 | G12: 0 | H12: =SUM(I12:J12) -> 1 | I12: 1 | J12: 0 | K12: =SUM(L12:M12) -> 5000 | L12: 0 | M12: =5299-299 -> 5000 | N12: 0
A13: 修理保養及保固費 | B13: =+C13+H13+K13+N13 -> 2550 | C13: =SUM(D13:G13) -> 0 | D13: 0 | E13: 0 | F13: 0 | G13: 0 | H13: =SUM(I13:J13) -> 2550 | I13: 2550 | J13: 0 | K13: =SUM(L13:M13) -> 0 | L13: 0 | M13: 0 | N13: 0
A14: 保險費 | B14: =+C14+H14+K14+N14 -> 200 | C14: =SUM(D14:G14) -> 0 | D14: 0 | E14: 0 | F14: 0 | G14: 0 | H14: =SUM(I14:J14) -> 0 | I14: 0 | J14: 0 | K14: =SUM(L14:M14) -> 200 | L14: 0 | M14: 200 | N14: 0
A15: 一般服務費 | B15: =+C15+H15+K15+N15 -> 1124578 | C15: =SUM(D15:G15) -> 68000 | D15: 68000 | E15: 0 | F15: 0 | G15: 0 | H15: =SUM(I15:J15) -> 915872 | I15: 783 | J15: =857590+57499 -> 915089 | K15: =SUM(L15:M15) -> 140706 | L15: 0 | M15: 140706 | N15: 0
A16: 專業服務費 | B16: =+C16+H16+K16+N16 -> 385342 | C16: =SUM(D16:G16) -> 313500 | D16: 0 | E16: 0 | F16: 313500 | G16: 0 | H16: =SUM(I16:J16) -> 30347 | I16: 150 | J16: 30197 | K16: =SUM(L16:M16) -> 41495 | L16: 0 | M16: 41495 | N16: 0
A17: 媒體政策及業務宣導費 | B17: =+C17+H17+K17+N17 -> 7740 | C17: =SUM(D17:G17) -> 0 | D17: 0 | E17: 0 | F17: 0 | G17: 0 | H17: =SUM(I17:J17) -> 0 | I17: 0 | J17: 0 | K17: =SUM(L17:M17) -> 7740 | L17: 0 | M17: =8240-500 -> 7740 | N17: 0
A18: 推展費 | B18: =+C18+H18+K18+N18 -> 9700 | C18: =SUM(D18:G18) -> 0 | D18: 0 | E18: 0 | F18: 0 | G18: 0 | H18: =SUM(I18:J18) -> 0 | I18: 0 | J18: 0 | K18: =SUM(L18:M18) -> 9700 | L18: 0 | M18: 9700 | N18: 0
A19: 材料及用品費 | B19: =+B21+B20+B22 -> 3309 | C19: =SUM(D19:G19) -> 0 | D19: =D21+D20 -> 0 | E19: =E21+E20 -> 0 | F19: =F21+F20 -> 0 | G19: =G21+G20 -> 0 | H19: =SUM(I19:J19) -> 0 | I19: =I21 -> 0 | J19: =J21 -> 0 | K19: =SUM(L19:M19) -> 3309 | L19: =L21+L20 -> 0 | M19: =SUM(M20:M22) -> 3309 | N19: =N21+N20 -> 0
A20: 使用材料費 | B20: =+C20+H20+K20+N20 -> 450 | C20: =SUM(D20:G20) -> 0 | D20: 0 | E20: 0 | F20: 0 | G20: 0 | H20: =SUM(I20:J20) -> 0 | I20: 0 | J20: 0 | K20: =SUM(L20:M20) -> 450 | L20: 0 | M20: 450 | N20: 0
A21: 用品消耗 | B21: =+C21+H21+K21+N21 -> 2859 | C21: =SUM(D21:G21) -> 0 | D21: 0 | E21: 0 | F21: 0 | G21: 0 | H21: =SUM(I21:J21) -> 0 | I21: 0 | J21: 0 | K21: =SUM(L21:M21) -> 2859 | L21: 0 | M21: 2859 | N21: 0
A22: 商品及醫療用品 | B22: =+C22+H22+K22+N22 -> 0 | C22: =SUM(D22:G22) -> 0 | D22: 0 | E22: 0 | F22: 0 | G22: 0 | H22: =SUM(I22:J22) -> 0 | I22: 0 | J22: 0 | K22: =SUM(L22:M22) -> 0 | L22: 0 | M22: 0 | N22: 0
A23: 租金與利息 | B23: =SUM(B24:B29) -> 109300 | C23: =SUM(D23:G23) -> 101398 | D23: =SUM(D24:D29) -> 0 | E23: =SUM(E24:E29) -> 0 | F23: =SUM(F24:F29) -> 101398 | G23: =SUM(G24:G29) -> 0 | H23: =SUM(I23:J23) -> 0 | I23: =SUM(I24:I29) -> 0 | J23: =SUM(J24:J29) -> 0 | K23: =SUM(L23:M23) -> 7902 | L23: =SUM(L24:L29) -> 0 | M23: =SUM(M24:M29) -> 7902 | N23: =SUM(N24:N29) -> 0
A24: 地租及水租 | B24: =+C24+H24+K24+N24 -> 300 | C24: =SUM(D24:G24) -> 0 | D24: 0 | E24: 0 | F24: 0 | G24: 0 | H24: =SUM(I24:J24) -> 0 | I24: 0 | J24: 0 | K24: =SUM(L24:M24) -> 300 | L24: 0 | M24: 300 | N24: 0
A25: 房租 | B25: =+C25+H25+K25+N25 -> 1952 | C25: =SUM(D25:G25) -> 0 | D25: 0 | E25: 0 | F25: 0 | G25: 0 | H25: =SUM(I25:J25) -> 0 | I25: 0 | J25: 0 | K25: =SUM(L25:M25) -> 1952 | L25: 0 | M25: 1952 | N25: 0
A26: 機器租金 | B26: =+C26+H26+K26+N26 -> 950 | C26: =SUM(D26:G26) -> 0 | D26: 0 | E26: 0 | F26: 0 | G26: 0 | H26: =SUM(I26:J26) -> 0 | I26: 0 | J26: 0 | K26: =SUM(L26:M26) -> 950 | L26: 0 | M26: 950 | N26: 0
A27: 交通及運輸設備租金 | B27: =+C27+H27+K27+N27 -> 4100 | C27: =SUM(D27:G27) -> 0 | D27: 0 | E27: 0 | F27: 0 | G27: 0 | H27: =SUM(I27:J27) -> 0 | I27: 0 | J27: 0 | K27: =SUM(L27:M27) -> 4100 | L27: 0 | M27: 4100 | N27: 0
A28: 什項設備租金 | B28: =+C28+H28+K28+N28 -> 600 | C28: =SUM(D28:G28) -> 0 | D28: 0 | E28: 0 | F28: 0 | G28: 0 | H28: =SUM(I28:J28) -> 0 | I28: 0 | J28: 0 | K28: =SUM(L28:M28) -> 600 | L28: 0 | M28: 600 | N28: 0
A29: 利息 | B29: =+C29+H29+K29+N29 -> 101398 | C29: =SUM(D29:G29) -> 101398 | D29: 0 | E29: 0 | F29: =97145+4253 -> 101398 | G29: 0 | H29: =SUM(I29:J29) -> 0 | I29: 0 | J29: 0 | K29: =SUM(L29:M29) -> 0 | L29: 0 | M29: 0 | N29: 0
A30: 折舊、折耗及攤銷 | B30: =+B31+B32 -> 21618 | C30: =SUM(D30:G30) -> 0 | D30: =D32 -> 0 | E30: =E32 -> 0 | F30: =F32 -> 0 | G30: =G32 -> 0 | H30: =SUM(I30:J30) -> 16760 | I30: =I31+I32 -> 16760 | J30: =J31+J32 -> 0 | K30: =SUM(L30:M30) -> 4858 | L30: =L32 -> 0 | M30: =M31+M32 -> 4858 | N30: =N32 -> 0
A31: 投資性不動產折舊 | B31: =+C31+H31+K31+N31 -> 16151 | C31: =SUM(D31:G31) -> 0 | D31: 0 | E31: 0 | F31: 0 | G31: 0 | H31: =SUM(I31:J31) -> 16151 | I31: 16151 | J31: 0 | K31: =SUM(L31:M31) -> 0 | L31: 0 | M31: 0 | N31: 0
A32: 攤銷 | B32: =+C32+H32+K32+N32 -> 5467 | C32: =SUM(D32:G32) -> 0 | D32: 0 | E32: 0 | F32: 0 | G32: 0 | H32: =SUM(I32:J32) -> 609 | I32: 609 | J32: 0 | K32: =SUM(L32:M32) -> 4858 | L32: 0 | M32: 4858 | N32: 0
A33: 稅捐與規費(強制費) | B33: =+B34+B35+B36 -> 12011 | C33: =SUM(D33:G33) -> 0 | D33: =SUM(D34:D36) -> 0 | E33: =SUM(E34:E36) -> 0 | F33: =SUM(F34:F36) -> 0 | G33: =SUM(G34:G36) -> 0 | H33: =SUM(I33:J33) -> 12011 | I33: =I34+I35+I36 -> 12011 | J33: =J34+J35+J36 -> 0 | K33: =SUM(L33:M33) -> 0 | L33: =SUM(L34:L36) -> 0 | M33: =M34+M35+M36 -> 0 | N33: =SUM(N34:N36) -> 0
A34: 土地稅 | B34: =+C34+H34+K34+N34 -> 12000 | C34: =SUM(D34:G34) -> 0 | D34: 0 | E34: 0 | F34: 0 | G34: 0 | H34: =SUM(I34:J34) -> 12000 | I34: 12000 | J34: 0 | K34: =SUM(L34:M34) -> 0 | L34: 0 | M34: 0 | N34: 0
A35: 房屋稅 | B35: =+C35+H35+K35+N35 -> 2 | C35: =SUM(D35:G35) -> 0 | D35: 0 | E35: 0 | F35: 0 | G35: 0 | H35: =SUM(I35:J35) -> 2 | I35: 2 | J35: 0 | K35: =SUM(L35:M35) -> 0 | L35: 0 | M35: 0 | N35: 0
A36: 規費 | B36: =+C36+H36+K36+N36 -> 9 | C36: =SUM(D36:G36) -> 0 | D36: 0 | E36: 0 | F36: 0 | G36: 0 | H36: =SUM(I36:J36) -> 9 | I36: 9 | J36: 0 | K36: =SUM(L36:M36) -> 0 | L36: 0 | M36: 0 | N36: 0
A37: 會費、捐助、補助、分攤、救助（濟）與交流活動費 | B37: =+B39+B40+B41 -> 851959 | C37: =SUM(D37:G37) -> 0 | D37: =SUM(D39:D42) -> 0 | E37: =SUM(E39:E41) -> 0 | F37: =SUM(F39:F41) -> 0 | G37: =SUM(G39:G41) -> 0 | H37: =SUM(I37:J37) -> 0 | I37: =I38+I39+I41 -> 0 | J37: =J38+J39+J41 -> 0 | K37: =SUM(L37:M37) -> 851959 | L37: =SUM(L39:L41) -> 0 | M37: =M38+M39+M41 -> 851959 | N37: =SUM(N39:N41) -> 0
I38: 0 | J38: 0 | M38: 0
A39: 捐助、補助與獎助 | B39: =+C39+H39+K39+N39 -> 821959 | C39: =SUM(D39:G39) -> 0 | D39: 0 | E39: 0 | F39: 0 | G39: 0 | H39: =SUM(I39:J39) -> 0 | I39: 0 | J39: 0 | K39: =SUM(L39:M39) -> 821959 | L39: 0 | M39: =826959-5000 -> 821959 | N39: 0
A40: 分擔 | C40: =SUM(D40:G40) -> 0 | D40: 0 | E40: 0 | F40: 0 | G40: 0 | H40: =SUM(I40:J40) -> 0 | I40: 0 | J40: 0 | K40: =SUM(L40:M40) -> 0 | L40: 0 | M40: 0 | N40: 0
A41: 補貼（償）、獎勵、慰 問與救助（濟） | B41: =+C41+H41+K41+N41 -> 30000 | C41: =SUM(D41:G41) -> 0 | D41: 0 | E41: 0 | F41: 0 | G41: 0 | H41: =SUM(I41:J41) -> 0 | I41: 0 | J41: 0 | K41: =SUM(L41:M41) -> 30000 | L41: 0 | M41: 30000 | N41: 0
A42: 短絀、賠償與保險給付 | B42: =+B43+B44+B45 -> 692223625 | C42: =SUM(D42:G42) -> 692012438 | D42: =SUM(D43:D45) -> 0 | E42: =SUM(E43:E45) -> 692012438 | F42: =SUM(F43:F45) -> 0 | G42: =SUM(G43:G45) -> 0 | H42: =SUM(I42:J42) -> 0 | I42: =I43+I44+I45 -> 0 | J42: =J43+J44+J45 -> 0 | K42: =SUM(L42:M42) -> 211187 | L42: =SUM(L43:L45) -> 211187 | M42: =M44+M45+M43 -> 0 | N42: =SUM(N43:N45) -> 0
A43: 各項短絀 | B43: =+C43+H43+K43+N43 -> 745547 | C43: =SUM(D43:G43) -> 745547 | D43: 0 | E43: 745547 | F43: 0 | G43: 0 | H43: =SUM(I43:J43) -> 0 | I43: 0 | J43: =3138000-3138000 -> 0 | K43: =SUM(L43:M43) -> 0 | L43: 0 | M43: 0 | N43: 0
A44: 保險給付 | B44: =+C44+H44+K44+N44 -> 586951800 | C44: =SUM(D44:G44) -> 586740613 | D44: 0 | E44: 586740613 | F44: 0 | G44: 0 | H44: =SUM(I44:J44) -> 0 | I44: 0 | J44: 0 | K44: =+L44+M44 -> 211187 | L44: 211187 | M44: 0 | N44: 0
A45: 提存 | B45: =+C45+H45+K45+N45 -> 104526278 | C45: =SUM(D45:G45) -> 104526278 | D45: 0 | E45: =84526278+20000000 -> 104526278 | F45: 0 | G45: 0 | H45: =SUM(I45:J45) -> 0 | I45: 0 | J45: 0 | K45: =SUM(L45:M45) -> 0 | L45: 0 | M45: 0 | N45: 0
A46: 其他 | B46: =+B47 -> 4461662 | C46: =SUM(D46:G46) -> 2034 | D46: =D47 -> 0 | E46: =E47 -> 0 | F46: =F47 -> 0 | G46: =G47 -> 2034 | H46: =SUM(I46:J46) -> 161 | I46: =I47 -> 161 | J46: =J47 -> 0 | K46: =SUM(L46:M46) -> 0 | L46: =L47 -> 0 | M46: =M47 -> 0 | N46: =N47 -> 4459467
A47: 其他費用 | B47: =+C47+H47+K47+N47 -> 4461662 | C47: =SUM(D47:G47) -> 2034 | D47: 0 | E47: 0 | F47: 0 | G47: 2034 | H47: =SUM(I47:J47) -> 161 | I47: 161 | J47: 0 | K47: =SUM(L47:M47) -> 0 | L47: 0 | M47: 0 | N47: 4459467
A48: 總 計 | B48: =+B8+B19+B23+B30+B33+B42+B46+B37 -> 699230514 | C48: =SUM(D48:G48) -> 692497370 | D48: =+D8+D19+D23+D30+D33+D42+D46 -> 68000 | E48: =+E8+E19+E23+E30+E33+E42+E46 -> 692012438 | F48: =+F8+F19+F23+F30+F33+F42+F46 -> 414898 | G48: =+G8+G19+G23+G30+G33+G42+G46 -> 2034 | H48: =SUM(I48:J48) -> 977709 | I48: =+I8+I19+I23+I30+I33+I42+I46+I37 -> 32423 | J48: =+J8+J19+J23+J30+J33+J42+J46+J37 -> 945286 | K48: =SUM(L48:M48) -> 1295968 | L48: =+L8+L19+L23+L30+L33+L42+L46 -> 211187 | M48: =+M8+M19+M23+M30+M33+M42+M46+M37 -> 1084781 | N48: =+N8+N19+N23+N30+N33+N42+N46 -> 4459467

Sheet 不動產投資收入分析表
A1: 勞 動 部 勞 工 保 險 局
A2: 勞 工 保 險 局 作 業 基 金
A3: 投資性不動產收入分析表
A4: 中華民國113年度 單位：新臺幣千元
A5: 投資名稱 | B5: 投資金額 | E5: 本年度 收入
B6: 以前年度 已投資額 | C6: 本年度擬 投資金額 | D6: 合計
A8: 投資性不動產收入 | B8: =SUM(B9:B24) -> 2131084 | D8: =SUM(D9:D24) -> 2131084 | E8: =SUM(E9:E24) -> 274530
A9: 台北市羅斯福路1段4、6號、南海路1號9樓 | B9: 1640423 | D9: =SUM(B9:C9) -> 1640423 | E9: 147825
A10: 台北市南昌路1段5號(停車場) | B10: 0 | D10: 0 | E10: 1296
A11: 台北市濟南路2段42號 | B11: 149250 | D11: =SUM(B11:C11) -> 149250 | E11: 20789
A12: 台北市興隆路3段304巷27-1、31等號 | B12: 101728 | D12: =SUM(B12:C12) -> 101728 | E12: 1275
A13: 宜蘭市和睦路1-10號 | B13: 0 | D13: =SUM(B13:C13) -> 0 | E13: 0
A14: 澎湖縣馬公市三民路36號 | B14: 1856 | D14: =SUM(B14:C14) -> 1856 | E14: 360
A15: 花蓮市自由街140號 | B15: 4059 | D15: =SUM(B15:C15) -> 4059 | E15: 840
A16: 台北市杭州南路1段111巷13-1、13-2號 | D16: =SUM(B16:C16) -> 0 | E16: 0
A17: 台北市中山區正義段3小段217地號 | B17: 21246 | D17: =SUM(B17:C17) -> 21246 | E17: 4152
A18: 台北市大安區懷生段4小段350地號 | B18: 22185 | D18: =SUM(B18:C18) -> 22185 | E18: 2226
A19: 台北市中正區河堤段4小段96-1、96-2地號 | B19: 1142 | D19: =SUM(B19:C19) -> 1142 | E19: 102
A20: 台北市中正區成功段1小段10-1等地號(原希望廣場) | B20: 166581 | D20: =SUM(B20:C20) -> 166581 | E20: 91268
A21: 台北市林森北路85巷46-1、46-2、46-3號 | B21: 0 | D21: =SUM(B21:C21) -> 0 | E21: 0
A22: 台北市中正區中正段2小段119等地號 | B22: 14596 | D22: =SUM(B22:C22) -> 14596 | E22: 3376
A23: 台北市大安區泰順街16巷32、32-1、32-2、32-3號 | B23: 8018 | D23: =SUM(B23:C23) -> 8018 | E23: 1021

Sheet 保費收入分析表
A1: 勞 動 部 勞 工 保 險 局
A2: 勞 工 保 險 局 作 業 基 金
A3: 保費收入分析表
A4: 中華民國113年度 單位：新臺幣千元
A5: 科目及業務項目 | B5: 預算數 | F5: 說明
B6: 投保人數 (人) | C6: 平均月投保 薪資 (元) | D6: 保險費 率(%) | E6: 金額
A9: 保費收入 | E9: =+E10+E26+E38+E45+E51 -> 530997778
A10: 勞工保險 | E10: =E11+E25 -> 482778342
A11: 保費收入 | B11: =SUM(B12:B24) -> 10530000 | C11: 34700 | D11: 11 | E11: =SUM(E12:E24) -> 482321513 | F11: 1. | G11: 投保人數係參酌歷年統計資料及國發會勞動人口由105年開始縮減，另考量積極辦理輔導加保作業編列。 | L11: =SUM(L12:L24)/12 -> 365395086000 | M11: =L11/B11 -> 34700.388 | N11: =E11/12/C11/B11*100*1000 -> 11.000123
A12: 產業勞工及交通公 用事業之員工 | B12: 3326000 | C12: 36720 | D12: 11 | E12: 161212550 | L12: =B12*C12*12 -> 1465568640000 | N12: =E12/12/C12/B12*100*1000 -> 11
A13: 公司、行號之員工 | B13: 3507000 | C13: 35260 | D13: 11 | E13: 163227002 | L13: =B13*C13*12 -> 1483881840000 | N13: =E13/12/C13/B13*100*1000 -> 11
A14: 新聞、文化、公益 及合作事業之員工 | B14: 389400 | C14: 37980 | D14: 11 | E14: 19522024 | F14: 2. | G14: 平均月投保薪資係參酌歷年統計資料編列。 | L14: =B14*C14*12 -> 177472944000 | N14: =E14/12/C14/B14*100*1000 -> 11
A15: 政府機關及公、私 立學校之員工 | B15: 495400 | C15: 36210 | D15: 11 | E15: 23678733 | F15: 3. | G15: 保險費率11%，係依照98年修正施行之勞工保險條例第13條規定，保險費率於施行後第3年調高0.5%，其後每年調高0.5%至費率為10%，並自10%當年起，每兩年調高0.5%至上限13%(依就業保險法第41條規定，勞工保險保險費率1%移作就業保險之費率)編列。 | L15: =B15*C15*12 -> 215261208000 | N15: =E15/12/C15/B15*100*1000 -> 11
A16: 受僱從事漁業生產 之勞動者 | B16: 9100 | C16: 27200 | D16: 11 | E16: 326726 | L16: =B16*C16*12 -> 2970240000 | N16: =E16/12/C16/B16*100*1000 -> 10.999987
A17: 職業訓練機構接受 訓練者 | B17: 13500 | C17: 13800 | D17: 11 | E17: 245916 | L17: =B17*C17*12 -> 2235600000 | N17: =E17/12/C17/B17*100*1000 -> 11
A18: 職業勞工 | B18: 2039000 | C18: 30050 | D18: 11 | E18: 80878974 | L18: =B18*C18*12 -> 735263400000 | N18: =E18/12/C18/B18*100*1000 -> 11
A19: 漁會之甲類會員 | B19: 241300 | C19: 30360 | D19: 11 | E19: 9670146 | L19: =B19*C19*12 -> 87910416000 | N19: =E19/12/C19/B19*100*1000 -> 11
A20: 其他各業勞工 | B20: 446200 | C20: 34860 | D20: 11 | E20: 20531982 | L20: =B20*C20*12 -> 186654384000 | N20: =E20/12/C20/B20*100*1000 -> 11
A21: 被裁減資遣員工 | B21: 8300 | C21: 38750 | D21: 11 | E21: 424545 | L21: =B21*C21*12 -> 3859500000 | N21: =E21/12/C21/B21*100*1000 -> 11
A22: 外僱船員 | B22: 900 | C22: 43100 | D22: 11 | E22: 51203 | L22: =B22*C22*12 -> 465480000 | N22: =E22/12/C22/B22*100*1000 -> 11.000043
A23: 職災續保勞工 | B23: 900 | C23: 30850 | D23: 11 | E23: 36650 | L23: =B23*C23*12 -> 333180000 | N23: =E23/12/C23/B23*100*1000 -> 11.00006
A24: 育嬰續保人員 | B24: 53000 | C24: 35950 | D24: 11 | E24: 2515062 | L24: =B24*C24*12 -> 22864200000 | N24: =E24/12/C24/B24*100*1000 -> 11
A25: 滯納金收入 | E25: 456829
A26: 就業保險 | E26: =E27+E35 -> 32081213
A27: 保費收入 | B27: =SUM(B28:B34) -> 7400000 | C27: 36100 | D27: 1 | E27: =SUM(E28:E34) -> 32056864 | F27: 1. | G27: 投保人數係參酌歷年統計資料就保人數均逐年穩定成長因素編列。 | L27: =SUM(L28:L34) -> 3205686444000 | M27: =L27/B27/12 -> 36100.073 | N27: =E27/12/C27/B27*100*1000 -> 1.000002
A28: 產業勞工及交通公 用事業之員工 | B28: 2862600 | C28: 37290 | D28: 1 | E28: 12809562 | L28: =B28*C28*12 -> 1280956248000 | N28: =E28/12/C28/B28*100*1000 -> 0.99999996
A29: 公司、行號之員工 | B29: 3247400 | C29: 34930 | D29: 1 | E29: 13611802 | F29: 2. | G29: 平均月投保薪資係參酌歷年統計資料編列。 | L29: =B29*C29*12 -> 1361180184000 | N29: =E29/12/C29/B29*100*1000 -> 1
A30: 新聞、文化、公益 及合作事業之員工 | B30: 373300 | C30: 38000 | D30: 1 | E30: 1702248 | L30: =B30*C30*12 -> 170224800000 | N30: =E30/12/C30/B30*100*1000 -> 1
A31: 政府機關及公、私 立學校之員工 | B31: 446800 | C31: 37300 | D31: 1 | E31: 1999877 | L31: =B31*C31*12 -> 199987680000 | N31: =E31/12/C31/B31*100*1000 -> 1.0000001
A32: 受僱從事漁業生產 之勞動者 | B32: 800 | C32: 36980 | D32: 1 | E32: 3550 | L32: =B32*C32*12 -> 355008000 | N32: =E32/12/C32/B32*100*1000 -> 0.99997747
A33: 其他各業勞工 | B33: 416100 | C33: 34070 | D33: 1 | E33: 1701183 | L33: =B33*C33*12 -> 170118324000 | N33: =E33/12/C33/B33*100*1000 -> 0.99999986
A34: 育嬰續保人員 | B34: 53000 | C34: 35950 | D34: 1 | E34: 228642 | L34: =B34*C34*12 -> 22864200000 | N34: =E34/12/C34/B34*100*1000 -> 1
A35: 滯納金收入 | E35: 24349
A37: 農保及農職保 | E37: =+E38+E45 -> 5943857
A38: 農保 | E38: =E39+E44 -> 5780525
A39: 保費收入 | B39: 925000 | C39: 20400 | D39: 2.55 | E39: 5774220 | F39: 1. | G39: 投保人數係參酌111年之加、退保人數增減幅度，另考量110年初開辦農民退休儲金、111年增訂服短役期退伍軍人得參加農保等因素編列。 | L39: =B39*C39*12 -> 226440000000 | N39: =E39/12/C39/B39*100*1000 -> 2.55
F42: 2. | G42: 月投保金額係依112年修正之農民健康保險條例第11條規定，由10,200元調整為20,400元編列。
A44: 滯納金收入 | E44: 6305
A45: 農職保 | E45: =E46 -> 163332
A46: 保費收入 | B46: 349000 | C46: 20400 | D46: 0.19 | E46: 163332 | F46: 1. | G46: 投保人數係參酌112年12月1日起申請參加農民健康保險者，視為一併申請參加農民職業災害保險，另考量近來持續加強宣導有助於提升投保率等因素編列。 | L46: =B46*C46*12 -> 85435200000 | N46: =E46/12/C46/B46*100*1000 -> 0.19117647
F48: 2. | G48: 月投保金額係依112年修正之農民健康保險條例第11條規定，由10,200元調整為20,400元編列。
F49: 3. | G49: 保險費率係依照112年修正施行之農民職業災害保險試辦辦法第12條規定，由0.24%調整為0.19%編列。
A51: 勞職保及保護 | E51: =E52+E66 -> 10194366
A52: 保費收入 | B52: =SUM(B53:B65) -> 11290000 | C52: 39200 | D52: 0.19 | E52: =SUM(E53:E65) -> 10179850 | F52: 投保人數及平均月投保薪資係參酌111年度勞工職業災害保險，及歷年勞工保險統計資料編列。 | L52: =SUM(L53:L65) -> 5310871896000 | M52: =L52/B52/12 -> 39200.413 | N52: =E52/12/C52/B52*100*1000 -> 0.19168147
A53: 產業勞工及交通公 用事業之員工 | B53: 3560200 | C53: 42920 | D53: 0.22 | E53: 4034020 | L53: =B53*C53*12 -> 1833645408000 | N53: =E53/12/C53/B53*100*1000 -> 0.22000001
A54: 公司、行號之員工 | B54: 3693200 | C54: 41400 | D54: 0.17 | E54: 3119129 | L54: =B54*C54*12 -> 1834781760000 | N54: =E54/12/C54/B54*100*1000 -> 0.17
A55: 新聞、文化、公益 及合作事業之員工 | B55: 421200 | C55: 44100 | D55: 0.12 | E55: 267479 | L55: =B55*C55*12 -> 222899040000 | N55: =E55/12/C55/B55*100*1000 -> 0.12000007
A56: 政府機關及公、私 立學校之員工 | B56: 523200 | C56: 42140 | D56: 0.13 | E56: 343943 | L56: =B56*C56*12 -> 264571776000 | N56: =E56/12/C56/B56*100*1000 -> 0.12999988
A57: 受僱從事漁業生產 之勞動者 | B57: 10200 | C57: 27760 | D57: 0.19 | E57: 6456 | L57: =B57*C57*12 -> 3397824000 | N57: =E57/12/C57/B57*100*1000 -> 0.19000396
A58: 職業訓練機構接受 訓練者 | B58: 18800 | C58: 26900 | D58: 0.11 | E58: 6676 | L58: =B58*C58*12 -> 6068640000 | N58: =E58/12/C58/B58*100*1000 -> 0.11000817
A59: 職業勞工 | B59: 2151500 | C59: 29820 | D59: 0.24 | E59: 1847743 | L59: =B59*C59*12 -> 769892760000 | N59: =E59/12/C59/B59*100*1000 -> 0.24000005
A60: 漁會之甲類會員 | B60: 243600 | C60: 30220 | D60: 0.19 | E60: 167844 | L60: =B60*C60*12 -> 88339104000 | N60: =E60/12/C60/B60*100*1000 -> 0.18999966
A61: 其他各業勞工 | B61: 481900 | C61: 39140 | D61: 0.12 | E61: 271607 | L61: =B61*C61*12 -> 226338792000 | N61: =E61/12/C61/B61*100*1000 -> 0.1200002
A62: 家庭傭用外籍幫傭 與外籍看護工 | B62: 180000 | C62: 26900 | D62: 0.18 | E62: 104587 | L62: =B62*C62*12 -> 58104000000 | N62: =E62/12/C62/B62*100*1000 -> 0.17999966
A63: 外僱船員 | B63: 900 | C63: 68270 | D63: 0.85 | E63: 6267 | L63: =B63*C63*12 -> 737316000 | N63: =E63/12/C63/B63*100*1000 -> 0.84997477
A64: 非登記有案事業單 位之勞工，公告納 為自願加保者 | B64: 300 | C64: 31910 | D64: 0.12 | E64: 138 | L64: =B64*C64*12 -> 114876000 | N64: =E64/12/C64/B64*100*1000 -> 0.12012953
A65: 特別加保對象 | B65: 5000 | C65: 33010 | D65: 0.2 | E65: 3961 | L65: =B65*C65*12 -> 1980600000 | N65: =E65/12/C65/B65*100*1000 -> 0.1999899
A66: 滯納金收入 | E66: 14516

Sheet 保費收入分析表(附表)
A1: 勞 動 部 勞 工 保 險 局
A2: 勞 工 保 險 局 作 業 基 金
A3: 保費收入分析表(附表)
A4: 中華民國113年度 單位：新臺幣千元
A5: 科目及業務項目 | B5: 預算數 | C5: 說明
A9: 保費收入 | B9: =B10+B61+B93+B104 -> 530997778
A10: 勞工保險 | B10: =SUM(B11,B59) -> 482778342
A11: 保費收入 | B11: =SUM(B12,B16,B20,B24,B32,B39,B36,B42,B28,B46,B49,B52,B55) -> 482321513
A12: 產業勞工及交通公 用事業之員工 | B12: =SUM(B13:B15) -> 161212550 | C12: 保險費由被保險人負擔20%，投保單位負擔70%，政府補助10%。
A13: 被保險人負擔 | B13: 32242510 | E13: =$B$12*0.2-B13 -> 0
A14: 投保單位負擔 | B14: 112848785 | E14: =$B$12*0.7-B14 -> 0
A15: 政府補助 | B15: 16121255 | E15: =$B$12*0.1-B15 -> 0
A16: 公司、行號之員工 | B16: =SUM(B17:B19) -> 163227002 | C16: 保險費由被保險人負擔20%，投保單位負擔70%，政府補助10%。
A17: 被保險人負擔 | B17: 32645400 | E17: =$B$16*0.2-B17 -> 0.4
A18: 投保單位負擔 | B18: 114258902 | E18: =$B$16*0.7-B18 -> -0.60000001
A19: 政府補助 | B19: 16322700 | E19: =$B$16*0.1-B19 -> 0.2
A20: 新聞、文化、公益 及合作事業之員工 | B20: =SUM(B21:B23) -> 19522024 | C20: 保險費由被保險人負擔20%，投保單位負擔70%，政府補助10%。
A21: 被保險人負擔 | B21: 3904405 | E21: =$B$20*0.2-B21 -> -0.2
A22: 投保單位負擔 | B22: 13665417 | E22: =$B$20*0.7-B22 -> -0.2
A23: 政府補助 | B23: 1952202 | E23: =$B$20*0.1-B23 -> 0.4
A24: 政府機關及公、私 立學校之員工 | B24: =SUM(B25:B27) -> 23678733 | C24: 保險費由被保險人負擔20%，投保單位負擔70%，政府補助10%。
A25: 被保險人負擔 | B25: 4735747 | E25: =$B$24*0.2-B25 -> -0.4
A26: 投保單位負擔 | B26: 16575113 | E26: =$B$24*0.7-B26 -> 0.1
A27: 政府補助 | B27: 2367873 | E27: =$B$24*0.1-B27 -> 0.3
A28: 受僱從事漁業生產 之勞動者 | B28: =SUM(B29:B31) -> 326726 | C28: 保險費由被保險人負擔20%，投保單位負擔70%，政府補助10%。
A29: 被保險人負擔 | B29: 65345 | E29: =$B$28*0.2-B29 -> 0.2
A30: 投保單位負擔 | B30: 228708 | E30: =$B$28*0.7-B30 -> 0.2
A31: 政府補助 | B31: 32673 | E31: =$B$28*0.1-B31 -> -0.4
A32: 職業訓練機構接受 訓練者 | B32: =SUM(B33:B35) -> 245916 | C32: 保險費由被保險人負擔20%，投保單位負擔70%，政府補助10%。
A33: 被保險人負擔 | B33: 49183 | E33: =$B$32*0.2-B33 -> 0.2
A34: 投保單位負擔 | B34: 172141 | E34: =$B$32*0.7-B34 -> 0.2
A35: 政府補助 | B35: 24592 | E35: =$B$32*0.1-B35 -> -0.4
A36: 職業勞工 | B36: =SUM(B37:B38) -> 80878974 | C36: 保險費由被保險人負擔60%，政府補助40%。
A37: 被保險人負擔 | B37: 48527384 | E37: =$B$36*0.6-B37 -> 0.4
A38: 政府補助 | B38: 32351590 | E38: =$B$36*0.4-B38 -> -0.4
A39: 漁會之甲類會員 | B39: =SUM(B40:B41) -> 9670146 | C39: 保險費由被保險人負擔20%，政府補助80%。
A40: 被保險人負擔 | B40: 1934029 | E40: =$B$39*0.2-B40 -> 0.2
A41: 政府補助 | B41: 7736117 | E41: =$B$39*0.8-B41 -> -0.2
A42: 其他各業勞工 | B42: =SUM(B43:B45) -> 20531982 | C42: 保險費由被保險人負擔20%，投保單位負擔70%，政府補助10%。
A43: 被保險人負擔 | B43: 4106396 | E43: =$B$42*0.2-B43 -> 0.4
A44: 投保單位負擔 | B44: 14372388 | E44: =$B$42*0.7-B44 -> -0.6
A45: 政府補助 | B45: 2053198 | E45: =$B$42*0.1-B45 -> 0.2
A46: 被裁減資遣員工 | B46: =SUM(B47:B48) -> 424545 | C46: 保險費由被保險人負擔80%，政府補助20%。
A47: 被保險人負擔 | B47: 339636 | E47: =$B$46*0.8-B47 -> 0
A48: 政府補助 | B48: 84909 | E48: =$B$46*0.2-B48 -> 0
A49: 外僱船員 | B49: =SUM(B50:B51) -> 51203 | C49: 保險費由被保險人負擔80%，政府補助20%。
A50: 被保險人負擔 | B50: 40962 | E50: =$B$49*0.8-B50 -> 0.4
A51: 政府補助 | B51: 10241 | E51: =$B$49*0.2-B51 -> -0.4
A52: 職災續保勞工 | B52: =SUM(B53:B54) -> 36650 | C52: 職業災害勞工醫療期間退保自願繼續加保者，其保險費由被保險人負擔40%，勞工職業災害保險基金補助60%。
A53: 被保險人負擔 | B53: 14660 | E53: =$B$52*0.4-B53 -> 0
A54: 專款補助 | B54: 21990 | E54: =$B$52*0.6-B54 -> 0
A55: 育嬰續保人員 | B55: =SUM(B56:B58) -> 2515062 | C55: 保險費由被保險人負擔20%，投保單位負擔70%(其中依性別工作平等法第16條規定，政府補助1,665,223千元)，政府補助10%。
A56: 被保險人負擔 | B56: 503012 | E56: =$B$55*0.2-B56 -> 0.4
A57: 投保單位負擔 | B57: 1760544 | E57: =$B$55*0.7-B57 -> -0.6
A58: 政府補助 | B58: 251506 | E58: =$B$55*0.1-B58 -> 0.2
A59: 滯納金收入 | B59: 456829 | C59: 扣除政府機關及政府補助後依逾期繳納保費數之0.1%，按平均逾期19天計列。
A61: 就業保險 | B61: =SUM(B62,B91) -> 32081213
A62: 保費收入 | B62: =SUM(B63,B67,B71,B75,B83,B79,B87) -> 32056864
A63: 產業勞工及交通公 用事業之員工 | B63: =SUM(B64:B66) -> 12809562 | C63: 保險費由被保險人負擔20%，投保單位負擔70%，政府補助10%。
A64: 被保險人負擔 | B64: 2561912
A65: 投保單位負擔 | B65: 8966694
A66: 政府補助 | B66: 1280956
A67: 公司、行號之員工 | B67: =SUM(B68:B70) -> 13611802 | C67: 保險費由被保險人負擔20%，投保單位負擔70%，政府補助10%。
A68: 被保險人負擔 | B68: 2722361
A69: 投保單位負擔 | B69: 9528261
A70: 政府補助 | B70: 1361180
A71: 新聞、文化、公益 及合作事業之員工 | B71: =SUM(B72:B74) -> 1702248 | C71: 保險費由被保險人負擔20%，投保單位負擔70%，政府補助10%。
A72: 被保險人負擔 | B72: 340450
A73: 投保單位負擔 | B73: 1191573
A74: 政府補助 | B74: 170225
A75: 政府機關及公、私 立學校之員工 | B75: =SUM(B76:B78) -> 1999877 | C75: 保險費由被保險人負擔20%，投保單位負擔70%，政府補助10%。
A76: 被保險人負擔 | B76: 399975
A77: 投保單位負擔 | B77: 1399914
A78: 政府補助 | B78: 199988
A79: 受僱從事漁業生產 之勞動者 | B79: =SUM(B80:B82) -> 3550 | C79: 保險費由被保險人負擔20%，投保單位負擔70%，政府補助10%。
A80: 被保險人負擔 | B80: 710
A81: 投保單位負擔 | B81: 2485
A82: 政府補助 | B82: 355
A83: 其他各業勞工 | B83: =SUM(B84:B86) -> 1701183 | C83: 保險費由被保險人負擔20%，投保單位負擔70%，政府補助10%。
A84: 被保險人負擔 | B84: 340237
A85: 投保單位負擔 | B85: 1190828
A86: 政府補助 | B86: 170118
A87: 育嬰續保人員 | B87: =SUM(B88:B90) -> 228642 | C87: 保險費由被保險人負擔20%，投保單位負擔70%(其中依性別工作平等法第16條規定，政府補助151,339千元)，政府補助10%。
A88: 被保險人負擔 | B88: 45728
A89: 投保單位負擔 | B89: 160050
A90: 政府補助 | B90: 22864
A91: 滯納金收入 | B91: 24349 | C91: 扣除政府機關及政府補助後依逾期繳納保費數之0.1%，按平均逾期17天計列。
A93: 農保及農職保 | B93: =+B94+B99 -> 5943857
A94: 農保 | B94: =+B95+B98 -> 5780525
A95: 保費收入 | B95: =SUM(B96:B97) -> 5774220 | C95: 保險費由被保險人負擔30%，政府補助70%。 被保險人負擔1,732,266千元，112年農民健康保險條例修正施行，因月投保金額提高為20,400元後被保險人所增加應負擔之保險費866,133千元，依據農民健康保險條例施行細則第27條之1規定，由中央主管機關予以補助。
A96: 被保險人負擔 | B96: 1732266
A97: 政府補助 | B97: 4041954
A98: 滯納金收入 | B98: 6305 | C98: 扣除政府補助後依逾期繳納保費數之0.2%，按平均逾期280天計列。
A99: 農職保 | B99: =SUM(B100) -> 163332
A100: 保費收入 | B100: =SUM(B101:B102) -> 163332 | C100: 保險費由被保險人負擔60%，政府補助40%。 被保險人負擔96,324千元，112年農民健康保險條例修正施行，因月投保金額提高為20,400元後被保險人每月應負擔保費增加8元之保險費33,504千元，依立法院修正農民健康保險條例部分條文時通過之附帶決議，前3年由中央負擔。
A101: 被保險人負擔 | B101: 96324
A102: 政府補助 | B102: 67008
A104: 勞職保及保護 | B104: =SUM(B105,B137) -> 10194366
A105: 保費收入 | B105: =SUM(B106,B108,B110,B112,B116,B121,B118,B124,B114,B128,B133,B135,B126,B131) -> 10179850 | F105: =D105+E105 -> 0
A106: 產業勞工及交通公 用事業之員工 | B106: =B107 -> 4034020 | C106: 保險費全部由投保單位負擔。
...

Sheet 保險給付分析表
A1: 勞 動 部 勞 工 保 險 局
A2: 勞 工 保 險 局 作 業 基 金
A3: 保險給付分析表
A4: 中華民國113年度 單位：新臺幣千元
A5: 科目及業務項目 | B5: 人次、人日、件數或給付次數 | C5: 每單位金額 （元） | D5: 預算數 | E5: 說明
A7: 保險給付 | D7: =D8+D29+D37+D46+D56 -> 586951800
A8: 勞工保險 | D8: =D10 -> 543211117 | E8: 投保人數10,530,000人。
A10: 現金給付 | D10: =SUM(D11,D12,D13,D17,D18,D23) -> 543211117
A11: 生育給付 | B11: 113000 | C11: 69000 | D11: 7797000 | E11: 發生率10.73‰。 | H11: =B11*C11/1000-D11 -> 0
A12: 傷病給付 | B12: 128361 | C12: 8375 | D12: 1075023 | E12: 發生率12.19‰。 | H12: =B12*C12/1000-D12 -> 0.375
A13: 失能給付 | D13: =SUM(D14:D16) -> 5323617
A14: 一次金 | B14: 19488 | C14: 235599 | D14: 4591353 | E14: 發生率1.85‰。 | H14: =B14*C14/1000-D14 -> 0.312
A15: 差額金 | B15: 74 | C15: 681004 | D15: 50394 | H15: =B15*C15/1000-D15 -> 0.296
A16: 年金 | B16: 5747 | C16: 118648 | D16: 681870 | H16: =B16*C16/1000-D16 -> 0.056
A17: 複檢費用 | B17: 192 | C17: 3119 | D17: 599 | E17: 預估192件。 | H17: =B17*C17/1000-D17 -> -0.152
A18: 老年給付 | D18: =SUM(D19:D22) -> 490815267
A19: 一次請領 | B19: 65600 | C19: 1359000 | D19: 89150400 | E19: 發生率6.23‰。 | H19: =B19*C19/1000-D19 -> 0
A20: 一次金 | B20: 20000 | C20: 97000 | D20: 1940000 | E20: 發生率1.90‰。 | H20: =B20*C20/1000-D20 -> 0
A21: 差額金 | B21: 5300 | C21: 744000 | D21: 3943200 | H21: =B21*C21/1000-D21 -> 0
A22: 年金 | B22: 1843400 | C22: 214702 | D22: 395781667 | H22: =B22*C22/1000-D22 -> -0.19999999
A23: 死亡給付 | D23: =SUM(D24:D25) -> 38199611
A24: 家屬 | B24: 152685 | C24: 114563 | D24: 17492052 | E24: 發生率14.50‰。 | H24: =B24*C24/1000-D24 -> -0.345
A25: 本人 | D25: =SUM(D26:D27) -> 20707559
A26: 一次金 | B26: 14005 | C26: 939174 | D26: 13153132 | E26: 發生率1.33‰。 | H26: =B26*C26/1000-D26 -> -0.13
A27: 遺屬年金 | B27: 54532 | C27: 138532 | D27: 7554427 | H27: =B27*C27/1000-D27 -> 0.024
A29: 就業保險 | D29: =SUM(D30:D34) -> 24949551 | E29: 投保人數7,400,000人。
A30: 失業給付 | B30: 90000 | D30: =9552060+1592010 -> 11144070 | E30: 發生率12.16‰。
A31: 提早就業獎助津貼 | B31: 36000 | C31: 51000 | D31: 1836000 | E31: 發生率4.86‰。 | H31: =B31*C31/1000-D31 -> 0
A32: 職業訓練生活津貼 | B32: 7000 | D32: =530670+88445 -> 619115 | E32: 發生率0.95‰。
A33: 育嬰留職停薪津貼 | B33: 95000 | C33: 113477 | D33: 10780315 | E33: 發生率12.84‰。 | H33: =B33*C33/1000-D33 -> 0
A34: 補助全民健保費 | B34: 730835 | C34: 780 | D34: 570051 | E34: 依照「失業被保險人及其眷屬全民健康保險保險費補助辦法」，被保險人及其非自願離職退保當時，隨同被保險人參加全民健康保險之眷屬，於被保險人依就業保險法請領失業給付或職業訓練生活津貼期間，按月補助其參加全民健康保險自付部分之保險費。 | H34: =B34*C34/1000-D34 -> 0.3
A36: 農保及農職保 | D36: =+D37+D46 -> 11126966
A37: 農保 | D37: =SUM(D38) -> 10888472 | E37: 投保人數925,000人。
A38: 現金給付 | D38: =SUM(D39,D42,D44,D43) -> 10888472
A39: 生育給付 | D39: =SUM(D40:D41) -> 113220
A40: 本人生育 | B40: 555 | C40: 61200 | D40: 33966 | E40: 預估555件。 | H40: =B40*C40/1000-D40 -> 0
A41: 配偶生育 | B41: 1295 | C41: 61200 | D41: 79254 | E41: 預估1,295件。 | H41: =B41*C41/1000-D41 -> 0
A42: 身心障礙給付 | B42: 9805 | C42: 221980 | D42: 2176514 | E42: 預估9,805件。 | H42: =B42*C42/1000-D42 -> -0.1
A43: 喪葬津貼 | B43: 28100 | C43: 306000 | D43: 8598600 | E43: 預估28,100件。 | H43: =B43*C43/1000-D43 -> 0
A44: 複檢費用 | B44: 145 | C44: 955 | D44: 138 | E44: 預估145件。 | H44: =B44*C44/1000-D44 -> 0.475
A46: 農職保 | D46: =SUM(D47) -> 238494 | E46: 投保人數349,000人。
A47: 現金給付 | D47: =+D48+D50+D49+D53+D54 -> 238494
A48: 傷病給付 | B48: 5438 | C48: 24752 | D48: 134601 | E48: 預估5,438件。 | H48: =B48*C48/1000-D48 -> 0.376
A49: 身心障礙給付 | B49: 93 | C49: 198000 | D49: 18414 | E49: 預估93件。 | H49: =B49*C49/1000-D49 -> 0
A50: 就醫津貼 | D50: =SUM(D51:D52) -> 28560
A51: 門診就醫津貼 | B51: 265809 | C51: 50 | D51: 13290 | H51: =B51*C51/1000-D51 -> 0.45
A52: 住院就醫津貼 | B52: 16967 | C52: 900 | D52: 15270 | H52: =B52*C52/1000-D52 -> 0.3
A53: 喪葬津貼 | B53: 93 | C53: 612000 | D53: 56916 | E53: 預估93件。 | H53: =B53*C53/1000-D53 -> 0
A54: 複檢費用 | B54: 3 | C54: 955 | D54: 3 | E54: 預估3件。 | H54: =B54*C54/1000-D54 -> -0.135
A56: 勞職保及保護 | D56: =D61+D57+D92+D93+D94+D99+D102+D103+D104+D105+D106+D111+D112 -> 7664166 | E56: 投保人數11,290,000人。
A57: 醫療給付 | D57: =+D59+D58 -> 3144300
A58: 門診費用 | B58: 1510000 | C58: 1170 | D58: 1766700 | E58: 就診率13.37%。 | H58: =B58*C58/1000-D58 -> 0
A59: 住院費用 | B59: 30000 | C59: 45920 | D59: 1377600 | E59: 住院率0.27%。 | H59: =B59*C59/1000-D59 -> 0
A61: 現金給付 | D61: =SUM(D63,D64,D75,D80,D83,D87,D88,D89,D69,D70,D74,D90) -> 4308679
A63: 傷病給付 | B63: 51257 | C63: 45435 | D63: 2328862 | E63: 發生率4.54‰。 | H63: =B63*C63/1000-D63 -> -0.205
A64: 失能給付 | D64: =SUM(D65:D68) -> 788252
A65: 一次金 | B65: 1690 | C65: 382593 | D65: 646582 | E65: 發生率0.15‰。 | H65: =B65*C65/1000-D65 -> 0.17
A66: 差額金 | B66: 14 | C66: 780612 | D66: 10929 | H66: =B66*C66/1000-D66 -> -0.432
A67: 年金 | B67: 738 | C67: 168693 | D67: 124495 | H67: =B67*C67/1000-D67 -> 0.434
A68: 補償一次金 | B68: 9 | C68: 694000 | D68: 6246 | H68: =B68*C68/1000-D68 -> 0
A69: 複檢費用 | B69: 50 | C69: 2500 | D69: 125 | H69: =B69*C69/1000-D69 -> 0
A70: 死亡給付 | D70: =SUM(D71:D73) -> 819488
A71: 一次金 | B71: 594 | C71: 758263 | D71: 450408 | E71: 發生率0.05‰。 | H71: =B71*C71/1000-D71 -> 0.222
A72: 遺屬年金 | B72: 2476 | C72: 142084 | D72: 351800 | H72: =B72*C72/1000-D72 -> -0.016
A73: 職災補償金 | B73: 54 | C73: 319998 | D73: 17280 | H73: =B73*C73/1000-D73 -> -0.108
A74: 失蹤給付 | B74: 31 | C74: 409811 | D74: 12704 | H74: =B74*C74/1000-D74 -> 0.141
A75: 退保後職業病 | D75: =SUM(D76:D79) -> 109803
A76: 醫療補助 | B76: 3000 | C76: 24000 | D76: 72000 | H76: =B76*C76/1000-D76 -> 0
A77: 失能津貼 | B77: 20 | C77: 645291 | D77: 12906 | H77: =B77*C77/1000-D77 -> -0.18
A78: 死亡津貼 | B78: 34 | C78: 725720 | D78: 24674 | H78: =B78*C78/1000-D78 -> 0.48
A79: 失能照護補助 | B79: 2 | C79: 111600 | D79: 223 | H79: =B79*C79/1000-D79 -> 0.2
A80: 照護補助 | D80: =SUM(D81:D82) -> 45406
A81: 傷病 | B81: 2120 | C81: 13200 | D81: 27984 | H81: =B81*C81/1000-D81 -> 0
A82: 失能 | B82: 147 | C82: 118517 | D82: 17422 | H82: =B82*C82/1000-D82 -> -0.001
A83: 未加保職災補助 | D83: =SUM(D84:D86) -> 166878
A84: 失能照護補助 | B84: 28 | C84: 111600 | D84: 3125 | H84: =B84*C84/1000-D84 -> -0.2
A85: 失能補助 | B85: 23 | C85: 766480 | D85: 17629 | H85: =B85*C85/1000-D85 -> 0.04
A86: 死亡補助 | B86: 123 | C86: 1188000 | D86: 146124 | H86: =B86*C86/1000-D86 -> 0
A87: 委託鑑定費用 | B87: 41 | C87: 7000 | D87: 287 | H87: =B87*C87/1000-D87 -> 0
A88: 病歷查詢費 | B88: 7988 | C88: 1000 | D88: 7988 | H88: =B88*C88/1000-D88 -> 0
A89: 特約醫師審查費 | B89: 11237 | C89: 700 | D89: 7866 | H89: =B89*C89/1000-D89 -> -0.1
A90: 補助職業災害勞工醫療期間 退保自願參加勞工保險者保 費 | B90: 11957 | C90: 1758 | D90: 21020 | H90: =B90*C90/1000-D90 -> 0.406
A92: 失能補助 | B92: 20 | C92: 520000 | D92: 10400 | E92: 預估20件。 | H92: =B92*C92/1000-D92 -> 0
A93: 死亡補助 | B93: 8 | C93: 720000 | D93: 5760 | E93: 預估8件。 | H93: =B93*C93/1000-D93 -> 0
A94: 職業疾病生活津貼 | D94: 8437
A95: 職業疾病相當勞保失能給付 1-3等級且喪失全部工作能力 | B95: 362 | C95: 8700 | D95: 3149 | E95: 預估362人次。 | H95: =B95*C95/1000-D95 -> 0.4
A96: 職業疾病相當勞保失能給付 1-7等級且喪失部分工作能力 | B96: 702 | C96: 6200 | D96: 4352 | E96: 預估702人次。 | H96: =B96*C96/1000-D96 -> 0.4
A97: 職業疾病相當勞保失能給付 8-10等級且喪失部分工作能力 | B97: 36 | C97: 3200 | D97: 115 | E97: 預估36人次。 | H97: =B97*C97/1000-D97 -> 0.2
A98: 職業疾病相當勞保失能給付 11-15等級且喪失部分工作能力 | B98: 432 | C98: 1900 | D98: 821 | E98: 預估432人次。 | H98: =B98*C98/1000-D98 -> -0.2
A99: 失能生活津貼 | D99: =SUM(D100:D101) -> 94524
A100: 符合勞保失能給付 1-3等級且喪失全部工作能力 | B100: 4032 | C100: 8700 | D100: 35078 | E100: 預估4,032人次。 | H100: =B100*C100/1000-D100 -> 0.4
A101: 符合勞保失能給付 1-7等級且喪失部分工作能力 | B101: 9588 | C101: 6200 | D101: 59446 | E101: 預估9,588人次。 | H101: =B101*C101/1000-D101 -> -0.4
A102: 職業訓練生活津貼 | B102: 12 | C102: 14800 | D102: 178 | E102: 預估12人次。 | H102: =B102*C102/1000-D102 -> -0.4
A103: 器具補助 | B103: 610 | C103: 13500 | D103: 8235 | E103: 預估610人次。 | H103: =B103*C103/1000-D103 -> 0
A104: 看護補助 | B104: 3660 | C104: 12400 | D104: 45384 | E104: 預估3,660人次。 | H104: =B104*C104/1000-D104 -> 0
A105: 家屬補助 | B105: 380 | C105: 100000 | D105: 38000 | E105: 預估380件。 | H105: =B105*C105/1000-D105 -> 0
A106: 職業疾病生活津貼-勞保 效力終止 | D106: =SUM(D107:D110) -> 239
A107: 職業疾病相當勞保失能給付 1-3等級且喪失全部工作能力 | B107: 12 | C107: 8700 | D107: 104 | E107: 預估12人次。 | H107: =B107*C107/1000-D107 -> 0.4
A108: 職業疾病相當勞保失能給付 1-7等級且喪失部分工作能力 | B108: 12 | C108: 6200 | D108: 74 | E108: 預估12人次。 | H108: =B108*C108/1000-D108 -> 0.4
A109: 職業疾病相當勞保失能給付 8-10等級且喪失部分工作能力 | B109: 12 | C109: 3200 | D109: 38 | E109: 預估12人次。 | H109: =B109*C109/1000-D109 -> 0.4
...

Sheet 雜項業務成本分析-勞職保及保護
A1: 勞 動 部 勞 工 保 險 局
A2: 勞 工 保 險 局 作 業 基 金
A3: 雜項業務成本分析表─勞職保及保護
A4: 中華民國113年度 單位：新臺幣千元
A5: 科目及業務項目 | B5: 人次、人日、件數或給付次數 | C5: 每單位金額 （元） | D5: 預算數 | E5: 說明
A7: 勞職保及保護 | D7: =D8+D34+D37+D31+D32 -> 1398281
A8: 職業災害預防 | D8: =SUM(D9,D11,D15,D20,D25) -> 277794
A9: 職業傷病預防 | D9: =SUM(D10:D10) -> 5500 | G9: =B9*C9/1000 -> 0
A10: 職業病預防介入改善計畫 | D10: 5500 | G10: =B10*C10/1000 -> 0
A11: 職業衛生與健康管理 | D11: =SUM(D12:D14) -> 61143 | G11: =B11*C11/1000 -> 0
A12: 強化職業衛生危害調查、評估、控制技術與管理效能及系統 | D12: 15750 | G12: =B12*C12/1000 -> 0
A13: 提升勞工健康檢查品質與資訊管理 | D13: 6393 | G13: =B13*C13/1000 -> 0
A14: 建構職業健康專業能量發展網絡，強化職場新興危害及高危害物質健康防護 | D14: 39000 | G14: =B14*C14/1000 -> 0
A15: 職業及機械設備安全輔導 | D15: =SUM(D16:D19) -> 102201 | G15: =B15*C15/1000 -> 0
A16: 石化、化學工廠及高科技廠製程安全管理輔導 | D16: 3000 | G16: =B16*C16/1000 -> 0
A17: 營造業職業安全衛生管理促進計畫 | D17: 19701 | G17: =B17*C17/1000 -> 0
A18: 推動產業車輛機械及機具安全檢驗，暨補助新購安全機械及改善既有機械安全 | D18: 29500 | G18: =B18*C18/1000 -> 0
A19: 補助危老移動式起重機汰舊換新試辦計畫 | D19: 50000
A20: 提升勞工職災預防及工安意識 | D20: =SUM(D21:D24) -> 67900
A21: 職業安全衛生文化促進及教育訓練品質提升 | D21: 34400
A22: 職場危害認知及工安意識促進活動
A23: 職業安全衛生全國巡迴推廣及工安意識促進 | D23: 9600
A24: 補助相關團體辦理職業災害預防事項 | D24: 23900
A25: 高風險產業職災預防輔導 | D25: =SUM(D26:D30) -> 41050
A26: 機械災害預防及工業區職業安全衛生促進 | D26: 11750
A27: 營造業臨廠訪視輔導及本質安全促進 | D27: 17000
A28: 高風險事業單位臨廠訪視輔導 | D28: 5850
A29: 職場危害評估採樣分析計畫 | D29: 6450
A30: 表面處理業危害監測採樣分析與資料庫建立(II)
A31: 預防職業病健康檢查 | B31: 285000 | C31: 1100 | D31: 313500 | G31: =B31*C31/1000-D31 -> 0
A32: 職業傷病通報、職業災害勞工轉介及個案服務 | D32: =D33 -> 18670
A33: 職業傷病診治服務網絡及傷病通報 | D33: 18670
A34: 職業災害勞工重建 | D34: =SUM(D35:D36) -> 399058
A35: 職災勞工傷病防治整合性服務及職業病鑑定 | D35: 135743
A36: 職災勞工復工及重返職場服務 | D36: 263315
A37: 捐(補)助財團法人職業災害預防及重建中心 | D37: 389259

Sheet 收支餘絀預計表-勞
A1: 勞 動 部 勞 工 保 險 局
A2: 勞 工 保 險 局 作 業 基 金
A3: 收支餘絀預計表（勞工保險部分）
A4: 中華民國113年度 單位：新臺幣千元
A5: 前年度決算數 | C5: 科 目 | D5: 本年度預算數 | F5: 上年度預算數 | H5: 比較增減(-)
A6: 金 額 | B6: ％ | D6: 金 額 | E6: ％ | F6: 金 額 | G6: ％ | H6: 金 額 | I6: ％
A8: 769919207 | B8: 100 | C8: 業務收入 | D8: =+D9+D11+D17+D20 -> 642560540 | E8: 100 | F8: =+F9+F11+F17+F20 -> 543888456 | G8: 100 | H8: =D8-F8 -> 98672084 | I8: =ROUND(H8/F8*100,2) -> 18.14 | K8: =ROUND(A8/$A$8*100,4) -> 100 | L8: =ROUND(D8/$D$8*100,4) -> 100 | M8: =ROUND(F8/$F$8*100,4) -> 100
A9: 274738 | B9: =ROUND(A9/$A$8*100,2) -> 0.04 | C9: 租金及權利金收入 | D9: =+D10 -> 274530 | E9: =ROUND(D9/$D$8*100,2) -> 0.04 | F9: =+F10 -> 281803 | G9: =ROUND(F9/$F$8*100,2) -> 0.05 | H9: =D9-F9 -> -7273 | I9: =ROUND(H9/F9*100,2) -> -2.58 | K9: =ROUND(A9/$A$8*100,4) -> 0.0357 | L9: =ROUND(D9/$D$8*100,4) -> 0.0427 | M9: =ROUND(F9/$F$8*100,4) -> 0.0518
A10: 274738 | B10: =ROUND(A10/$A$8*100,2) -> 0.04 | C10: 投資性不動產收入 | D10: 274530 | E10: =ROUND(D10/$D$8*100,2) -> 0.04 | F10: 281803 | G10: =ROUND(F10/$F$8*100,2) -> 0.05 | H10: =D10-F10 -> -7273 | I10: =ROUND(H10/F10*100,2) -> -2.58 | K10: =ROUND(A10/$A$8*100,4) -> 0.0357 | L10: =ROUND(D10/$D$8*100,4) -> 0.0427 | M10: =ROUND(F10/$F$8*100,4) -> 0.0518
A11: 228755335 | B11: =ROUND(A11/$A$8*100,2) -> 29.71 | C11: 投融資業務收入 | D11: =+D12+D13+D15+D14+D16 -> 29507668 | E11: =ROUND(D11/$D$8*100,2) -> 4.59 | F11: =+F12+F13+F15+F14+F16 -> 31843910 | G11: =ROUND(F11/$F$8*100,2) -> 5.85 | H11: =D11-F11 -> -2336242 | I11: =ROUND(H11/F11*100,2) -> -7.34 | K11: =ROUND(A11/$A$8*100,4) -> 29.7116 | L11: =ROUND(D11/$D$8*100,4) -> 4.5922 | M11: =ROUND(F11/$F$8*100,4) -> 5.8549
A12: 154822344 | B12: =ROUND(A12/$A$8*100,2) -> 20.11 | C12: 投資業務收入 | D12: =26118743+1764559 -> 27883302 | E12: =ROUND(D12/$D$8*100,2) -> 4.34 | F12: =29159224+571518+1000000 -> 30730742 | G12: =ROUND(F12/$F$8*100,2) -> 5.65 | H12: =D12-F12 -> -2847440 | I12: =ROUND(H12/F12*100,2) -> -9.27 | K12: =ROUND(A12/$A$8*100,4) -> 20.1089 | L12: =ROUND(D12/$D$8*100,4) -> 4.3394 | M12: =ROUND(F12/$F$8*100,4) -> 5.6502
A13: 550586 | B13: =ROUND(A13/$A$8*100,2) -> 0.07 | C13: 融資業務收入 | D13: =618695+4253 -> 622948 | E13: =ROUND(D13/$D$8*100,2) -> 0.1 | F13: =536264+401 -> 536665 | G13: =ROUND(F13/$F$8*100,2) -> 0.1 | H13: =D13-F13 -> 86283 | I13: =ROUND(H13/F13*100,2) -> 16.08 | K13: =ROUND(A13/$A$8*100,4) -> 0.0715 | L13: =ROUND(D13/$D$8*100,4) -> 0.0969 | M13: =ROUND(F13/$F$8*100,4) -> 0.0987
A14: 72353932 | B14: =ROUND(A14/$A$8*100,2) -> 9.4 | C14: 兌換賸餘 | D14: =2911000-2911000 -> 0 | E14: =ROUND(D14/$D$8*100,2) -> 0 | F14: 0 | G14: =ROUND(F14/$F$8*100,2) -> 0 | H14: =D14-F14 -> 0 | I14: 0 | K14: =ROUND(A14/$A$8*100,4) -> 9.3976 | L14: =ROUND(D14/$D$8*100,4) -> 0 | M14: =ROUND(F14/$F$8*100,4) -> 0
A15: 277284 | B15: =ROUND(A15/$A$8*100,2) -> 0.04 | C15: 手續費收入 | D15: 0 | E15: =ROUND(D15/$D$8*100,2) -> 0 | F15: 0 | G15: =ROUND(F15/$F$8*100,2) -> 0 | H15: =D15-F15 -> 0 | I15: 0 | K15: =ROUND(A15/$A$8*100,4) -> 0.036 | L15: =ROUND(D15/$D$8*100,4) -> 0 | M15: =ROUND(F15/$F$8*100,4) -> 0
A16: 751188 | B16: =ROUND(A16/$A$8*100,2) -> 0.1 | C16: 存款利息收入 | D16: =919847+81571 -> 1001418 | E16: =ROUND(D16/$D$8*100,2) -> 0.16 | F16: =562811+13692 -> 576503 | G16: =ROUND(F16/$F$8*100,2) -> 0.11 | H16: =D16-F16 -> 424915 | I16: =ROUND(H16/F16*100,2) -> 73.71 | K16: =ROUND(A16/$A$8*100,4) -> 0.0976 | L16: =ROUND(D16/$D$8*100,4) -> 0.1558 | M16: =ROUND(F16/$F$8*100,4) -> 0.106
A17: 510819805 | B17: =ROUND(A17/$A$8*100,2) -> 66.35 | C17: 保險收入 | D17: =D18+D19 -> 482778342 | E17: =ROUND(D17/$D$8*100,2) -> 75.13 | F17: =F18+F19 -> 466762743 | G17: =ROUND(F17/$F$8*100,2) -> 85.82 | H17: =D17-F17 -> 16015599 | I17: =ROUND(H17/F17*100,2) -> 3.43 | K17: =ROUND(A17/$A$8*100,4) -> 66.3472 | L17: =ROUND(D17/$D$8*100,4) -> 75.1335 | M17: =ROUND(F17/$F$8*100,4) -> 85.8196
A18: 443257143 | B18: =ROUND(A18/$A$8*100,2) -> 57.57 | C18: 保費收入 | D18: 482778342 | E18: =ROUND(D18/$D$8*100,2) -> 75.13 | F18: 466762743 | G18: =ROUND(F18/$F$8*100,2) -> 85.82 | H18: =D18-F18 -> 16015599 | I18: =ROUND(H18/F18*100,2) -> 3.43 | K18: =ROUND(A18/$A$8*100,4) -> 57.5719 | L18: =ROUND(D18/$D$8*100,4) -> 75.1335 | M18: =ROUND(F18/$F$8*100,4) -> 85.8196
A19: 67562662 | B19: =ROUND(A19/$A$8*100,2) -> 8.78 | C19: 收回責任準備 | D19: =23860987-23860987 -> 0 | E19: =ROUND(D19/$D$8*100,2) -> 0 | F19: 0 | G19: =ROUND(F19/$F$8*100,2) -> 0 | H19: =D19-F19 -> 0 | I19: - | K19: =ROUND(A19/$A$8*100,4) -> 8.7753 | L19: =ROUND(D19/$D$8*100,4) -> 0 | M19: =ROUND(F19/$F$8*100,4) -> 0
A20: 30069329 | B20: =ROUND(A20/$A$8*100,2) -> 3.91 | C20: 其他業務收入 | D20: =+D21+D22 -> 130000000 | E20: =ROUND(D20/$D$8*100,2) -> 20.23 | F20: =+F21+F22 -> 45000000 | G20: =ROUND(F20/$F$8*100,2) -> 8.27 | H20: =D20-F20 -> 85000000 | I20: =ROUND(H20/F20*100,2) -> 188.89 | K20: =ROUND(A20/$A$8*100,4) -> 3.9055 | L20: =ROUND(D20/$D$8*100,4) -> 20.2316 | M20: =ROUND(F20/$F$8*100,4) -> 8.2738
A21: 30000000 | B21: =ROUND(A21/$A$8*100,2) -> 3.9 | C21: 其他補助收入 | D21: =10000000+100000000+20000000 -> 130000000 | E21: =ROUND(D21/$D$8*100,2) -> 20.23 | F21: 45000000 | G21: =ROUND(F21/$F$8*100,2) -> 8.27 | H21: =D21-F21 -> 85000000 | I21: =ROUND(H21/F21*100,2) -> 188.89 | K21: =ROUND(A21/$A$8*100,4) -> 3.8965 | L21: =ROUND(D21/$D$8*100,4) -> 20.2316 | M21: =ROUND(F21/$F$8*100,4) -> 8.2738
A22: 69329 | B22: =ROUND(A22/$A$8*100,2) -> 0.01 | C22: 雜項業務收入 | D22: 0 | E22: =ROUND(D22/$D$8*100,2) -> 0 | F22: 0 | G22: =ROUND(F22/$F$8*100,2) -> 0 | H22: =D22-F22 -> 0 | I22: 0 | K22: =ROUND(A22/$A$8*100,4) -> 0.009 | L22: =ROUND(D22/$D$8*100,4) -> 0 | M22: =ROUND(F22/$F$8*100,4) -> 0
A23: 770251068 | B23: =ROUND(A23/$A$8*100,2) -> 100.04 | C23: 業務成本與費用 | D23: =D24+D26+D30+D34 -> 642859927 | E23: =ROUND(D23/$D$8*100,2) -> 100.05 | F23: =F24+F26+F30+F34 -> 544152993 | G23: =ROUND(F23/$F$8*100,2) -> 100.05 | H23: =D23-F23 -> 98706934 | I23: =ROUND(H23/F23*100,2) -> 18.14 | K23: =ROUND(A23/$A$8*100,4) -> 100.0431 | L23: =ROUND(D23/$D$8*100,4) -> 100.0466 | M23: =ROUND(F23/$F$8*100,4) -> 100.0486
A24: 28956 | B24: =ROUND(A24/$A$8*100,2) -> 0 | C24: 出租資產成本 | D24: =+D25 -> 32423 | E24: =ROUND(D24/$D$8*100,2) -> 0.01 | F24: =+F25 -> 31573 | G24: =ROUND(F24/$F$8*100,2) -> 0.01 | H24: =D24-F24 -> 850 | I24: =ROUND(H24/F24*100,2) -> 2.69 | K24: =ROUND(A24/$A$8*100,4) -> 0.0038 | L24: =ROUND(D24/$D$8*100,4) -> 0.005 | M24: =ROUND(F24/$F$8*100,4) -> 0.0058
A25: 28956 | B25: =ROUND(A25/$A$8*100,2) -> 0 | C25: 投資性不動產成本 | D25: 32423 | E25: =ROUND(D25/$D$8*100,2) -> 0.01 | F25: 31573 | G25: =ROUND(F25/$F$8*100,2) -> 0.01 | H25: =D25-F25 -> 850 | I25: =ROUND(H25/F25*100,2) -> 2.69 | K25: =ROUND(A25/$A$8*100,4) -> 0.0038 | L25: =ROUND(D25/$D$8*100,4) -> 0.005 | M25: =ROUND(F25/$F$8*100,4) -> 0.0058
A26: 288061196 | B26: =ROUND(A26/$A$8*100,2) -> 37.41 | C26: 投融資業務成本 | D26: =+D27+D28+D29 -> 1012696 | E26: =ROUND(D26/$D$8*100,2) -> 0.16 | F26: =+F27+F28+F29 -> 1003200 | G26: =ROUND(F26/$F$8*100,2) -> 0.18 | H26: =D26-F26 -> 9496 | I26: =ROUND(H26/F26*100,2) -> 0.95 | K26: =ROUND(A26/$A$8*100,4) -> 37.4145 | L26: =ROUND(D26/$D$8*100,4) -> 0.1576 | M26: =ROUND(F26/$F$8*100,4) -> 0.1844
A27: 250023188 | B27: =ROUND(A27/$A$8*100,2) -> 32.47 | C27: 投資業務成本 | D27: =887197+57499 -> 944696 | E27: =ROUND(D27/$D$8*100,2) -> 0.15 | F27: =917947+17253 -> 935200 | G27: =ROUND(F27/$F$8*100,2) -> 0.17 | H27: =D27-F27 -> 9496 | I27: =ROUND(H27/F27*100,2) -> 1.02 | K27: =ROUND(A27/$A$8*100,4) -> 32.474 | L27: =ROUND(D27/$D$8*100,4) -> 0.147 | M27: =ROUND(F27/$F$8*100,4) -> 0.1719
A28: 64594 | B28: =ROUND(A28/$A$8*100,2) -> 0.01 | C28: 融資業務成本 | D28: 68000 | E28: =ROUND(D28/$D$8*100,2) -> 0.01 | F28: 68000 | G28: =ROUND(F28/$F$8*100,2) -> 0.01 | H28: =D28-F28 -> 0 | I28: =ROUND(H28/F28*100,2) -> 0 | K28: =ROUND(A28/$A$8*100,4) -> 0.0084 | L28: =ROUND(D28/$D$8*100,4) -> 0.0106 | M28: =ROUND(F28/$F$8*100,4) -> 0.0125
A29: 37973414 | B29: =ROUND(A29/$A$8*100,2) -> 4.93 | C29: 兌換短絀 | D29: =2911000-2911000 -> 0 | E29: =ROUND(D29/$D$8*100,2) -> 0 | F29: 0 | G29: =ROUND(F29/$F$8*100,2) -> 0 | H29: =D29-F29 -> 0 | I29: 0 | K29: =ROUND(A29/$A$8*100,4) -> 4.9321 | L29: =ROUND(D29/$D$8*100,4) -> 0 | M29: =ROUND(F29/$F$8*100,4) -> 0
A30: 482160916 | B30: =ROUND(A30/$A$8*100,2) -> 62.62 | C30: 保險成本 | D30: =D31+D32+D33 -> 641814808 | E30: =ROUND(D30/$D$8*100,2) -> 99.88 | F30: =F31+F32+F33 -> 543118220 | G30: =ROUND(F30/$F$8*100,2) -> 99.86 | H30: =D30-F30 -> 98696588 | I30: =ROUND(H30/F30*100,2) -> 18.17 | K30: =ROUND(A30/$A$8*100,4) -> 62.6249 | L30: =ROUND(D30/$D$8*100,4) -> 99.8839 | M30: =ROUND(F30/$F$8*100,4) -> 99.8584
A31: 481427175 | B31: =ROUND(A31/$A$8*100,2) -> 62.53 | C31: 保險給付 | D31: 543211117 | E31: =ROUND(D31/$D$8*100,2) -> 84.54 | F31: 536712433 | G31: =ROUND(F31/$F$8*100,2) -> 98.68 | H31: =D31-F31 -> 6498684 | I31: =ROUND(H31/F31*100,2) -> 1.21 | K31: =ROUND(A31/$A$8*100,4) -> 62.5296 | L31: =ROUND(D31/$D$8*100,4) -> 84.5385 | M31: =ROUND(F31/$F$8*100,4) -> 98.6806
A32: 0 | B32: =ROUND(A32/$A$8*100,2) -> 0 | C32: 提存責任準備 | D32: =77931897+20000000 -> 97931897 | E32: =ROUND(D32/$D$8*100,2) -> 15.24 | F32: =4641046+1000000 -> 5641046 | G32: =ROUND(F32/$F$8*100,2) -> 1.04 | H32: =D32-F32 -> 92290851 | I32: =ROUND(H32/F32*100,2) -> 1636.06 | K32: =ROUND(A32/$A$8*100,4) -> 0 | L32: =ROUND(D32/$D$8*100,4) -> 15.2409 | M32: =ROUND(F32/$F$8*100,4) -> 1.0372
A33: 733741 | B33: =ROUND(A33/$A$8*100,2) -> 0.1 | C33: 呆帳 | D33: 671794 | E33: =ROUND(D33/$D$8*100,2) -> 0.1 | F33: 764741 | G33: =ROUND(F33/$F$8*100,2) -> 0.14 | H33: =D33-F33 -> -92947 | I33: =ROUND(H33/F33*100,2) -> -12.15 | K33: =ROUND(A33/$A$8*100,4) -> 0.0953 | L33: =ROUND(D33/$D$8*100,4) -> 0.1045 | M33: =ROUND(F33/$F$8*100,4) -> 0.1406
A34: 0 | B34: =ROUND(A34/$A$8*100,2) -> 0 | C34: 其他業務成本 | D34: =+D35 -> 0 | E34: =ROUND(D34/$D$8*100,2) -> 0 | F34: =+F35 -> 0 | G34: =ROUND(F34/$F$8*100,2) -> 0 | H34: =D34-F34 -> 0 | I34: 0 | K34: =ROUND(A34/$A$8*100,4) -> 0 | L34: =ROUND(D34/$D$8*100,4) -> 0 | M34: =ROUND(F34/$F$8*100,4) -> 0
A35: 0 | B35: =ROUND(A35/$A$8*100,2) -> 0 | C35: 雜項業務成本 | D35: 0 | E35: =ROUND(D35/$D$8*100,2) -> 0 | F35: 0 | G35: =ROUND(F35/$F$8*100,2) -> 0 | H35: =D35-F35 -> 0 | I35: 0 | K35: =ROUND(A35/$A$8*100,4) -> 0 | L35: =ROUND(D35/$D$8*100,4) -> 0 | M35: =ROUND(F35/$F$8*100,4) -> 0
A36: -331861 | B36: =ROUND(A36/$A$8*100,2) -> -0.04 | C36: 業務賸餘（短絀） | D36: =D8-D23 -> -299387 | E36: =ROUND(D36/$D$8*100,2) -> -0.05 | F36: =F8-F23 -> -264537 | G36: =ROUND(F36/$F$8*100,2) -> -0.05 | H36: =D36-F36 -> -34850 | I36: =ROUND(H36/F36*100,2) -> 13.17 | K36: =ROUND(A36/$A$8*100,4) -> -0.0431 | L36: =ROUND(D36/$D$8*100,4) -> -0.0466 | M36: =ROUND(F36/$F$8*100,4) -> -0.0486
A37: 332506 | B37: =ROUND(A37/$A$8*100,2) -> 0.04 | C37: 業務外收入 | D37: =D38+D40 -> 301410 | E37: =ROUND(D37/$D$8*100,2) -> 0.05 | F37: =F38+F40 -> 264681 | G37: =ROUND(F37/$F$8*100,2) -> 0.05 | H37: =D37-F37 -> 36729 | I37: =ROUND(H37/F37*100,2) -> 13.88 | K37: =ROUND(A37/$A$8*100,4) -> 0.0432 | L37: =ROUND(D37/$D$8*100,4) -> 0.0469 | M37: =ROUND(F37/$F$8*100,4) -> 0.0487
A38: 416 | B38: =ROUND(A38/$A$8*100,2) -> 0 | C38: 財務收入 | D38: =D39 -> 320 | E38: =ROUND(D38/$D$8*100,2) -> 0 | F38: =F39 -> 313 | G38: =ROUND(F38/$F$8*100,2) -> 0 | H38: =D38-F38 -> 7 | I38: =ROUND(H38/F38*100,2) -> 2.24 | K38: =ROUND(A38/$A$8*100,4) -> 0.0001 | L38: =ROUND(D38/$D$8*100,4) -> 0 | M38: =ROUND(F38/$F$8*100,4) -> 0.0001
A39: 416 | B39: =ROUND(A39/$A$8*100,2) -> 0 | C39: 利息收入 | D39: 320 | E39: =ROUND(D39/$D$8*100,2) -> 0 | F39: 313 | G39: =ROUND(F39/$F$8*100,2) -> 0 | H39: =D39-F39 -> 7 | I39: =ROUND(H39/F39*100,2) -> 2.24 | K39: =ROUND(A39/$A$8*100,4) -> 0.0001 | L39: =ROUND(D39/$D$8*100,4) -> 0 | M39: =ROUND(F39/$F$8*100,4) -> 0.0001
A40: 332090 | B40: =ROUND(A40/$A$8*100,2) -> 0.04 | C40: 其他業務外收入 | D40: =D41+D43+D44 -> 301090 | E40: =ROUND(D40/$D$8*100,2) -> 0.05 | F40: =F41+F43+F44 -> 264368 | G40: =ROUND(F40/$F$8*100,2) -> 0.05 | H40: =D40-F40 -> 36722 | I40: =ROUND(H40/F40*100,2) -> 13.89 | K40: =ROUND(A40/$A$8*100,4) -> 0.0431 | L40: =ROUND(D40/$D$8*100,4) -> 0.0469 | M40: =ROUND(F40/$F$8*100,4) -> 0.0486
A41: 32314 | B41: =ROUND(A41/$A$8*100,2) -> 0 | C41: 違規罰款收入 | D41: 700 | E41: =ROUND(D41/$D$8*100,2) -> 0 | F41: 700 | G41: =ROUND(F41/$F$8*100,2) -> 0 | H41: =D41-F41 -> 0 | I41: 0 | K41: =ROUND(A41/$A$8*100,4) -> 0.0042 | L41: =ROUND(D41/$D$8*100,4) -> 0.0001 | M41: =ROUND(F41/$F$8*100,4) -> 0.0001
A42: 0 | B42: =ROUND(A42/$A$8*100,2) -> 0 | C42: 賠償收入 | D42: 0 | E42: =ROUND(D42/$D$8*100,2) -> 0 | F42: 0 | G42: =ROUND(F42/$F$8*100,2) -> 0 | H42: =D42-F42 -> 0 | I42: 0
A43: 277252 | B43: =ROUND(A43/$A$8*100,2) -> 0.04 | C43: 收回呆帳 | D43: 280451 | E43: =ROUND(D43/$D$8*100,2) -> 0.04 | F43: 250464 | G43: =ROUND(F43/$F$8*100,2) -> 0.05 | H43: =D43-F43 -> 29987 | I43: =ROUND(H43/F43*100,2) -> 11.97 | K43: =ROUND(A43/$A$8*100,4) -> 0.036 | L43: =ROUND(D43/$D$8*100,4) -> 0.0436 | M43: =ROUND(F43/$F$8*100,4) -> 0.0461
A44: 22524 | B44: =ROUND(A44/$A$8*100,2) -> 0 | C44: 雜項收入 | D44: 19939 | E44: =ROUND(D44/$D$8*100,2) -> 0 | F44: 13204 | G44: =ROUND(F44/$F$8*100,2) -> 0 | H44: =D44-F44 -> 6735 | I44: =ROUND(H44/F44*100,2) -> 51.01 | K44: =ROUND(A44/$A$8*100,4) -> 0.0029 | L44: =ROUND(D44/$D$8*100,4) -> 0.0031 | M44: =ROUND(F44/$F$8*100,4) -> 0.0024
A45: 645 | B45: =ROUND(A45/$A$8*100,2) -> 0 | C45: 業務外費用 | D45: =D46 -> 2023 | E45: =ROUND(D45/$D$8*100,2) -> 0 | F45: =F46 -> 144 | G45: =ROUND(F45/$F$8*100,2) -> 0 | H45: =D45-F45 -> 1879 | I45: =ROUND(H45/F45*100,2) -> 1304.86 | K45: =ROUND(A45/$A$8*100,4) -> 0.0001 | L45: =ROUND(D45/$D$8*100,4) -> 0.0003 | M45: =ROUND(F45/$F$8*100,4) -> 0
A46: 645 | B46: =ROUND(A46/$A$8*100,2) -> 0 | C46: 其他業務外費用 | D46: =D47 -> 2023 | E46: =ROUND(D46/$D$8*100,2) -> 0 | F46: =F47 -> 144 | G46: =ROUND(F46/$F$8*100,2) -> 0 | H46: =D46-F46 -> 1879 | I46: =ROUND(H46/F46*100,2) -> 1304.86 | K46: =ROUND(A46/$A$8*100,4) -> 0.0001 | L46: =ROUND(D46/$D$8*100,4) -> 0.0003 | M46: =ROUND(F46/$F$8*100,4) -> 0
A47: 645 | B47: =ROUND(A47/$A$8*100,2) -> 0 | C47: 雜項費用 | D47: 2023 | E47: =ROUND(D47/$D$8*100,2) -> 0 | F47: 144 | G47: =ROUND(F47/$F$8*100,2) -> 0 | H47: =D47-F47 -> 1879 | I47: =ROUND(H47/F47*100,2) -> 1304.86 | K47: =ROUND(A47/$A$8*100,4) -> 0.0001 | L47: =ROUND(D47/$D$8*100,4) -> 0.0003 | M47: =ROUND(F47/$F$8*100,4) -> 0
A48: 331861 | B48: =ROUND(A48/$A$8*100,2) -> 0.04 | C48: 業務外賸餘（短絀） | D48: =D37-D45 -> 299387 | E48: =ROUND(D48/$D$8*100,2) -> 0.05 | F48: =F37-F45 -> 264537 | G48: =ROUND(F48/$F$8*100,2) -> 0.05 | H48: =D48-F48 -> 34850 | I48: =ROUND(H48/F48*100,2) -> 13.17 | K48: =ROUND(A48/$A$8*100,4) -> 0.0431 | L48: =ROUND(D48/$D$8*100,4) -> 0.0466 | M48: =ROUND(F48/$F$8*100,4) -> 0.0486
A49: =A36+A48 -> 0 | B49: =ROUND(A49/$A$8*100,2) -> 0 | C49: 本期賸餘（短絀） | D49: =D36+D48 -> 0 | E49: =ROUND(D49/$D$8*100,2) -> 0 | F49: =F36+F48 -> 0 | G49: =ROUND(F49/$F$8*100,2) -> 0 | H49: =D49-F49 -> 0 | I49: 0
A52: 註：1.配合111年5月1日「勞工職業災害保險及保護法」施行，原列於「勞工保險業務」項下職業災害保險及「職業災害勞工保護業務」整併至「勞 工職業災害保險及保護業務」，為利比較，以前年度決算數為科目重分類之數。以下各表同。 2.百分比及前年度決算數細數之和與總數或略有出入，係四捨五入關係。以下各表同。

Sheet 現金流量預計表-勞
A1: 勞 動 部 勞 工 保 險 局
A2: 勞 工 保 險 局 作 業 基 金
A3: 現金流量預計表（勞工保險部分）
A4: 中華民國113年度 單位：新臺幣千元
A5: 項目 | B5: 預算數 | C5: 說明
A9: 業務活動之現金流量
A10: 本期賸餘（短絀） | B10: 0
A11: 利息股利之調整 | B11: =-D11+D12 -> -5710377 | C11: 利息收入 | D11: 5710377 | E11: 千元
C12: 2.利息費用 | D12: 0 | E12: 千元
A13: 未計利息股利之本期賸餘（短絀） | B13: =+B10+B11 -> -5710377
A14: 調整項目 | B14: =D14+D16+D17+D15+D18+D19+D20 -> 38071705 | C14: 1.提存呆帳 | D14: 671794 | E14: 千元
C15: 2.提存責任準備 | D15: =-23860987+101792884+20000000 -> 97931897 | E15: 千元
C16: 3.折舊 | D16: 16151 | E16: 千元
C17: 4.攤銷 | D17: 609 | E17: 千元
C18: 5.流動資產淨增 | D18: -60493338 | E18: 千元
C19: 6.流動負債淨增 | D19: 5507 | E19: 千元
C20: 7.其他 | D20: -60915 | E20: 千元
A21: 未計利息股利之現金流入（流出） | B21: =+B13+B14 -> 32361328
A22: 收取利息 | B22: 320 | C22: 收取利息320千元。
A23: 業務活動之淨現金流入（流出） | B23: =+B21+B22 -> 32361648
A24: 投資活動之現金流量
A25: 減少流動金融資產及短期貸墊款 | B25: 2709009 | C25: 係減少流動金融資產2,709,009千元。
A26: 減少投資、長期應收款、貸墊款及準備金 | B26: 10100000 | C26: 係減少長期貸款10,100,000千元。
A27: 收取利息 | B27: 5685522 | C27: 收取利息5,685,522千元。
A28: 增加流動金融資產及短期貸墊款 | B28: -1607000 | C28: 係增加短期貸款1,607,000千元。
A29: 增加投資、長期應收款、貸墊款及準備金 | B29: -23715880 | C29: 係增加投資-非流動金融資產13,930,289千元及長期貸款9,785,591千元。
A30: 增加無形資產、遞延借項及其他資產 | B30: 0 | C30: 係增加無形資產。
A31: 投資活動之淨現金流入（流出） | B31: =SUM(B25:B30) -> -6828349
A32: 籌資活動之現金流量
A33: 增加短期債務、流動金融負債及其他負債 | B33: 0 | C33: 係增加其他負債0千元。
A34: 減少短期債務、流動金融負債及其他負債 | B34: 0 | C34: 係減少其他負債25,492,851千元。
A35: 其他籌資活動之現金流出 | C35: 111年4月底勞工保險職業災害部分之現金及約當現金2,209,559千元，配合「勞職保及保護」業務於111年5月1日開辦，移列至該業務。
A36: 籌資活動之淨現金流入（流出） | B36: =SUM(B33:B35) -> 0
A37: 現金及約當現金之淨增（淨減） | B37: =B23+B31+B36 -> 25533299
A38: 期初現金及約當現金 | B38: =68835374+1000000 -> 69835374
A39: 期末現金及約當現金 | B39: =+B37+B38 -> 95368673

Sheet 預計平衡表-勞
A1: 勞 動 部 勞 工 保 險 局
A2: 勞 工 保 險 局 作 業 基 金
A3: 預計平衡表（勞工保險部分）
A4: 中華民國113年12月31日 單位：新臺幣千元
A5: 111年12月31日 實際數 | B5: 科目 | C5: 113年12月31日 預計數 | D5: 112年12月31日 預計數 | E5: 比較增減
A9: =A10+A16+A19+A21 -> 862389411 | B9: 資產 | C9: =C10+C16+C19+C21 -> 975835011 | D9: =D10+D16+D19+D21 -> 877958522 | E9: =E10+E16+E19+E21 -> 97876489
A10: =SUM(A11:A15) -> 710282472 | B10: 流動資產 | C10: =SUM(C11:C15) -> 832290961 | D10: =SUM(D11:D15) -> 748083635 | E10: =SUM(E11:E15) -> 84207326
A11: 54749879 | B11: 現金 | C11: =74368673+1000000+20000000 -> 95368673 | D11: =58835374+10000000+1000000 -> 69835374 | E11: =C11-D11 -> 25533299
A12: 560542649 | B12: 流動金融資產 | C12: 640014385 | D12: 582971043 | E12: =C12-D12 -> 57043342
A13: 91766219 | B13: 應收款項 | C13: 89966903 | D13: 89943218 | E13: =C13-D13 -> 23685
A14: 1791 | B14: 預付款項 | C14: 0 | D14: 0 | E14: =C14-D14 -> 0
A15: 3221934 | B15: 短期貸墊款 | C15: 6941000 | D15: 5334000 | E15: =C15-D15 -> 1607000
A16: =SUM(A17:A18) -> 124022140 | B16: 投資、長期應收款、貸墊款及準備金 | C16: =SUM(C17:C18) -> 118030263 | D16: =SUM(D17:D18) -> 103599974 | E16: =SUM(E17:E18) -> 14430289
A17: 116049741 | B17: 非流動金融資產 | C17: 107159263 | D17: 93228974 | E17: =C17-D17 -> 13930289
A18: 7972399 | B18: 長期貸款 | C18: 10871000 | D18: 10371000 | E18: =C18-D18 -> 500000
A19: =+A20 -> 1385694 | B19: 投資性不動產 | C19: =+C20 -> 1353392 | D19: =+D20 -> 1369543 | E19: =+E20 -> -16151
A20: 1385694 | B20: 投資性不動產 | C20: 1353392 | D20: 1369543 | E20: =C20-D20 -> -16151
A21: =SUM(A22:A24)+1 -> 26699105 | B21: 其他資產 | C21: =SUM(C22:C24) -> 24160395 | D21: =SUM(D22:D24) -> 24905370 | E21: =SUM(E22:E24) -> -744975
A22: 38533 | B22: 遞延資產 | C22: 37315 | D22: 37924 | E22: =C22-D22 -> -609
A23: 26422259 | B23: 什項資產 | C23: 23884768 | D23: 24629134 | E23: =C23-D23 -> -744366
A24: 238312 | B24: 待處理資產 | C24: 238312 | D24: 238312 | E24: =C24-D24 -> 0
A29: =A9 -> 862389411 | B29: 合計 | C29: =C9 -> 975835011 | D29: =D9 -> 877958522 | E29: =E9 -> 97876489
A30: =A31+A35 -> 862384202 | B30: 負債 | C30: =C31+C35 -> 975829802 | D30: =D31+D35 -> 877953313 | E30: =E31+E35 -> 97876489
A31: =SUM(A32:A34) -> 19868039 | B31: 流動負債 | C31: =SUM(C32:C34) -> 19862532 | D31: =SUM(D32:D34) -> 19857025 | E31: =SUM(E32:E34) -> 5507
A32: 19517282 | B32: 應付款項 | C32: 19514551 | D32: 19511820 | E32: =C32-D32 -> 2731
A33: 74965 | B33: 預收款項 | C33: 72189 | D33: 69413 | E33: =C33-D33 -> 2776
A34: 275792 | B34: 流動金融負債 | C34: 275792 | D34: 275792 | E34: =C34-D34 -> 0
A35: =SUM(A36:A38) -> 842516163 | B35: 其他負債 | C35: =SUM(C36:C38) -> 955967270 | D35: =SUM(D36:D38) -> 858096288 | E35: =SUM(E36:E38) -> 97870982
A36: 3853346 | B36: 遞延負債 | C36: 3731516 | D36: 3792431 | E36: =C36-D36 -> -60915
A37: 838512343 | B37: 負債準備 | C37: =931085286+1000000+20000000 -> 952085286 | D37: =843153389+10000000+1000000 -> 854153389 | E37: =C37-D37 -> 97931897
A38: 150474 | B38: 什項負債 | C38: 150468 | D38: 150468 | E38: =C38-D38 -> 0
A39: =A40+A42+A44 -> 5209 | B39: 淨值 | C39: =C40+C42+C44 -> 5209 | D39: =D40+D42+D44 -> 5209 | E39: =E40+E42+E44 -> 0
A40: =A41 -> 625 | B40: 基金 | C40: =C41 -> 625 | D40: =D41 -> 625 | E40: =E41 -> 0
A41: 625 | B41: 基金 | C41: 625 | D41: 625 | E41: =C41-D41 -> 0
A42: =+A43 -> 4584 | B42: 公積 | C42: =+C43 -> 4584 | D42: =+D43 -> 4584 | E42: =E43 -> 0
A43: 4584 | B43: 資本公積 | C43: 4584 | D43: 4584 | E43: 0
A44: =A45 -> 0 | B44: 累積餘絀 | C44: =C45 -> 0 | D44: =D45 -> 0 | E44: =E45 -> 0
A45: 0 | B45: 累積賸餘 | C45: 0 | D45: 0 | E45: 0
A50: =A30+A39 -> 862389411 | B50: 合計 | C50: =C30+C39 -> 975835011 | D50: =D30+D39 -> 877958522 | E50: =E30+E39 -> 97876489
A52: 註：本年度信託代理與保證資產（負債）預計為179,117千元，係包括（應付）保證品69,486千元及應收（受託）代收款109,631千元。
A55: =A50-A29 -> 0 | C55: =C50-C29 -> 0 | D55: =D50-D29 -> 0 | E55: =E50-E29 -> 0

Sheet 收支餘絀預計表-就
A1: 勞 動 部 勞 工 保 險 局
A2: 勞 工 保 險 局 作 業 基 金
A3: 收支餘絀預計表（就業保險部分）
A4: 中華民國113年度 單位：新臺幣千元
A5: 前年度決算數 | C5: 科 目 | D5: 本年度預算數 | F5: 上年度預算數 | H5: 比較增減(-)
A6: 金 額 | B6: ％ | D6: 金 額 | E6: ％ | F6: 金 額 | G6: ％ | H6: 金 額 | I6: ％
A8: 37852671 | B8: 100 | C8: 業務收入 | D8: =D14+D9 -> 34446844 | E8: 100 | F8: =F14+F9 -> 32514062 | G8: 100 | H8: =D8-F8 -> 1932782 | I8: =ROUND(H8/F8*100,2) -> 5.94 | K8: =ROUND(A8/$A$8*100,4) -> 100 | L8: =ROUND(D8/$D$8*100,4) -> 100 | M8: =ROUND(F8/$F$8*100,4) -> 100
A9: 7018535 | B9: =ROUND(A9/$A$8*100,2) -> 18.54 | C9: 投融資業務收入 | D9: =SUM(D10:D13) -> 2365631 | E9: =ROUND(D9/$D$8*100,2) -> 6.87 | F9: =SUM(F10:F13) -> 1564042 | G9: =ROUND(F9/$F$8*100,2) -> 4.81 | H9: =D9-F9 -> 801589 | I9: =ROUND(H9/F9*100,2) -> 51.25 | K9: =ROUND(A9/$A$8*100,4) -> 18.5417 | L9: =ROUND(D9/$D$8*100,4) -> 6.8675 | M9: =ROUND(F9/$F$8*100,4) -> 4.8104
A10: 2039280 | B10: =ROUND(A10/$A$8*100,2) -> 5.39 | C10: 投資業務收入 | D10: =1885175-2427 -> 1882748 | E10: =ROUND(D10/$D$8*100,2) -> 5.47 | F10: 1373700 | G10: =ROUND(F10/$F$8*100,2) -> 4.22 | H10: =D10-F10 -> 509048 | I10: =ROUND(H10/F10*100,2) -> 37.06 | K10: =ROUND(A10/$A$8*100,4) -> 5.3874 | L10: =ROUND(D10/$D$8*100,4) -> 5.4657 | M10: =ROUND(F10/$F$8*100,4) -> 4.2249
A11: 4355 | B11: =ROUND(A11/$A$8*100,2) -> 0.01 | C11: 融資業務收入 | D11: 0 | E11: =ROUND(D11/$D$8*100,2) -> 0 | F11: 0 | G11: =ROUND(F11/$F$8*100,2) -> 0 | H11: =D11-F11 -> 0 | I11: 0 | K11: =ROUND(A11/$A$8*100,4) -> 0.0115 | L11: =ROUND(D11/$D$8*100,4) -> 0 | M11: =ROUND(F11/$F$8*100,4) -> 0
A12: 4612259 | B12: =ROUND(A12/$A$8*100,2) -> 12.18 | C12: 兌換賸餘 | D12: =227000-227000 -> 0 | E12: =ROUND(D12/$D$8*100,2) -> 0 | F12: 0 | G12: =ROUND(F12/$F$8*100,2) -> 0 | H12: =D12-F12 -> 0 | I12: 0 | K12: =ROUND(A12/$A$8*100,4) -> 12.1848 | L12: =ROUND(D12/$D$8*100,4) -> 0 | M12: =ROUND(F12/$F$8*100,4) -> 0
A13: 362641 | B13: =ROUND(A13/$A$8*100,2) -> 0.96 | C13: 存款利息收入 | D13: =483522-639 -> 482883 | E13: =ROUND(D13/$D$8*100,2) -> 1.4 | F13: 190342 | G13: =ROUND(F13/$F$8*100,2) -> 0.59 | H13: =D13-F13 -> 292541 | I13: =ROUND(H13/F13*100,2) -> 153.69 | K13: =ROUND(A13/$A$8*100,4) -> 0.958 | L13: =ROUND(D13/$D$8*100,4) -> 1.4018 | M13: =ROUND(F13/$F$8*100,4) -> 0.5854
A14: 30834136 | B14: =ROUND(A14/$A$8*100,2) -> 81.46 | C14: 保險收入 | D14: =D15+D16 -> 32081213 | E14: =ROUND(D14/$D$8*100,2) -> 93.13 | F14: =F15+F16 -> 30950020 | G14: =ROUND(F14/$F$8*100,2) -> 95.19 | H14: =D14-F14 -> 1131193 | I14: =ROUND(H14/F14*100,2) -> 3.65 | K14: =ROUND(A14/$A$8*100,4) -> 81.4583 | L14: =ROUND(D14/$D$8*100,4) -> 93.1325 | M14: =ROUND(F14/$F$8*100,4) -> 95.1896
A15: 30834136 | B15: =ROUND(A15/$A$8*100,2) -> 81.46 | C15: 保費收入 | D15: 32081213 | E15: =ROUND(D15/$D$8*100,2) -> 93.13 | F15: 30950020 | G15: =ROUND(F15/$F$8*100,2) -> 95.19 | H15: =D15-F15 -> 1131193 | I15: =ROUND(H15/F15*100,2) -> 3.65 | K15: =ROUND(A15/$A$8*100,4) -> 81.4583 | L15: =ROUND(D15/$D$8*100,4) -> 93.1325 | M15: =ROUND(F15/$F$8*100,4) -> 95.1896
A16: 0 | B16: =ROUND(A16/$A$8*100,2) -> 0 | C16: 收回責任準備 | D16: 0 | E16: =ROUND(D16/$D$8*100,2) -> 0 | F16: 0 | G16: =ROUND(F16/$F$8*100,2) -> 0 | H16: =D16-F16 -> 0 | I16: 0 | K16: =ROUND(A16/$A$8*100,4) -> 0 | L16: =ROUND(D16/$D$8*100,4) -> 0 | M16: =ROUND(F16/$F$8*100,4) -> 0
A17: 37871664 | B17: =ROUND(A17/$A$8*100,2) -> 100.05 | C17: 業務成本與費用 | D17: =D18+D21+D25 -> 34455632 | E17: =ROUND(D17/$D$8*100,2) -> 100.03 | F17: =F18+F21+F25 -> 32522306 | G17: =ROUND(F17/$F$8*100,2) -> 100.03 | H17: =D17-F17 -> 1933326 | I17: =ROUND(H17/F17*100,2) -> 5.94 | K17: =ROUND(A17/$A$8*100,4) -> 100.0502 | L17: =ROUND(D17/$D$8*100,4) -> 100.0255 | M17: =ROUND(F17/$F$8*100,4) -> 100.0254
A18: 2044631 | B18: =ROUND(A18/$A$8*100,2) -> 5.4 | C18: 投融資業務成本 | D18: =SUM(D19:D20) -> 581 | E18: =ROUND(D18/$D$8*100,2) -> 0 | F18: =SUM(F19:F20) -> 556 | G18: =ROUND(F18/$F$8*100,2) -> 0 | H18: =D18-F18 -> 25 | I18: =ROUND(H18/F18*100,2) -> 4.5 | K18: =ROUND(A18/$A$8*100,4) -> 5.4016 | L18: =ROUND(D18/$D$8*100,4) -> 0.0017 | M18: =ROUND(F18/$F$8*100,4) -> 0.0017
A19: 45893 | B19: =ROUND(A19/$A$8*100,2) -> 0.12 | C19: 投資業務成本 | D19: 581 | E19: =ROUND(D19/$D$8*100,2) -> 0 | F19: 556 | G19: =ROUND(F19/$F$8*100,2) -> 0 | H19: =D19-F19 -> 25 | I19: =ROUND(H19/F19*100,2) -> 4.5 | K19: =ROUND(A19/$A$8*100,4) -> 0.1212 | L19: =ROUND(D19/$D$8*100,4) -> 0.0017 | M19: =ROUND(F19/$F$8*100,4) -> 0.0017
A20: 1998737 | B20: =ROUND(A20/$A$8*100,2) -> 5.28 | C20: 兌換短絀 | D20: =227000-227000 -> 0 | E20: =ROUND(D20/$D$8*100,2) -> 0 | F20: 0 | G20: =ROUND(F20/$F$8*100,2) -> 0 | H20: =D20-F20 -> 0 | I20: 0 | K20: =ROUND(A20/$A$8*100,4) -> 5.2803 | L20: =ROUND(D20/$D$8*100,4) -> 0 | M20: =ROUND(F20/$F$8*100,4) -> 0
A21: 32722268 | B21: =ROUND(A21/$A$8*100,2) -> 86.45 | C21: 保險成本 | D21: =SUM(D22:D24) -> 29995584 | E21: =ROUND(D21/$D$8*100,2) -> 87.08 | F21: =SUM(F22:F24) -> 28480319 | G21: =ROUND(F21/$F$8*100,2) -> 87.59 | H21: =D21-F21 -> 1515265 | I21: =ROUND(H21/F21*100,2) -> 5.32 | K21: =ROUND(A21/$A$8*100,4) -> 86.4464 | L21: =ROUND(D21/$D$8*100,4) -> 87.0779 | M21: =ROUND(F21/$F$8*100,4) -> 87.5939
A22: 20840606 | B22: =ROUND(A22/$A$8*100,2) -> 55.06 | C22: 保險給付 | D22: 24949551 | E22: =ROUND(D22/$D$8*100,2) -> 72.43 | F22: 25351364 | G22: =ROUND(F22/$F$8*100,2) -> 77.97 | H22: =D22-F22 -> -401813 | I22: =ROUND(H22/F22*100,2) -> -1.58 | K22: =ROUND(A22/$A$8*100,4) -> 55.0572 | L22: =ROUND(D22/$D$8*100,4) -> 72.4291 | M22: =ROUND(F22/$F$8*100,4) -> 77.9705
A23: 11838931 | B23: =ROUND(A23/$A$8*100,2) -> 31.28 | C23: 提存責任準備 | D23: =4998246+15000-3066 -> 5010180 | E23: =ROUND(D23/$D$8*100,2) -> 14.54 | F23: =3077004+6785 -> 3083789 | G23: =ROUND(F23/$F$8*100,2) -> 9.48 | H23: =D23-F23 -> 1926391 | I23: =ROUND(H23/F23*100,2) -> 62.47 | K23: =ROUND(A23/$A$8*100,4) -> 31.2763 | L23: =ROUND(D23/$D$8*100,4) -> 14.5447 | M23: =ROUND(F23/$F$8*100,4) -> 9.4845
A24: 42731 | B24: =ROUND(A24/$A$8*100,2) -> 0.11 | C24: 呆帳 | D24: 35853 | E24: =ROUND(D24/$D$8*100,2) -> 0.1 | F24: 45166 | G24: =ROUND(F24/$F$8*100,2) -> 0.14 | H24: =D24-F24 -> -9313 | I24: =ROUND(H24/F24*100,2) -> -20.62 | K24: =ROUND(A24/$A$8*100,4) -> 0.1129 | L24: =ROUND(D24/$D$8*100,4) -> 0.1041 | M24: =ROUND(F24/$F$8*100,4) -> 0.1389
A25: 3104765 | B25: =ROUND(A25/$A$8*100,2) -> 8.2 | C25: 其他業務成本 | D25: =SUM(D26:D26) -> 4459467 | E25: =ROUND(D25/$D$8*100,2) -> 12.95 | F25: =SUM(F26:F26) -> 4041431 | G25: =ROUND(F25/$F$8*100,2) -> 12.43 | H25: =D25-F25 -> 418036 | I25: =ROUND(H25/F25*100,2) -> 10.34 | K25: =ROUND(A25/$A$8*100,4) -> 8.2022 | L25: =ROUND(D25/$D$8*100,4) -> 12.9459 | M25: =ROUND(F25/$F$8*100,4) -> 12.4298
A26: 3104765 | B26: =ROUND(A26/$A$8*100,2) -> 8.2 | C26: 雜項業務成本 | D26: =4474467-15000 -> 4459467 | E26: =ROUND(D26/$D$8*100,2) -> 12.95 | F26: =4048216-6785 -> 4041431 | G26: =ROUND(F26/$F$8*100,2) -> 12.43 | H26: =D26-F26 -> 418036 | I26: =ROUND(H26/F26*100,2) -> 10.34 | K26: =ROUND(A26/$A$8*100,4) -> 8.2022 | L26: =ROUND(D26/$D$8*100,4) -> 12.9459 | M26: =ROUND(F26/$F$8*100,4) -> 12.4298
A27: -18993 | B27: =ROUND(A27/$A$8*100,2) -> -0.05 | C27: 業務賸餘（短絀） | D27: =+D8-D17 -> -8788 | E27: =ROUND(D27/$D$8*100,2) -> -0.03 | F27: =+F8-F17 -> -8244 | G27: =ROUND(F27/$F$8*100,2) -> -0.03 | H27: =D27-F27 -> -544 | I27: =ROUND(H27/F27*100,2) -> 6.6 | K27: =ROUND(A27/$A$8*100,4) -> -0.0502 | L27: =ROUND(D27/$D$8*100,4) -> -0.0255 | M27: =ROUND(F27/$F$8*100,4) -> -0.0254
A28: 19052 | B28: =ROUND(A28/$A$8*100,2) -> 0.05 | C28: 業務外收入 | D28: =D29+D31 -> 8799 | E28: =ROUND(D28/$D$8*100,2) -> 0.03 | F28: =F29+F31 -> 8255 | G28: =ROUND(F28/$F$8*100,2) -> 0.03 | H28: =D28-F28 -> 544 | I28: =ROUND(H28/F28*100,2) -> 6.59 | K28: =ROUND(A28/$A$8*100,4) -> 0.0503 | L28: =ROUND(D28/$D$8*100,4) -> 0.0255 | M28: =ROUND(F28/$F$8*100,4) -> 0.0254
A29: 72 | B29: =ROUND(A29/$A$8*100,2) -> 0 | C29: 財務收入 | D29: =D30 -> 43 | E29: =ROUND(D29/$D$8*100,2) -> 0 | F29: =F30 -> 41 | G29: =ROUND(F29/$F$8*100,2) -> 0 | H29: =H30 -> 2 | I29: =ROUND(H29/F29*100,2) -> 4.88 | K29: =ROUND(A29/$A$8*100,4) -> 0.0002 | L29: =ROUND(D29/$D$8*100,4) -> 0.0001 | M29: =ROUND(F29/$F$8*100,4) -> 0.0001
A30: 72 | B30: =ROUND(A30/$A$8*100,2) -> 0 | C30: 利息收入 | D30: 43 | E30: =ROUND(D30/$D$8*100,2) -> 0 | F30: 41 | G30: =ROUND(F30/$F$8*100,2) -> 0 | H30: =D30-F30 -> 2 | I30: =ROUND(H30/F30*100,2) -> 4.88 | K30: =ROUND(A30/$A$8*100,4) -> 0.0002 | L30: =ROUND(D30/$D$8*100,4) -> 0.0001 | M30: =ROUND(F30/$F$8*100,4) -> 0.0001
A31: 18980 | B31: =ROUND(A31/$A$8*100,2) -> 0.05 | C31: 其他業務外收入 | D31: =SUM(D33:D34) -> 8756 | E31: =ROUND(D31/$D$8*100,2) -> 0.03 | F31: =SUM(F33:F34) -> 8214 | G31: =ROUND(F31/$F$8*100,2) -> 0.03 | H31: =+D31-F31 -> 542 | I31: =ROUND(H31/F31*100,2) -> 6.6 | K31: =ROUND(A31/$A$8*100,4) -> 0.0501 | L31: =ROUND(D31/$D$8*100,4) -> 0.0254 | M31: =ROUND(F31/$F$8*100,4) -> 0.0253
A32: 7767 | B32: =ROUND(A32/$A$8*100,2) -> 0.02 | C32: 違規罰款收入 | D32: 0 | E32: =ROUND(D32/$D$8*100,2) -> 0 | F32: 0 | G32: =ROUND(F32/$F$8*100,2) -> 0 | H32: =D32-F32 -> 0 | I32: 0 | K32: =ROUND(A32/$A$8*100,4) -> 0.0205 | L32: =ROUND(D32/$D$8*100,4) -> 0 | M32: =ROUND(F32/$F$8*100,4) -> 0
A33: 10798 | B33: =ROUND(A33/$A$8*100,2) -> 0.03 | C33: 收回呆帳 | D33: 8527 | E33: =ROUND(D33/$D$8*100,2) -> 0.02 | F33: 8015 | G33: =ROUND(F33/$F$8*100,2) -> 0.02 | H33: =D33-F33 -> 512 | I33: =ROUND(H33/F33*100,2) -> 6.39 | K33: =ROUND(A33/$A$8*100,4) -> 0.0285 | L33: =ROUND(D33/$D$8*100,4) -> 0.0248 | M33: =ROUND(F33/$F$8*100,4) -> 0.0247
A34: 414 | B34: =ROUND(A34/$A$8*100,2) -> 0 | C34: 雜項收入 | D34: 229 | E34: =ROUND(D34/$D$8*100,2) -> 0 | F34: 199 | G34: =ROUND(F34/$F$8*100,2) -> 0 | H34: =D34-F34 -> 30 | I34: =ROUND(H34/F34*100,2) -> 15.08 | K34: =ROUND(A34/$A$8*100,4) -> 0.0011 | L34: =ROUND(D34/$D$8*100,4) -> 0.0007 | M34: =ROUND(F34/$F$8*100,4) -> 0.0006
A35: 58 | B35: =ROUND(A35/$A$8*100,2) -> 0 | C35: 業務外費用 | D35: =D36 -> 11 | E35: =ROUND(D35/$D$8*100,2) -> 0 | F35: =F36 -> 11 | G35: =ROUND(F35/$F$8*100,2) -> 0 | H35: =D35-F35 -> 0 | I35: 0 | K35: =ROUND(A35/$A$8*100,4) -> 0.0002 | L35: =ROUND(D35/$D$8*100,4) -> 0 | M35: =ROUND(F35/$F$8*100,4) -> 0
A36: 58 | B36: =ROUND(A36/$A$8*100,2) -> 0 | C36: 其他業務外費用 | D36: =D37 -> 11 | E36: =ROUND(D36/$D$8*100,2) -> 0 | F36: =F37 -> 11 | G36: =ROUND(F36/$F$8*100,2) -> 0 | H36: =+D36-F36 -> 0 | I36: 0 | K36: =ROUND(A36/$A$8*100,4) -> 0.0002 | L36: =ROUND(D36/$D$8*100,4) -> 0 | M36: =ROUND(F36/$F$8*100,4) -> 0
A37: 58 | B37: =ROUND(A37/$A$8*100,2) -> 0 | C37: 雜項費用 | D37: 11 | E37: =ROUND(D37/$D$8*100,2) -> 0 | F37: 11 | G37: =ROUND(F37/$F$8*100,2) -> 0 | H37: =D37-F37 -> 0 | I37: 0 | K37: =ROUND(A37/$A$8*100,4) -> 0.0002 | L37: =ROUND(D37/$D$8*100,4) -> 0 | M37: =ROUND(F37/$F$8*100,4) -> 0
A38: 18993 | B38: =ROUND(A38/$A$8*100,2) -> 0.05 | C38: 業務外賸餘（短絀） | D38: =+D28-D35 -> 8788 | E38: =ROUND(D38/$D$8*100,2) -> 0.03 | F38: =+F28-F35 -> 8244 | G38: =ROUND(F38/$F$8*100,2) -> 0.03 | H38: =D38-F38 -> 544 | I38: =ROUND(H38/F38*100,2) -> 6.6 | K38: =ROUND(A38/$A$8*100,4) -> 0.0502 | L38: =ROUND(D38/$D$8*100,4) -> 0.0255 | M38: =ROUND(F38/$F$8*100,4) -> 0.0254
A39: =A27+A38 -> 0 | B39: =ROUND(A39/$A$8*100,2) -> 0 | C39: 本期賸餘（短絀） | D39: =+D27+D38 -> 0 | E39: =ROUND(D39/$D$8*100,2) -> 0 | F39: =+F27+F38 -> 0 | G39: =ROUND(F39/$F$8*100,2) -> 0 | H39: =D39-F39 -> 0 | I39: 0 | K39: =ROUND(A39/$A$8*100,4) -> 0 | L39: =ROUND(D39/$D$8*100,4) -> 0 | M39: =ROUND(F39/$F$8*100,4) -> 0
A53: 註：百分比及前年度決算數細數之和與總數或略有出入，係四捨五入關係。以下各表同。

Sheet 現金流量預計表-就
A1: 勞 動 部 勞 工 保 險 局
A2: 勞 工 保 險 局 作 業 基 金
A3: 現金流量預計表（就業保險部分）
A4: 中華民國113年度 單位：新臺幣千元
A5: 項目 | B5: 預算數 | C5: 說明
A9: 業務活動之現金流量
A10: 本期賸餘（短絀） | B10: 0
A11: 利息股利之調整 | B11: =-D11+D12 -> -2365674 | C11: 利息收入 | D11: =2368740-3066 -> 2365674 | E11: 千元
C12: 2.利息費用 | D12: 0 | E12: 千元
A13: 未計利息股利之本期賸餘（短絀） | B13: =+B10+B11 -> -2365674
A14: 調整項目 | B14: =D14+D15+D17+D16+D18+D19 -> 5007183 | C14: 1.提存呆帳 | D14: 35853 | E14: 千元
C16: 2.提存責任準備 | D16: =4998246+15000-3066 -> 5010180 | E16: 千元
C17: 3.攤銷 | D17: 0 | E17: 千元
C18: 3.流動資產淨增 | D18: -38850 | E18: 千元
C19: 5.流動負債淨增 | D19: 0 | E19: 千元
A20: 未計利息股利之現金流入（流出） | B20: =+B13+B14 -> 2641509
A21: 收取利息 | B21: 43 | C21: 收取利息43千元。
A22: 業務活動之淨現金流入（流出） | B22: =+B20+B21 -> 2641552
A23: 投資活動之現金流量
A24: 減少流動金融資產及短期貸墊款 | B24: 0
A25: 收取利息 | B25: 2282788 | C25: 收取利息2,282,788千元。
A26: 增加流動金融資產及短期貸墊款 | B26: -2236101 | C26: 係增加流動金融資產2,236,101千元。
A27: 增加投資、長期應收款、貸墊款及準備金 | B27: -2588633 | C27: 係增加投資-非流動金融資產2,588,633千元。
A28: 增加無形資產、遞延借項及其他資產 | B28: 0 | C28: 係增加無形資產。
A29: 投資活動之淨現金流入（流出） | B29: =SUM(B24:B28) -> -2541946
A30: 籌資活動之現金流量
A31: 增加短期債務、流動金融負債及其他負債 | B31: 0 | C31: 係增加短期債務 千元及勞工保險業務其他負債 千元。
A32: 減少短期債務、流動金融負債及其他負債 | B32: 0 | C32: 係減少其他負債千元。
A33: 支付利息 | B33: 0 | C33: 支付利息 千元。
A34: 籌資活動之淨現金流入（流出） | B34: =SUM(B31:B33) -> 0
A35: 現金及約當現金之淨增（淨減） | B35: =B22+B29+B34 -> 99606
A36: 期初現金及約當現金 | B36: 4607165
A37: 期末現金及約當現金 | B37: =+B35+B36 -> 4706771

Sheet 預計平衡表-就
A1: 勞 動 部 勞 工 保 險 局
A2: 勞 工 保 險 局 作 業 基 金
A3: 預計平衡表（就業保險部分）
A4: 中華民國113年12月31日 單位：新臺幣千元
A5: 111年12月31日 實際數 | B5: 科目 | C5: 113年12月31日 預計數 | D5: 112年12月31日 預計數 | E5: 比較增減
A9: =A10+A15+A19+A17 -> 162614926 | B9: 資產 | C9: =C10+C15+C19+C17 -> 170708895 | D9: =D10+D15+D19+D17 -> 165698715 | E9: =E10+E15+E19+E17 -> 5010180
A10: =SUM(A11:A14) -> 60924022 | B10: 流動資產 | C10: =SUM(C11:C14) -> 67680159 | D10: =SUM(D11:D14) -> 65261409 | E10: =SUM(E11:E14) -> 2418750
A11: 4698449 | B11: 現金 | C11: 4706771 | D11: 4607165 | E11: =C11-D11 -> 99606
A12: 49884165 | B12: 流動金融資產 | C12: 56408380 | D12: 54172279 | E12: =C12-D12 -> 2236101
A13: 6341408 | B13: 應收款項 | C13: 6565008 | D13: 6481965 | E13: =C13-D13 -> 83043
A14: 0 | B14: 短期貸墊款 | C14: 0 | D14: 0 | E14: =C14-D14 -> 0
A15: =+A16 -> 101450085 | B15: 投資、長期應收款、貸墊款及準備金 | C15: =+C16 -> 102782704 | D15: =+D16 -> 100194071 | E15: =+E16 -> 2588633
A16: 101450085 | B16: 非流動金融資產 | C16: 102782704 | D16: 100194071 | E16: =C16-D16 -> 2588633
A17: =SUM(A18:A18) -> 25 | B17: 無形資產 | C17: =SUM(C18:C18) -> 25 | D17: =SUM(D18:D18) -> 25 | E17: =SUM(E18:E18) -> 0
A18: 25 | B18: 無形資產 | C18: 25 | D18: 25 | E18: =C18-D18 -> 0
A19: =SUM(A20:A21) -> 240794 | B19: 其他資產 | C19: =SUM(C20:C21) -> 246007 | D19: =SUM(D20:D21) -> 243210 | E19: =SUM(E20:E21) -> 2797
A20: 0 | B20: 遞延資產 | E20: =C20-D20 -> 0
A21: 240794 | B21: 什項資產 | C21: 246007 | D21: 243210 | E21: =C21-D21 -> 2797
A22: =A9 -> 162614926 | B22: 合計 | C22: =C9 -> 170708895 | D22: =D9 -> 165698715 | E22: =E9 -> 5010180
A23: =A24+A27 -> 162614926 | B23: 負債 | C23: =C24+C27 -> 170708895 | D23: =D24+D27 -> 165698715 | E23: =E24+E27 -> 5010180
A24: =SUM(A25:A26) -> 31516 | B24: 流動負債 | C24: =SUM(C25:C26) -> 31516 | D24: =SUM(D25:D26) -> 31516 | E24: =SUM(E25:E26) -> 0
A25: 28900 | B25: 應付款項 | C25: 28900 | D25: 28900 | E25: =C25-D25 -> 0
A26: 2616 | B26: 預收款項 | C26: 2616 | D26: 2616 | E26: =C26-D26 -> 0
A27: =SUM(A28:A29) -> 162583410 | B27: 其他負債 | C27: =SUM(C28:C29) -> 170677379 | D27: =SUM(D28:D29) -> 165667199 | E27: =SUM(E28:E29) -> 5010180
A28: 162579809 | B28: 負債準備 | C28: 170673778 | D28: 165663598 | E28: =C28-D28 -> 5010180
A29: 3601 | B29: 什項負債 | C29: 3601 | D29: 3601 | E29: =C29-D29 -> 0
A30: =A31 -> 0 | B30: 淨值 | C30: =C31 -> 0 | D30: =D31 -> 0 | E30: =E31 -> 0
A31: 0 | B31: 累積餘絀 | C31: =C32 -> 0 | D31: =D32 -> 0 | E31: =E32 -> 0
A32: 0 | B32: 累積賸餘 | C32: 0 | D32: 0 | E32: 0
A33: =A23+A30 -> 162614926 | B33: 合計 | C33: =C23+C30 -> 170708895 | D33: =D23+D30 -> 165698715 | E33: =E23+E30 -> 5010180
A35: 註：本年度信託代理與保證資產（負債）預計為10,606千元，係應收（受託）代收款。

Sheet 收支餘絀預計表-農
A1: 勞 動 部 勞 工 保 險 局
A2: 勞 工 保 險 局 作 業 基 金
A3: 收支餘絀預計表（農保及農職保部分）
A4: 中華民國113年度 單位：新臺幣千元
A5: 前年度決算數 | C5: 科 目 | D5: 本年度預算數 | F5: 上年度預算數 | H5: 比較增減(-)
A6: 金 額 | B6: ％ | D6: 金 額 | E6: ％ | F6: 金 額 | G6: ％ | H6: 金 額 | I6: ％
A8: 7121145 | B8: 100 | C8: 業務收入 | D8: =D13+D19+D9 -> 11229556 | E8: 100 | F8: =F13+F19+F9 -> 6953450 | G8: 100 | H8: =D8-F8 -> 4276106 | I8: =ROUND(H8/F8*100,2) -> 61.5 | K8: =ROUND(A8/$A$8*100,4) -> 100 | L8: =ROUND(D8/$D$8*100,4) -> 100 | M8: =ROUND(F8/$F$8*100,4) -> 100
A9: 1351 | B9: =ROUND(A9/$A$8*100,2) -> 0.02 | C9: 投融資業務收入 | D9: =D10 -> 2760 | E9: =ROUND(D9/$D$8*100,2) -> 0.02 | F9: =F10 -> 184 | G9: =ROUND(F9/$F$8*100,2) -> 0 | H9: =D9-F9 -> 2576 | I9: =ROUND(H9/F9*100,2) -> 1400 | K9: =ROUND(A9/$A$8*100,4) -> 0.019 | L9: =ROUND(D9/$D$8*100,4) -> 0.0246 | M9: =ROUND(F9/$F$8*100,4) -> 0.0026
A10: 1351 | B10: =ROUND(A10/$A$8*100,2) -> 0.02 | C10: 存款利息收入 | D10: =+D11+D12 -> 2760 | E10: =ROUND(D10/$D$8*100,2) -> 0.02 | F10: =+F11+F12 -> 184 | G10: =ROUND(F10/$F$8*100,2) -> 0 | H10: =D10-F10 -> 2576 | I10: =ROUND(H10/F10*100,2) -> 1400 | K10: =ROUND(A10/$A$8*100,4) -> 0.019 | L10: =ROUND(D10/$D$8*100,4) -> 0.0246 | M10: =ROUND(F10/$F$8*100,4) -> 0.0026
A11: 901 | B11: =ROUND(A11/$A$8*100,2) -> 0.01 | C11: 農保 | D11: 1380 | E11: =ROUND(D11/$D$8*100,2) -> 0.01 | F11: 92 | G11: =ROUND(F11/$F$8*100,2) -> 0 | H11: =D11-F11 -> 1288 | I11: =ROUND(H11/F11*100,2) -> 1400 | K11: =ROUND(A11/$A$8*100,4) -> 0.0127 | L11: =ROUND(D11/$D$8*100,4) -> 0.0123 | M11: =ROUND(F11/$F$8*100,4) -> 0.0013
A12: 450 | B12: =ROUND(A12/$A$8*100,2) -> 0.01 | C12: 農職保 | D12: 1380 | E12: =ROUND(D12/$D$8*100,2) -> 0.01 | F12: 92 | G12: =ROUND(F12/$F$8*100,2) -> 0 | H12: =D12-F12 -> 1288 | I12: =ROUND(H12/F12*100,2) -> 1400 | K12: =ROUND(A12/$A$8*100,4) -> 0.0063 | L12: =ROUND(D12/$D$8*100,4) -> 0.0123 | M12: =ROUND(F12/$F$8*100,4) -> 0.0013
A13: 3156356 | B13: =ROUND(A13/$A$8*100,2) -> 44.32 | C13: 保險收入 | D13: =D14+D17 -> 6017639 | E13: =ROUND(D13/$D$8*100,2) -> 53.59 | F13: =F14+F17 -> 3241179 | G13: =ROUND(F13/$F$8*100,2) -> 46.61 | H13: =D13-F13 -> 2776460 | I13: =ROUND(H13/F13*100,2) -> 85.66 | K13: =ROUND(A13/$A$8*100,4) -> 44.3237 | L13: =ROUND(D13/$D$8*100,4) -> 53.5875 | M13: =ROUND(F13/$F$8*100,4) -> 46.6125
A14: 3156356 | B14: =ROUND(A14/$A$8*100,2) -> 44.32 | C14: 保費收入 | D14: =+D15+D16 -> 5943857 | E14: =ROUND(D14/$D$8*100,2) -> 52.93 | F14: =+F15+F16 -> 3183567 | G14: =ROUND(F14/$F$8*100,2) -> 45.78 | H14: =D14-F14 -> 2760290 | I14: =ROUND(H14/F14*100,2) -> 86.7 | K14: =ROUND(A14/$A$8*100,4) -> 44.3237 | L14: =ROUND(D14/$D$8*100,4) -> 52.9305 | M14: =ROUND(F14/$F$8*100,4) -> 45.784
A15: 3060059 | B15: =ROUND(A15/$A$8*100,2) -> 42.97 | C15: 農保 | D15: 5780525 | E15: =ROUND(D15/$D$8*100,2) -> 51.48 | F15: 3068797 | G15: =ROUND(F15/$F$8*100,2) -> 44.13 | H15: =D15-F15 -> 2711728 | I15: =ROUND(H15/F15*100,2) -> 88.36 | K15: =ROUND(A15/$A$8*100,4) -> 42.9714 | L15: =ROUND(D15/$D$8*100,4) -> 51.476 | M15: =ROUND(F15/$F$8*100,4) -> 44.1334
A16: 96298 | B16: =ROUND(A16/$A$8*100,2) -> 1.35 | C16: 農職保 | D16: 163332 | E16: =ROUND(D16/$D$8*100,2) -> 1.45 | F16: 114770 | G16: =ROUND(F16/$F$8*100,2) -> 1.65 | H16: =D16-F16 -> 48562 | I16: =ROUND(H16/F16*100,2) -> 42.31 | K16: =ROUND(A16/$A$8*100,4) -> 1.3523 | L16: =ROUND(D16/$D$8*100,4) -> 1.4545 | M16: =ROUND(F16/$F$8*100,4) -> 1.6505
A17: 0 | B17: =ROUND(A17/$A$8*100,2) -> 0 | C17: 收回責任準備 | D17: =D18 -> 73782 | E17: =ROUND(D17/$D$8*100,2) -> 0.66 | F17: =F18 -> 57612 | G17: =ROUND(F17/$F$8*100,2) -> 0.83 | H17: =D17-F17 -> 16170 | I17: =ROUND(H17/F17*100,2) -> 28.07
A18: 0 | B18: =ROUND(A18/$A$8*100,2) -> 0 | C18: 農職保 | D18: 73782 | E18: =ROUND(D18/$D$8*100,2) -> 0.66 | F18: 57612 | G18: =ROUND(F18/$F$8*100,2) -> 0.83 | H18: =D18-F18 -> 16170 | I18: =ROUND(H18/F18*100,2) -> 28.07
A19: 3963438 | B19: =ROUND(A19/$A$8*100,2) -> 55.66 | C19: 其他業務收入 | D19: =+D20 -> 5209157 | E19: =ROUND(D19/$D$8*100,2) -> 46.39 | F19: =+F20 -> 3712087 | G19: =ROUND(F19/$F$8*100,2) -> 53.38 | H19: =D19-F19 -> 1497070 | I19: =ROUND(H19/F19*100,2) -> 40.33 | K19: =ROUND(A19/$A$8*100,4) -> 55.6573 | L19: =ROUND(D19/$D$8*100,4) -> 46.3879 | M19: =ROUND(F19/$F$8*100,4) -> 53.3848
A20: 3963438 | B20: =ROUND(A20/$A$8*100,2) -> 55.66 | C20: 其他補助收入 | D20: =+D21+D22 -> 5209157 | E20: =ROUND(D20/$D$8*100,2) -> 46.39 | F20: =+F21+F22 -> 3712087 | G20: =ROUND(F20/$F$8*100,2) -> 53.38 | H20: =D20-F20 -> 1497070 | I20: =ROUND(H20/F20*100,2) -> 40.33 | K20: =ROUND(A20/$A$8*100,4) -> 55.6573 | L20: =ROUND(D20/$D$8*100,4) -> 46.3879 | M20: =ROUND(F20/$F$8*100,4) -> 53.3848
A21: 3963438 | B21: =ROUND(A21/$A$8*100,2) -> 55.66 | C21: 農保 | D21: =5204904+4253 -> 5209157 | E21: =ROUND(D21/$D$8*100,2) -> 46.39 | F21: =3711686+401 -> 3712087 | G21: =ROUND(F21/$F$8*100,2) -> 53.38 | H21: =D21-F21 -> 1497070 | I21: =ROUND(H21/F21*100,2) -> 40.33 | K21: =ROUND(A21/$A$8*100,4) -> 55.6573 | L21: =ROUND(D21/$D$8*100,4) -> 46.3879 | M21: =ROUND(F21/$F$8*100,4) -> 53.3848
A22: 0 | B22: =ROUND(A22/$A$8*100,2) -> 0 | C22: 農職保 | D22: 0 | E22: =ROUND(D22/$D$8*100,2) -> 0 | F22: 0 | G22: =ROUND(F22/$F$8*100,2) -> 0 | H22: =D22-F22 -> 0 | I22: =ROUND(H22/F22*100,2) -> #DIV/0! | K22: =ROUND(A22/$A$8*100,4) -> 0 | L22: =ROUND(D22/$D$8*100,4) -> 0 | M22: =ROUND(F22/$F$8*100,4) -> 0
A23: 7125354 | B23: =ROUND(A23/$A$8*100,2) -> 100.06 | C23: 業務成本與費用 | D23: =+D24+D32 -> 11233644 | E23: =ROUND(D23/$D$8*100,2) -> 100.04 | F23: =+F24+F32 -> 6959300 | G23: =ROUND(F23/$F$8*100,2) -> 100.08 | H23: =D23-F23 -> 4274344 | I23: =ROUND(H23/F23*100,2) -> 61.42 | K23: =ROUND(A23/$A$8*100,4) -> 100.0591 | L23: =ROUND(D23/$D$8*100,4) -> 100.0364 | M23: =ROUND(F23/$F$8*100,4) -> 100.0841
A24: 7099141 | B24: =ROUND(A24/$A$8*100,2) -> 99.69 | C24: 保險成本 | D24: =+D25+D30 -> 11132246 | E24: =ROUND(D24/$D$8*100,2) -> 99.13 | F24: =+F25+F30 -> 6935035 | G24: =ROUND(F24/$F$8*100,2) -> 99.74 | H24: =D24-F24 -> 4197211 | I24: =ROUND(H24/F24*100,2) -> 60.52 | K24: =ROUND(A24/$A$8*100,4) -> 99.691 | L24: =ROUND(D24/$D$8*100,4) -> 99.1334 | M24: =ROUND(F24/$F$8*100,4) -> 99.7352
A25: 7075333 | B25: =ROUND(A25/$A$8*100,2) -> 99.36 | C25: 保險給付 | D25: =+D26+D27 -> 11126966 | E25: =ROUND(D25/$D$8*100,2) -> 99.09 | F25: =+F26+F27 -> 6928465 | G25: =ROUND(F25/$F$8*100,2) -> 99.64 | H25: =D25-F25 -> 4198501 | I25: =ROUND(H25/F25*100,2) -> 60.6 | K25: =ROUND(A25/$A$8*100,4) -> 99.3567 | L25: =ROUND(D25/$D$8*100,4) -> 99.0864 | M25: =ROUND(F25/$F$8*100,4) -> 99.6407
A26: 6997444 | B26: =ROUND(A26/$A$8*100,2) -> 98.26 | C26: 農保 | D26: 10888472 | E26: =ROUND(D26/$D$8*100,2) -> 96.96 | F26: 6755991 | G26: =ROUND(F26/$F$8*100,2) -> 97.16 | H26: =D26-F26 -> 4132481 | I26: =ROUND(H26/F26*100,2) -> 61.17 | K26: =ROUND(A26/$A$8*100,4) -> 98.2629 | L26: =ROUND(D26/$D$8*100,4) -> 96.9626 | M26: =ROUND(F26/$F$8*100,4) -> 97.1603
A27: 77889 | B27: =ROUND(A27/$A$8*100,2) -> 1.09 | C27: 農職保 | D27: 238494 | E27: =ROUND(D27/$D$8*100,2) -> 2.12 | F27: 172474 | G27: =ROUND(F27/$F$8*100,2) -> 2.48 | H27: =D27-F27 -> 66020 | I27: =ROUND(H27/F27*100,2) -> 38.28 | K27: =ROUND(A27/$A$8*100,4) -> 1.0938 | L27: =ROUND(D27/$D$8*100,4) -> 2.1238 | M27: =ROUND(F27/$F$8*100,4) -> 2.4804
A28: 18859 | B28: =ROUND(A28/$A$8*100,2) -> 0.26 | C28: 提存責任準備 | D28: 0 | E28: =ROUND(D28/$D$8*100,2) -> 0 | F28: 0 | G28: =ROUND(F28/$F$8*100,2) -> 0 | H28: =D28-F28 -> 0 | I28: 0
A29: 18859 | B29: =ROUND(A29/$A$8*100,2) -> 0.26 | C29: 農職保 | D29: 0 | E29: =ROUND(D29/$D$8*100,2) -> 0 | F29: 0 | G29: =ROUND(F29/$F$8*100,2) -> 0 | H29: =D29-F29 -> 0 | I29: 0
A30: 4949 | B30: =ROUND(A30/$A$8*100,2) -> 0.07 | C30: 呆帳 | D30: =+D31 -> 5280 | E30: =ROUND(D30/$D$8*100,2) -> 0.05 | F30: =+F31 -> 6570 | G30: =ROUND(F30/$F$8*100,2) -> 0.09 | H30: =D30-F30 -> -1290 | I30: =ROUND(H30/F30*100,2) -> -19.63 | K30: =ROUND(A30/$A$8*100,4) -> 0.0695 | L30: =ROUND(D30/$D$8*100,4) -> 0.047 | M30: =ROUND(F30/$F$8*100,4) -> 0.0945
A31: 4949 | B31: =ROUND(A31/$A$8*100,2) -> 0.07 | C31: 農保 | D31: 5280 | E31: =ROUND(D31/$D$8*100,2) -> 0.05 | F31: 6570 | G31: =ROUND(F31/$F$8*100,2) -> 0.09 | H31: =D31-F31 -> -1290 | I31: =ROUND(H31/F31*100,2) -> -19.63 | K31: =ROUND(A31/$A$8*100,4) -> 0.0695 | L31: =ROUND(D31/$D$8*100,4) -> 0.047 | M31: =ROUND(F31/$F$8*100,4) -> 0.0945
A32: 26213 | B32: =ROUND(A32/$A$8*100,2) -> 0.37 | C32: 其他業務成本 | D32: =SUM(D33:D33) -> 101398 | E32: =ROUND(D32/$D$8*100,2) -> 0.9 | F32: =SUM(F33:F33) -> 24265 | G32: =ROUND(F32/$F$8*100,2) -> 0.35 | H32: =D32-F32 -> 77133 | I32: =ROUND(H32/F32*100,2) -> 317.88 | K32: =ROUND(A32/$A$8*100,4) -> 0.3681 | L32: =ROUND(D32/$D$8*100,4) -> 0.903 | M32: =ROUND(F32/$F$8*100,4) -> 0.349
A33: 26213 | B33: =ROUND(A33/$A$8*100,2) -> 0.37 | C33: 雜項業務成本 | D33: =+D34 -> 101398 | E33: =ROUND(D33/$D$8*100,2) -> 0.9 | F33: =+F34 -> 24265 | G33: =ROUND(F33/$F$8*100,2) -> 0.35 | H33: =D33-F33 -> 77133 | I33: =ROUND(H33/F33*100,2) -> 317.88 | K33: =ROUND(A33/$A$8*100,4) -> 0.3681 | L33: =ROUND(D33/$D$8*100,4) -> 0.903 | M33: =ROUND(F33/$F$8*100,4) -> 0.349
A34: 26213 | B34: =ROUND(A34/$A$8*100,2) -> 0.37 | C34: 農保 | D34: =97145+4253 -> 101398 | E34: =ROUND(D34/$D$8*100,2) -> 0.9 | F34: =23864+401 -> 24265 | G34: =ROUND(F34/$F$8*100,2) -> 0.35 | H34: =D34-F34 -> 77133 | I34: =ROUND(H34/F34*100,2) -> 317.88 | K34: =ROUND(A34/$A$8*100,4) -> 0.3681 | L34: =ROUND(D34/$D$8*100,4) -> 0.903 | M34: =ROUND(F34/$F$8*100,4) -> 0.349
A35: -4208 | B35: =ROUND(A35/$A$8*100,2) -> -0.06 | C35: 業務賸餘（短絀） | D35: =+D36+D37 -> -4088 | E35: =ROUND(D35/$D$8*100,2) -> -0.04 | F35: =+F36+F37 -> -5850 | G35: =ROUND(F35/$F$8*100,2) -> -0.08 | H35: =D35-F35 -> 1762 | I35: =ROUND(H35/F35*100,2) -> -30.12 | K35: =ROUND(A35/$A$8*100,4) -> -0.0591 | L35: =ROUND(D35/$D$8*100,4) -> -0.0364 | M35: =ROUND(F35/$F$8*100,4) -> -0.0841
A36: -4208 | B36: =ROUND(A36/$A$8*100,2) -> -0.06 | C36: 農保 | D36: =+D11+D15+D21-D26-D31-D34 -> -4088 | E36: =ROUND(D36/$D$8*100,2) -> -0.04 | F36: =+F11+F15+F21-F26-F31-F34 -> -5850 | G36: =ROUND(F36/$F$8*100,2) -> -0.08 | H36: =D36-F36 -> 1762 | I36: =ROUND(H36/F36*100,2) -> -30.12 | K36: =ROUND(A36/$A$8*100,4) -> -0.0591 | L36: =ROUND(D36/$D$8*100,4) -> -0.0364 | M36: =ROUND(F36/$F$8*100,4) -> -0.0841
A37: 0 | B37: =ROUND(A37/$A$8*100,2) -> 0 | C37: 農職保 | D37: =+D12+D16+D22-D27+D18 -> 0 | E37: =ROUND(D37/$D$8*100,2) -> 0 | F37: =+F12+F16+F22-F27+F18 -> 0 | G37: =ROUND(F37/$F$8*100,2) -> 0 | H37: =D37-F37 -> 0 | I37: 0 | K37: =ROUND(A37/$A$8*100,4) -> 0 | L37: =ROUND(D37/$D$8*100,4) -> 0 | M37: =ROUND(F37/$F$8*100,4) -> 0
A38: 4208 | B38: =ROUND(A38/$A$8*100,2) -> 0.06 | C38: 業務外收入 | D38: =+D39+D42 -> 4088 | E38: =ROUND(D38/$D$8*100,2) -> 0.04 | F38: =+F39+F42 -> 5850 | G38: =ROUND(F38/$F$8*100,2) -> 0.08 | H38: =D38-F38 -> -1762 | I38: =ROUND(H38/F38*100,2) -> -30.12 | K38: =ROUND(A38/$A$8*100,4) -> 0.0591 | L38: =ROUND(D38/$D$8*100,4) -> 0.0364 | M38: =ROUND(F38/$F$8*100,4) -> 0.0841
A39: 16 | B39: =ROUND(A39/$A$8*100,2) -> 0 | C39: 財務收入 | D39: =+D40 -> 7 | E39: =ROUND(D39/$D$8*100,2) -> 0 | F39: =+F40 -> 4 | G39: =ROUND(F39/$F$8*100,2) -> 0 | H39: =D39-F39 -> 3 | I39: =ROUND(H39/F39*100,2) -> 75 | K39: =ROUND(A39/$A$8*100,4) -> 0.0002 | L39: =ROUND(D39/$D$8*100,4) -> 0.0001 | M39: =ROUND(F39/$F$8*100,4) -> 0.0001
A40: 16 | B40: =ROUND(A40/$A$8*100,2) -> 0 | C40: 利息收入 | D40: =+D41 -> 7 | E40: =ROUND(D40/$D$8*100,2) -> 0 | F40: =+F41 -> 4 | G40: =ROUND(F40/$F$8*100,2) -> 0 | H40: =D40-F40 -> 3 | I40: =ROUND(H40/F40*100,2) -> 75 | K40: =ROUND(A40/$A$8*100,4) -> 0.0002 | L40: =ROUND(D40/$D$8*100,4) -> 0.0001 | M40: =ROUND(F40/$F$8*100,4) -> 0.0001
A41: 16 | B41: =ROUND(A41/$A$8*100,2) -> 0 | C41: 農保 | D41: 7 | E41: =ROUND(D41/$D$8*100,2) -> 0 | F41: 4 | G41: =ROUND(F41/$F$8*100,2) -> 0 | H41: =D41-F41 -> 3 | I41: =ROUND(H41/F41*100,2) -> 75 | K41: =ROUND(A41/$A$8*100,4) -> 0.0002 | L41: =ROUND(D41/$D$8*100,4) -> 0.0001 | M41: =ROUND(F41/$F$8*100,4) -> 0.0001
A42: 4193 | B42: =ROUND(A42/$A$8*100,2) -> 0.06 | C42: 其他業務外收入 | D42: =+D45 -> 4081 | E42: =ROUND(D42/$D$8*100,2) -> 0.04 | F42: =+F45 -> 5846 | G42: =ROUND(F42/$F$8*100,2) -> 0.08 | H42: =D42-F42 -> -1765 | I42: =ROUND(H42/F42*100,2) -> -30.19 | K42: =ROUND(A42/$A$8*100,4) -> 0.0589 | L42: =ROUND(D42/$D$8*100,4) -> 0.0363 | M42: =ROUND(F42/$F$8*100,4) -> 0.0841
A43: 0 | B43: =ROUND(A43/$A$8*100,2) -> 0 | C43: 賠償收入 | D43: 0 | E43: =ROUND(D43/$D$8*100,2) -> 0 | F43: 0 | G43: =ROUND(F43/$F$8*100,2) -> 0 | H43: =D43-F43 -> 0 | I43: 0
A44: 0 | B44: =ROUND(A44/$A$8*100,2) -> 0 | C44: 農保 | D44: 0 | E44: =ROUND(D44/$D$8*100,2) -> 0 | F44: 0 | G44: =ROUND(F44/$F$8*100,2) -> 0 | H44: =D44-F44 -> 0 | I44: 0 | K44: =ROUND(A44/$A$8*100,4) -> 0 | L44: =ROUND(D44/$D$8*100,4) -> 0 | M44: =ROUND(F44/$F$8*100,4) -> 0
A45: 4193 | B45: =ROUND(A45/$A$8*100,2) -> 0.06 | C45: 收回呆帳 | D45: =+D46 -> 4081 | E45: =ROUND(D45/$D$8*100,2) -> 0.04 | F45: =+F46 -> 5846 | G45: =ROUND(F45/$F$8*100,2) -> 0.08 | H45: =D45-F45 -> -1765 | I45: =ROUND(H45/F45*100,2) -> -30.19 | K45: =ROUND(A45/$A$8*100,4) -> 0.0589 | L45: =ROUND(D45/$D$8*100,4) -> 0.0363 | M45: =ROUND(F45/$F$8*100,4) -> 0.0841
A46: 4193 | B46: =ROUND(A46/$A$8*100,2) -> 0.06 | C46: 農保 | D46: 4081 | E46: =ROUND(D46/$D$8*100,2) -> 0.04 | F46: 5846 | G46: =ROUND(F46/$F$8*100,2) -> 0.08 | H46: =D46-F46 -> -1765 | I46: =ROUND(H46/F46*100,2) -> -30.19 | K46: =ROUND(A46/$A$8*100,4) -> 0.0589 | L46: =ROUND(D46/$D$8*100,4) -> 0.0363 | M46: =ROUND(F46/$F$8*100,4) -> 0.0841
A47: 4208 | B47: =ROUND(A47/$A$8*100,2) -> 0.06 | C47: 業務外賸餘（短絀） | D47: =+D48 -> 4088 | E47: =ROUND(D47/$D$8*100,2) -> 0.04 | F47: =+F48 -> 5850 | G47: =ROUND(F47/$F$8*100,2) -> 0.08 | H47: =D47-F47 -> -1762 | I47: =ROUND(H47/F47*100,2) -> -30.12 | K47: =ROUND(A47/$A$8*100,4) -> 0.0591 | L47: =ROUND(D47/$D$8*100,4) -> 0.0364 | M47: =ROUND(F47/$F$8*100,4) -> 0.0841
A48: 4208 | B48: =ROUND(A48/$A$8*100,2) -> 0.06 | C48: 農保 | D48: =+D41+D46 -> 4088 | E48: =ROUND(D48/$D$8*100,2) -> 0.04 | F48: =+F41+F46 -> 5850 | G48: =ROUND(F48/$F$8*100,2) -> 0.08 | H48: =D48-F48 -> -1762 | I48: =ROUND(H48/F48*100,2) -> -30.12 | K48: =ROUND(A48/$A$8*100,4) -> 0.0591 | L48: =ROUND(D48/$D$8*100,4) -> 0.0364 | M48: =ROUND(F48/$F$8*100,4) -> 0.0841
A49: =+A35+A47 -> 0 | B49: =ROUND(A49/$A$8*100,2) -> 0 | C49: 本期賸餘（短絀） | D49: =+D35+D47 -> 0 | E49: =ROUND(D49/$D$8*100,2) -> 0 | F49: =+F35+F47 -> 0 | G49: =ROUND(F49/$F$8*100,2) -> 0 | H49: =D49-F49 -> 0 | I49: 0 | K49: =ROUND(A49/$A$8*100,4) -> 0 | L49: =ROUND(D49/$D$8*100,4) -> 0 | M49: =ROUND(F49/$F$8*100,4) -> 0
A56: 註：百分比及前年度決算數細數之和與總數或略有出入，係四捨五入關係。以下各表同。

Sheet 現金流量預計表-農
A1: 勞 動 部 勞 工 保 險 局
A2: 勞 工 保 險 局 作 業 基 金
A3: 現金流量預計表（農保及農職保部分）
A4: 中華民國113年度 單位：新臺幣千元
A5: 項目 | B5: 預算數 | C5: 說明
A9: 業務活動之現金流量
A10: 本期賸餘（短絀） | B10: 0
A11: 利息股利之調整 | B11: =-D11+D12 -> 98631 | C11: 1.利息收入 | D11: 2767 | E11: 千元
C12: 2.利息費用 | D12: =97145+4253 -> 101398 | E12: 千元
A13: 未計利息股利之本期賸餘（短絀） | B13: =+B10+B11 -> 98631
A14: 調整項目 | B14: =D14+D15+D16+D17+D18+D19 -> -1671606 | C14: 1.提存呆帳 | D14: 5280 | E14: 千元
C15: 2.折舊 | D15: 0 | E15: 千元
C16: 3.攤銷 | D16: 0 | E16: 千元
C17: 2.收回責任準備 | D17: -73782 | E17: 千元
C18: 3.流動資產淨增 | D18: -1603104 | E18: 千元
C19: 3.流動負債淨減 | D19: 0 | E19: 千元
A20: 未計利息股利之現金流入（流出） | B20: =+B13+B14 -> -1572975
A21: 收取利息 | B21: 7 | C21: 收取利息7千元。
A22: 業務活動之淨現金流入（流出） | B22: =+B20+B21 -> -1572968
A23: 投資活動之現金流量
A24: 減少流動金融資產及短期貸墊款 | B24: 0
A25: 收取利息 | B25: 2760 | C25: 收取利息2,760千元。
A26: 增加流動金融資產及短期貸墊款 | B26: 0 | C26: 係增加流動金融資產 千元及短期貸款 千元。
A27: 增加投資、長期應收款、貸墊款及準備金 | B27: 0 | C27: 係增加長期投資 千元及長期貸款 千元。
A28: 增加無形資產、遞延借項及其他資產 | B28: 0 | C28: 係增加無形資產。
A29: 投資活動之淨現金流入（流出） | B29: =SUM(B24:B28) -> 2760
A30: 籌資活動之現金流量
A31: 增加短期債務、流動金融負債及其他負債 | B31: 1607000 | C31: 係增加短期債務1,607,000千元。
A32: 減少短期債務、流動金融負債及其他負債 | C32: 係減少短期債務648,627千元。
A33: 支付利息 | B33: =-97145-4253 -> -101398 | C33: 支付利息101,398千元。
A34: 籌資活動之淨現金流入（流出） | B34: =SUM(B31:B33) -> 1505602
A35: 現金及約當現金之淨增（淨減） | B35: =B22+B29+B34 -> -64606
A36: 期初現金及約當現金 | B36: 487665
A37: 期末現金及約當現金 | B37: =B36+B35 -> 423059

Sheet 預計平衡表-農
A1: 勞 動 部 勞 工 保 險 局
A2: 勞 工 保 險 局 作 業 基 金
A3: 預計平衡表（農保及農職保部分）
A4: 中華民國113年12月31日 單位：新臺幣千元
A5: 111年12月31日 實際數 | B5: 科目 | C5: 113年12月31日 預計數 | D5: 112年12月31日 預計數 | E5: 比較增減
A9: =A10+A13 -> 3642859 | B9: 資產 | C9: =C10+C13 -> 7047465 | D9: =D10+D13 -> 5514247 | E9: =E10+E13 -> 1533218
A10: =SUM(A11:A12) -> 3630194 | B10: 流動資產 | C10: =SUM(C11:C12) -> 7034279 | D10: =SUM(D11:D12) -> 5500708 | E10: =SUM(E11:E12) -> 1533571
A11: 508277 | B11: 現金 | C11: 423059 | D11: 487665 | E11: =C11-D11 -> -64606
A12: 3121917 | B12: 應收款項 | C12: 6611220 | D12: 5013043 | E12: =C12-D12 -> 1598177
A13: =SUM(A14:A14) -> 12665 | B13: 其他資產 | C13: =SUM(C14:C14) -> 13186 | D13: =SUM(D14:D14) -> 13539 | E13: =SUM(E14:E14) -> -353
A14: 12665 | B14: 什項資產 | C14: 13186 | D14: 13539 | E14: =C14-D14 -> -353
A30: =A9 -> 3642859 | B30: 合計 | C30: =C9 -> 7047465 | D30: =D9 -> 5514247 | E30: =E9 -> 1533218
A32: =A33+A37 -> 3642859 | B32: 負債 | C32: =C33+C37 -> 7047465 | D32: =D33+D37 -> 5514247 | E32: =E33+E37 -> 1533218
A33: =SUM(A34:A36) -> 3392461 | B33: 流動負債 | C33: =SUM(C34:C36) -> 6928461 | D33: =SUM(D34:D36) -> 5321461 | E33: =SUM(E34:E36) -> 1607000
A34: 3120000 | B34: 短期債務 | C34: 6656000 | D34: 5049000 | E34: =C34-D34 -> 1607000
A35: 49332 | B35: 應付款項 | C35: 49332 | D35: 49332 | E35: =C35-D35 -> 0
A36: 223129 | B36: 預收款項 | C36: 223129 | D36: 223129 | E36: =C36-D36 -> 0
A37: =SUM(A38:A38) -> 250398 | B37: 其他負債 | C37: =SUM(C38:C38) -> 119004 | D37: =SUM(D38:D38) -> 192786 | E37: =SUM(E38:E38) -> -73782
A38: 250398 | B38: 負債準備 | C38: 119004 | D38: 192786 | E38: =C38-D38 -> -73782
A39: =A40 -> 0 | B39: 淨值 | C39: =C40 -> 0 | D39: =D40 -> 0 | E39: =E40 -> 0
A40: =A41 -> 0 | B40: 累積餘絀 | C40: =C41 -> 0 | D40: =D41 -> 0 | E40: =E41 -> 0
A41: 0 | B41: 累積賸餘 | C41: 0 | D41: 0 | E41: 0
A52: =A32+A39 -> 3642859 | B52: 合計 | C52: =C32+C39 -> 7047465 | D52: =D32+D39 -> 5514247 | E52: =E32+E39 -> 1533218

Sheet 收支餘絀預計表-職
A1: 勞 動 部 勞 工 保 險 局
A2: 勞 工 保 險 局 作 業 基 金
A3: 收支餘絀預計表（勞職保及保護部分）
A4: 中華民國113年度 單位：新臺幣千元
A5: 前年度決算數 | C5: 科 目 | D5: 本年度預算數 | F5: 上年度預算數 | H5: 比較增減(-)
A6: 金 額 | B6: ％ | D6: 金 額 | E6: ％ | F6: 金 額 | G6: ％ | H6: 金 額 | I6: ％
A8: 9395080 | B8: 100 | C8: 業務收入 | D8: =D12+D9+D15 -> 10665319 | E8: 100 | F8: =F12+F9+F15 -> 10998870 | G8: 100 | H8: =D8-F8 -> -333551 | I8: =ROUND(H8/F8*100,2) -> -3.03 | K8: =ROUND(A8/$A$8*100,4) -> 100 | L8: =ROUND(D8/$D$8*100,4) -> 100 | M8: =ROUND(F8/$F$8*100,4) -> 100
A9: 298172 | B9: =ROUND(A9/$A$8*100,2) -> 3.17 | C9: 投融資業務收入 | D9: =D11+D10 -> 413082 | E9: =ROUND(D9/$D$8*100,2) -> 3.87 | F9: =F11+F10 -> 248751 | G9: =ROUND(F9/$F$8*100,2) -> 2.26 | H9: =D9-F9 -> 164331 | I9: =ROUND(H9/F9*100,2) -> 66.06 | K9: =ROUND(A9/$A$8*100,4) -> 3.1737 | L9: =ROUND(D9/$D$8*100,4) -> 3.8731 | M9: =ROUND(F9/$F$8*100,4) -> 2.2616
A10: 83662 | B10: =ROUND(A10/$A$8*100,2) -> 0.89 | C10: 投資業務收入 | D10: 127109 | E10: =ROUND(D10/$D$8*100,2) -> 1.19 | F10: 103924 | G10: =ROUND(F10/$F$8*100,2) -> 0.94 | H10: =D10-F10 -> 23185 | I10: =ROUND(H10/F10*100,2) -> 22.31 | K10: =ROUND(A10/$A$8*100,4) -> 0.8905 | L10: =ROUND(D10/$D$8*100,4) -> 1.1918 | M10: =ROUND(F10/$F$8*100,4) -> 0.9449
A11: 214510 | B11: =ROUND(A11/$A$8*100,2) -> 2.28 | C11: 存款利息收入 | D11: 285973 | E11: =ROUND(D11/$D$8*100,2) -> 2.68 | F11: 144827 | G11: =ROUND(F11/$F$8*100,2) -> 1.32 | H11: =D11-F11 -> 141146 | I11: =ROUND(H11/F11*100,2) -> 97.46 | K11: =ROUND(A11/$A$8*100,4) -> 2.2832 | L11: =ROUND(D11/$D$8*100,4) -> 2.6813 | M11: =ROUND(F11/$F$8*100,4) -> 1.3167
A12: 9052079 | B12: =ROUND(A12/$A$8*100,2) -> 96.35 | C12: 保險收入 | D12: =D14+D13 -> 10194366 | E12: =ROUND(D12/$D$8*100,2) -> 95.58 | F12: =F14+F13 -> 10606451 | G12: =ROUND(F12/$F$8*100,2) -> 96.43 | H12: =D12-F12 -> -412085 | I12: =ROUND(H12/F12*100,2) -> -3.89 | K12: =ROUND(A12/$A$8*100,4) -> 96.3491 | L12: =ROUND(D12/$D$8*100,4) -> 95.5843 | M12: =ROUND(F12/$F$8*100,4) -> 96.4322
A13: 8953048 | B13: =ROUND(A13/$A$8*100,2) -> 95.3 | C13: 保費收入 | D13: 10194366 | E13: =ROUND(D13/$D$8*100,2) -> 95.58 | F13: 10566599 | G13: =ROUND(F13/$F$8*100,2) -> 96.07 | H13: =D13-F13 -> -372233 | I13: =ROUND(H13/F13*100,2) -> -3.52 | K13: =ROUND(A13/$A$8*100,4) -> 95.2951 | L13: =ROUND(D13/$D$8*100,4) -> 95.5843 | M13: =ROUND(F13/$F$8*100,4) -> 96.0699
A14: 99032 | B14: =ROUND(A14/$A$8*100,2) -> 1.05 | C14: 收回責任準備 | D14: 0 | E14: =ROUND(D14/$D$8*100,2) -> 0 | F14: =41852-2000 -> 39852 | G14: =ROUND(F14/$F$8*100,2) -> 0.36 | H14: =D14-F14 -> -39852 | I14: =ROUND(H14/F14*100,2) -> -100 | K14: =ROUND(A14/$A$8*100,4) -> 1.0541 | L14: =ROUND(D14/$D$8*100,4) -> 0 | M14: =ROUND(F14/$F$8*100,4) -> 0.3623
A15: 44828 | B15: =ROUND(A15/$A$8*100,2) -> 0.48 | C15: 其他業務收入 | D15: =+D16+D17 -> 57871 | E15: =ROUND(D15/$D$8*100,2) -> 0.54 | F15: =+F16+F17 -> 143668 | G15: =ROUND(F15/$F$8*100,2) -> 1.31 | H15: =D15-F15 -> -85797 | I15: =ROUND(H15/F15*100,2) -> -59.72 | K15: =ROUND(A15/$A$8*100,4) -> 0.4771 | L15: =ROUND(D15/$D$8*100,4) -> 0.5426 | M15: =ROUND(F15/$F$8*100,4) -> 1.3062
A16: 31000 | B16: =ROUND(A16/$A$8*100,2) -> 0.33 | C16: 其他補助收入 | D16: 0 | E16: =ROUND(D16/$D$8*100,2) -> 0 | F16: 0 | G16: =ROUND(F16/$F$8*100,2) -> 0 | H16: =D16-F16 -> 0 | I16: 0 | K16: =ROUND(A16/$A$8*100,4) -> 0.33 | L16: =ROUND(D16/$D$8*100,4) -> 0 | M16: =ROUND(F16/$F$8*100,4) -> 0
A17: 13828 | B17: =ROUND(A17/$A$8*100,2) -> 0.15 | C17: 雜項業務收入 | D17: 57871 | E17: =ROUND(D17/$D$8*100,2) -> 0.54 | F17: 143668 | G17: =ROUND(F17/$F$8*100,2) -> 1.31 | H17: =D17-F17 -> -85797 | I17: =ROUND(H17/F17*100,2) -> -59.72
A18: 9415139 | B18: =ROUND(A18/$A$8*100,2) -> 100.21 | C18: 業務成本與費用 | D18: =D21+D25+D19 -> 10679277 | E18: =ROUND(D18/$D$8*100,2) -> 100.13 | F18: =F21+F25+F19 -> 11010971 | G18: =ROUND(F18/$F$8*100,2) -> 100.11 | H18: =D18-F18 -> -331694 | I18: =ROUND(H18/F18*100,2) -> -3.01 | K18: =ROUND(A18/$A$8*100,4) -> 100.2135 | L18: =ROUND(D18/$D$8*100,4) -> 100.1309 | M18: =ROUND(F18/$F$8*100,4) -> 100.11
A19: 58 | B19: =ROUND(A19/$A$8*100,2) -> 0 | C19: 投融資業務成本 | D19: =+D20 -> 9 | E19: =ROUND(D19/$D$8*100,2) -> 0 | F19: =+F20 -> 7 | G19: =ROUND(F19/$F$8*100,2) -> 0 | H19: =D19-F19 -> 2 | I19: =ROUND(H19/F19*100,2) -> 28.57 | K19: =ROUND(A19/$A$8*100,4) -> 0.0006 | L19: =ROUND(D19/$D$8*100,4) -> 0.0001 | M19: =ROUND(F19/$F$8*100,4) -> 0.0001
A20: 58 | B20: =ROUND(A20/$A$8*100,2) -> 0 | C20: 投資業務成本 | D20: 9 | E20: =ROUND(D20/$D$8*100,2) -> 0 | F20: 7 | G20: =ROUND(F20/$F$8*100,2) -> 0 | H20: =D20-F20 -> 2 | I20: =ROUND(H20/F20*100,2) -> 28.57 | K20: =ROUND(A20/$A$8*100,4) -> 0.0006 | L20: =ROUND(D20/$D$8*100,4) -> 0.0001 | M20: =ROUND(F20/$F$8*100,4) -> 0.0001
A21: 8573169 | B21: =ROUND(A21/$A$8*100,2) -> 91.25 | C21: 保險成本 | D21: =+D22+D24+D23 -> 9280987 | E21: =ROUND(D21/$D$8*100,2) -> 87.02 | F21: =+F22+F24+F23 -> 9848442 | G21: =ROUND(F21/$F$8*100,2) -> 89.54 | H21: =D21-F21 -> -567455 | I21: =ROUND(H21/F21*100,2) -> -5.76 | K21: =ROUND(A21/$A$8*100,4) -> 91.2517 | L21: =ROUND(D21/$D$8*100,4) -> 87.0202 | M21: =ROUND(F21/$F$8*100,4) -> 89.5405
A22: 7095379 | B22: =ROUND(A22/$A$8*100,2) -> 75.52 | C22: 保險給付 | D22: 7664166 | E22: =ROUND(D22/$D$8*100,2) -> 71.86 | F22: 9754202 | G22: =ROUND(F22/$F$8*100,2) -> 88.68 | H22: =D22-F22 -> -2090036 | I22: =ROUND(H22/F22*100,2) -> -21.43 | K22: =ROUND(A22/$A$8*100,4) -> 75.5223 | L22: =ROUND(D22/$D$8*100,4) -> 71.8606 | M22: =ROUND(F22/$F$8*100,4) -> 88.6837
A23: 1453745 | B23: =ROUND(A23/$A$8*100,2) -> 15.47 | C23: 提存責任準備 | D23: =1578402+5799 -> 1584201 | E23: =ROUND(D23/$D$8*100,2) -> 14.85 | F23: 0 | G23: =ROUND(F23/$F$8*100,2) -> 0 | H23: =D23-F23 -> 1584201 | I23: - | K23: =ROUND(A23/$A$8*100,4) -> 15.4735 | L23: =ROUND(D23/$D$8*100,4) -> 14.8538 | M23: =ROUND(F23/$F$8*100,4) -> 0
A24: 24046 | B24: =ROUND(A24/$A$8*100,2) -> 0.26 | C24: 呆帳 | D24: 32620 | E24: =ROUND(D24/$D$8*100,2) -> 0.31 | F24: 94240 | G24: =ROUND(F24/$F$8*100,2) -> 0.86 | H24: =D24-F24 -> -61620 | I24: =ROUND(H24/F24*100,2) -> -65.39 | K24: =ROUND(A24/$A$8*100,4) -> 0.2559 | L24: =ROUND(D24/$D$8*100,4) -> 0.3059 | M24: =ROUND(F24/$F$8*100,4) -> 0.8568
A25: 841912 | B25: =ROUND(A25/$A$8*100,2) -> 8.96 | C25: 其他業務成本 | D25: =SUM(D26:D26) -> 1398281 | E25: =ROUND(D25/$D$8*100,2) -> 13.11 | F25: =SUM(F26:F26) -> 1162522 | G25: =ROUND(F25/$F$8*100,2) -> 10.57 | H25: =D25-F25 -> 235759 | I25: =ROUND(H25/F25*100,2) -> 20.28 | K25: =ROUND(A25/$A$8*100,4) -> 8.9612 | L25: =ROUND(D25/$D$8*100,4) -> 13.1105 | M25: =ROUND(F25/$F$8*100,4) -> 10.5695
A26: 841912 | B26: =ROUND(A26/$A$8*100,2) -> 8.96 | C26: 雜項業務成本 | D26: =1404080-5799 -> 1398281 | E26: =ROUND(D26/$D$8*100,2) -> 13.11 | F26: =1164522-2000 -> 1162522 | G26: =ROUND(F26/$F$8*100,2) -> 10.57 | H26: =D26-F26 -> 235759 | I26: =ROUND(H26/F26*100,2) -> 20.28 | K26: =ROUND(A26/$A$8*100,4) -> 8.9612 | L26: =ROUND(D26/$D$8*100,4) -> 13.1105 | M26: =ROUND(F26/$F$8*100,4) -> 10.5695
A27: -20060 | B27: =ROUND(A27/$A$8*100,2) -> -0.21 | C27: 業務賸餘（短絀） | D27: =D8-D18 -> -13958 | E27: =ROUND(D27/$D$8*100,2) -> -0.13 | F27: =F8-F18 -> -12101 | G27: =ROUND(F27/$F$8*100,2) -> -0.11 | H27: =D27-F27 -> -1857 | I27: =ROUND(H27/F27*100,2) -> 15.35 | K27: =ROUND(A27/$A$8*100,4) -> -0.2135 | L27: =ROUND(D27/$D$8*100,4) -> -0.1309 | M27: =ROUND(F27/$F$8*100,4) -> -0.11
A28: 20079 | B28: =ROUND(A28/$A$8*100,2) -> 0.21 | C28: 業務外收入 | D28: =+D31+D29 -> 13958 | E28: =ROUND(D28/$D$8*100,2) -> 0.13 | F28: =+F31+F29 -> 12101 | G28: =ROUND(F28/$F$8*100,2) -> 0.11 | H28: =D28-F28 -> 1857 | I28: =ROUND(H28/F28*100,2) -> 15.35 | K28: =ROUND(A28/$A$8*100,4) -> 0.2137 | L28: =ROUND(D28/$D$8*100,4) -> 0.1309 | M28: =ROUND(F28/$F$8*100,4) -> 0.11
A29: 20 | B29: =ROUND(A29/$A$8*100,2) -> 0 | C29: 財務收入 | D29: =+D30 -> 24 | E29: =ROUND(D29/$D$8*100,2) -> 0 | F29: =+F30 -> 24 | G29: =ROUND(F29/$F$8*100,2) -> 0 | H29: =D29-F29 -> 0 | I29: =ROUND(H29/F29*100,2) -> 0 | K29: =ROUND(A29/$A$8*100,4) -> 0.0002 | L29: =ROUND(D29/$D$8*100,4) -> 0.0002 | M29: =ROUND(F29/$F$8*100,4) -> 0.0002
A30: 20 | B30: =ROUND(A30/$A$8*100,2) -> 0 | C30: 利息收入 | D30: 24 | E30: =ROUND(D30/$D$8*100,2) -> 0 | F30: 24 | G30: =ROUND(F30/$F$8*100,2) -> 0 | H30: =D30-F30 -> 0 | I30: =ROUND(H30/F30*100,2) -> 0 | K30: =ROUND(A30/$A$8*100,4) -> 0.0002 | L30: =ROUND(D30/$D$8*100,4) -> 0.0002 | M30: =ROUND(F30/$F$8*100,4) -> 0.0002
A31: 20059 | B31: =ROUND(A31/$A$8*100,2) -> 0.21 | C31: 其他業務外收入 | D31: =+D32+D33+D34 -> 13934 | E31: =ROUND(D31/$D$8*100,2) -> 0.13 | F31: =+F32+F33+F34 -> 12077 | G31: =ROUND(F31/$F$8*100,2) -> 0.11 | H31: =D31-F31 -> 1857 | I31: =ROUND(H31/F31*100,2) -> 15.38 | K31: =ROUND(A31/$A$8*100,4) -> 0.2135 | L31: =ROUND(D31/$D$8*100,4) -> 0.1306 | M31: =ROUND(F31/$F$8*100,4) -> 0.1098
A32: 1911 | B32: =ROUND(A32/$A$8*100,2) -> 0.02 | C32: 違規罰款收入 | D32: 1770 | E32: =ROUND(D32/$D$8*100,2) -> 0.02 | F32: 1770 | G32: =ROUND(F32/$F$8*100,2) -> 0.02 | H32: =D32-F32 -> 0 | I32: =ROUND(H32/F32*100,2) -> 0 | K32: =ROUND(A32/$A$8*100,4) -> 0.0203 | L32: =ROUND(D32/$D$8*100,4) -> 0.0166 | M32: =ROUND(F32/$F$8*100,4) -> 0.0161
A33: 14365 | B33: =ROUND(A33/$A$8*100,2) -> 0.15 | C33: 收回呆帳 | D33: 12104 | E33: =ROUND(D33/$D$8*100,2) -> 0.11 | F33: 10116 | G33: =ROUND(F33/$F$8*100,2) -> 0.09 | H33: =D33-F33 -> 1988 | I33: =ROUND(H33/F33*100,2) -> 19.65 | K33: =ROUND(A33/$A$8*100,4) -> 0.1529 | L33: =ROUND(D33/$D$8*100,4) -> 0.1135 | M33: =ROUND(F33/$F$8*100,4) -> 0.092
A34: 3782 | B34: =ROUND(A34/$A$8*100,2) -> 0.04 | C34: 雜項收入 | D34: 60 | E34: =ROUND(D34/$D$8*100,2) -> 0 | F34: 191 | G34: =ROUND(F34/$F$8*100,2) -> 0 | H34: =D34-F34 -> -131 | I34: =ROUND(H34/F34*100,2) -> -68.59 | K34: =ROUND(A34/$A$8*100,4) -> 0.0403 | L34: =ROUND(D34/$D$8*100,4) -> 0.0006 | M34: =ROUND(F34/$F$8*100,4) -> 0.0017
A35: 19 | B35: =ROUND(A35/$A$8*100,2) -> 0 | C35: 業務外費用 | D35: =D36 -> 0 | E35: =ROUND(D35/$D$8*100,2) -> 0 | F35: =F36 -> 0 | G35: =ROUND(F35/$F$8*100,2) -> 0 | H35: =D35-F35 -> 0 | I35: 0 | K35: =ROUND(A35/$A$8*100,4) -> 0.0002 | L35: =ROUND(D35/$D$8*100,4) -> 0 | M35: =ROUND(F35/$F$8*100,4) -> 0
A36: 19 | B36: =ROUND(A36/$A$8*100,2) -> 0 | C36: 其他業務外費用 | D36: =D37 -> 0 | E36: =ROUND(D36/$D$8*100,2) -> 0 | F36: =F37 -> 0 | G36: =ROUND(F36/$F$8*100,2) -> 0 | H36: =+D36-F36 -> 0 | I36: 0 | K36: =ROUND(A36/$A$8*100,4) -> 0.0002 | L36: =ROUND(D36/$D$8*100,4) -> 0 | M36: =ROUND(F36/$F$8*100,4) -> 0
A37: 19 | B37: =ROUND(A37/$A$8*100,2) -> 0 | C37: 雜項費用 | D37: 0 | E37: =ROUND(D37/$D$8*100,2) -> 0 | F37: 0 | G37: =ROUND(F37/$F$8*100,2) -> 0 | H37: =D37-F37 -> 0 | I37: 0 | K37: =ROUND(A37/$A$8*100,4) -> 0.0002 | L37: =ROUND(D37/$D$8*100,4) -> 0 | M37: =ROUND(F37/$F$8*100,4) -> 0
A38: 20060 | B38: =ROUND(A38/$A$8*100,2) -> 0.21 | C38: 業務外賸餘（短絀） | D38: =D28-D35 -> 13958 | E38: =ROUND(D38/$D$8*100,2) -> 0.13 | F38: =F28-F35 -> 12101 | G38: =ROUND(F38/$F$8*100,2) -> 0.11 | H38: =D38-F38 -> 1857 | I38: =ROUND(H38/F38*100,2) -> 15.35 | K38: =ROUND(A38/$A$8*100,4) -> 0.2135 | L38: =ROUND(D38/$D$8*100,4) -> 0.1309 | M38: =ROUND(F38/$F$8*100,4) -> 0.11
A39: 0 | B39: =ROUND(A39/$A$8*100,2) -> 0 | C39: 本期賸餘（短絀） | D39: =+D38+D27 -> 0 | E39: =ROUND(D39/$D$8*100,2) -> 0 | F39: =+F38+F27 -> 0 | G39: =ROUND(F39/$F$8*100,2) -> 0 | H39: =D39-F39 -> 0 | I39: 0 | K39: =ROUND(A39/$A$8*100,4) -> 0 | L39: =ROUND(D39/$D$8*100,4) -> 0 | M39: =ROUND(F39/$F$8*100,4) -> 0
A43: 註：1.配合111年5月1日「勞工職業災害保險及保護法」施行，原列於「勞工保險業務」項下職業災害保險及「職業災害勞工保護業務」整併至「勞 工職業災害保險及保護業務」，為利比較，以前年度決算數為科目重分類之數。以下各表同。 2.百分比及前年度決算數細數之和與總數或略有出入，係四捨五入關係。以下各表同。

Sheet 現金流量預計表-職
A1: 勞 動 部 勞 工 保 險 局
A2: 勞 工 保 險 局 作 業 基 金
A3: 現金流量預計表（勞職保及保護部分）
A4: 中華民國113年度 單位：新臺幣千元
A5: 項目 | B5: 預算數 | C5: 說明
A9: 業務活動之現金流量
A10: 本期賸餘（短絀） | B10: 0
A11: 利息股利之調整 | B11: =-D11+D12 -> -413106 | C11: 利息收入 | D11: 413106 | E11: 千元
C12: 2.利息費用 | D12: 0 | E12: 千元
A13: 未計利息股利之本期賸餘（短絀） | B13: =+B10+B11 -> -413106
A14: 調整項目 | B14: =D14+D15+D16+D17+D18+D19 -> 1655080 | C14: 1.提存呆帳 | D14: 32620 | E14: 千元
C15: 2.提存責任準備 | D15: =1578402+5799 -> 1584201 | E15: 千元
C16: 3.攤銷 | D16: 4858 | E16: 千元
C17: 2.收回責任準備 | D17: 0 | E17: 千元
C18: 4.流動資產淨減 | D18: 33901 | E18: 千元
C19: 5.流動負債淨減 | D19: -500 | E19: 千元
A20: 未計利息股利之現金流入（流出） | B20: =+B13+B14 -> 1241974
A21: 收取利息 | B21: 24 | C21: 收取利息24千元。
A22: 業務活動之淨現金流入（流出） | B22: =+B20+B21 -> 1241998
A23: 投資活動之現金流量
A24: 減少流動金融資產及短期貸墊款 | C24: 係減少流動金融資產667,290千元。
A25: 減少投資、長期應收款、貸墊款及準備金 | C25: 減少投資-非流動金融資產295,480千元。
A26: 收取利息 | B26: 404003 | C26: 收取利息404,003千元。
A27: 增加流動金融資產及短期貸墊款 | B27: -1048680 | C27: 係增加流動金融資產1,048,680千元。
A28: 增加投資、長期應收款、貸墊款及準備金 | B28: -439999 | C28: 係增加投資-非流動金融資產439,999千元。
A29: 增加無形資產、遞延借項及其他資產 | B29: -12000 | C29: 係增加無形資產12,000千元。
A30: 投資活動之淨現金流入（流出） | B30: =SUM(B24:B29) -> -1096676
A31: 籌資活動之現金流量
A32: 增加短期債務、流動金融負債及其他負債 | B32: 0 | C32: 係增加其他負債36,343,568千元。
A33: 減少短期債務、流動金融負債及其他負債 | B33: -900 | C33: 係減少其他負債900千元。
A34: 支付利息 | B34: 0 | C34: 支付利息千元。
A35: 其他籌資活動之現金流入 | C35: 配合本業務於111年5月1日開辦，由勞工保險職業災害部分及職業災害勞工保護部分之111年4月底現金及約當現金共計4,321,047千元，移列至本業務。
A36: 籌資活動之淨現金流入（流出） | B36: =SUM(B32:B35) -> -900
A37: 現金及約當現金之淨增（淨減） | B37: =B22+B30+B36 -> 144422
A38: 期初現金及約當現金 | B38: =3348956+2000 -> 3350956
A39: 期末現金及約當現金 | B39: =B37+B38 -> 3495378

Sheet 預計平衡表-職
A1: 勞 動 部 勞 工 保 險 局
A2: 勞 工 保 險 局 作 業 基 金
A3: 預計平衡表（勞職保及保護部分）
A4: 中華民國113年12月31日 單位：新臺幣千元
A5: 111年12月31日 實際數 | B5: 科目 | C5: 113年12月31日 預計數 | D5: 112年12月31日 預計數 | E5: 比較增減
A9: =A10+A15+A19+A17-1 -> 37731708 | B9: 資產 | C9: =C10+C15+C19+C17 -> 39277734 | D9: =D10+D15+D19+D17 -> 37694933 | E9: =E10+E15+E19+E17 -> 1582801
A10: =SUM(A11:A14) -> 23540751 | B10: 流動資產 | C10: =SUM(C11:C14) -> 24454104 | D10: =SUM(D11:D14) -> 23323424 | E10: =SUM(E11:E14) -> 1130680
A11: 3419312 | B11: 現金 | C11: =3487579+5799+2000 -> 3495378 | D11: =3348956+2000 -> 3350956 | E11: =C11-D11 -> 144422
A12: 18218800 | B12: 流動金融資產 | C12: 19225170 | D12: 18176490 | E12: =C12-D12 -> 1048680
A13: 1897469 | B13: 應收款項 | C13: 1727556 | D13: 1793978 | E13: =C13-D13 -> -66422
A14: 5170 | B14: 預付款項 | C14: 6000 | D14: 2000 | E14: =C14-D14 -> 4000
A15: =SUM(A16:A16) -> 14043371 | B15: 投資、長期應收款、貸墊款及準備金 | C15: =SUM(C16:C16) -> 14645936 | D15: =SUM(D16:D16) -> 14205937 | E15: =SUM(E16:E16) -> 439999
A16: 14043371 | B16: 非流動金融資產 | C16: 14645936 | D16: 14205937 | E16: =C16-D16 -> 439999
A17: =SUM(A18:A18) -> 15438 | B17: 無形資產 | C17: =SUM(C18:C18) -> 30148 | D17: =SUM(D18:D18) -> 23006 | E17: =SUM(E18:E18) -> 7142
A18: 15438 | B18: 無形資產 | C18: 30148 | D18: 23006 | E18: =C18-D18 -> 7142
A19: =SUM(A20:A20) -> 132149 | B19: 其他資產 | C19: =SUM(C20:C20) -> 147546 | D19: =SUM(D20:D20) -> 142566 | E19: =SUM(E20:E20) -> 4980
A20: 132149 | B20: 什項資產 | C20: 147546 | D20: 142566 | E20: =C20-D20 -> 4980
A21: =A9 -> 37731708 | B21: 合計 | C21: =C9 -> 39277734 | D21: =D9 -> 37694933 | E21: =E9 -> 1582801
A23: =A24+A27 -> 37731708 | B23: 負債 | C23: =C24+C27 -> 39277734 | D23: =D24+D27 -> 37694933 | E23: =E24+E27 -> 1582801
A24: =SUM(A25:A26) -> 405215 | B24: 流動負債 | C24: =SUM(C25:C26) -> 406715 | D24: =SUM(D25:D26) -> 407215 | E24: =SUM(E25:E26) -> -500
A25: 403789 | B25: 應付款項 | C25: 405289 | D25: 405789 | E25: =C25-D25 -> -500
A26: 1426 | B26: 預收款項 | C26: 1426 | D26: 1426 | E26: =C26-D26 -> 0
A27: =SUM(A28:A29) -> 37326493 | B27: 其他負債 | C27: =SUM(C28:C29) -> 38871019 | D27: =SUM(D28:D29) -> 37287718 | E27: =SUM(E28:E29) -> 1583301
A28: 37317607 | B28: 負債準備 | C28: =38854157+5799+2000 -> 38861956 | D28: =37275755+2000 -> 37277755 | E28: =C28-D28 -> 1584201
A29: 8886 | B29: 什項負債 | C29: 9063 | D29: 9963 | E29: =C29-D29 -> -900
A30: =A31 -> 0 | B30: 淨值 | C30: =C31 -> 0 | D30: =D31 -> 0 | E30: =E31 -> 0
A31: =A32 -> 0 | B31: 累積餘絀 | C31: =C32 -> 0 | D31: =D32 -> 0 | E31: =E32 -> 0
A32: 0 | B32: 累積賸餘 | C32: 0 | D32: 0 | E32: 0
A33: =A23+A30 -> 37731708 | B33: 合計 | C33: =C23+C30 -> 39277734 | D33: =D23+D30 -> 37694933 | E33: =E23+E30 -> 1582801
A34: 註：本年度信託代理與保證資產（負債）預計為5,950千元，係包括（應付）保證品298千元及應收（受託）代收款5,652千元。
